Workbook

Sheet Hoja
A1: Identificacion | B1: Numero Documento | C1: Fecha de Registro | D1: Fecha de pago | E1: Estado | F1: Valor Bruto | G1: Valor Deducciones | H1: Valor Neto | I1: Tipo Beneficiario | J1: Vigencia Presupuestal | K1: Tipo Identificacion | L1: Identificacion | M1: Nombre Razon Social | N1: Medio de Pago | O1: Tipo Cuenta | P1: Numero Cuenta | Q1: Estado Cuenta | R1: Entidad Nit | S1: Entidad Descripcion | T1: Dependencia | U1: Dependencia Descripcion | V1: Rubro | W1: Descripcion | X1: Fuente | Y1: Recurso | Z1: Sit | AA1: Valor Pesos | AB1: Valor Moneda | AC1: Valor Reintegrado Pesos | AD1: Valor Reintegrado Moneda | AE1: Tesoreria Pagadora | AF1: Identificacion Pagaduria | AG1: Cuenta Pagaduria | AH1: Endosada | AI1: Tipo Identificacion | AJ1: Identificacion | AK1: Razon social | AL1: Numero Cuenta | AM1: Concepto Pago | AN1: Solicitud CDP | AO1: CDP | AP1: Compromisos | AQ1: Cuentas por Pagar | AR1: Fecha Cuentas por Pagar | AS1: Obligaciones | AT1: Ordenes de Pago | AU1: Reintegros | AV1: Fecha Doc Soporte Compromiso | AW1: Tipo Doc Soporte Compromiso | AX1: Num Doc Soporte Compromiso | AY1: Objeto del Compromiso | AZ1: SUPERVISOR | BA1: NÙMERO CONTRATO | BB1: Objeto
A2: 1036632753 | B2: 16003424 | C2: 2024-01-29 00:00:00 | D2: 2024-01-31 03:48:14 | E2: Pagada | F2: 1,400,000.00 | G2: 5,600.00 | H2: 1,394,400.00 | I2: Beneficiario final | J2: Actual | K2: Cédula de Ciudadanía | L2: 1036632753 | M2: GARCIA GARCIA ESTEBAN | N2: Abono en cuenta | O2: Ahorro | P2: 91230379373 | Q2: Activa | R2: 890903938 | S2: BANCOLOMBIA S.A. | T2: 940210 | U2: CENTRO DE SERVICIOS Y GESTION EMPRESARIAL - ANTIOQUIA | V2: C-3603-1300-15-20305C-3603025-02 | W2: ADQUIS. DE BYS - SERVICIO DE FORMACIÓN PROFESIONAL INTEGRAL - FORTALECIMIENTO DEL SERVICIO DE FORMACIÓN PROFESIONAL DEL SENA NACIONAL | X2: Nación | Y2: RECURSOS CORRIENTES | Z2: CSF | AA2: 1,400,000.00 | AB2: 0.00 | AC2: 0.00 | AD2: 0.00 | AE2: 13-01-01-DT | AH2: No | AM2: PAGO PRESTACION SERVICIOS MES DE ENERO CTO No, CO1PCCNTR5747211DE GARCIA GARCIA ESTEBAN | AN2: 124 | AO2: 124 | AP2: 624 | AQ2: 0 | AS2: 2224 | AT2: 16003424 | AU2: 0 | AV2: 2024-01-16 00:00:00 | AW2: CONTRATO DE PRESTACION DE SERVICIOS - PROFESIONALES | AX2: CO1.PCCNTR.5747211 | AY2: SERVICIOS PERSONALES - PRESTAR SERVICIOS COMO APOYO EN LA GESTIÓN DE LAS TECNOLOGÍAS DE LA INFORMACIÓN Y LAS COMUNICACIONES DEL CENTRO DE SERVICIOS Y GESTIÓN EMPRESARIAL | AZ2: =VLOOKUP(A2,Hoja1!A1:BM435,45,FALSE) -> JORGE ELEAZAR CHALARCA BEDOYA | BA2: =VLOOKUP(A2,Hoja1!A:BM,7,FALSE) -> 5747211 | BB2: =VLOOKUP(A2,Hoja1!A:BM,10,FALSE) -> SERVICIOS PERSONALES - PRESTAR SERVICIOS COMO APOYO EN LA GESTIÓN DE LAS TECNOLOGÍAS DE LA INFORMACIÓN Y LAS COMUNICACIONES DEL CENTRO DE SERVICIOS Y GESTIÓN EMPRESARIAL
A3: 32299610 | B3: 16003624 | C3: 2024-01-29 00:00:00 | D3: 2024-01-31 03:47:38 | E3: Pagada | F3: 1,477,500.00 | G3: 5,910.00 | H3: 1,471,590.00 | I3: Beneficiario final | J3: Actual | K3: Cédula de Ciudadanía | L3: 32299610 | M3: GARZON CARDONA LEIDI YOHANA | N3: Abono en cuenta | O3: Ahorro | P3: 95800015589 | Q3: Activa | R3: 890903938 | S3: BANCOLOMBIA S.A. | T3: 940210 | U3: CENTRO DE SERVICIOS Y GESTION EMPRESARIAL - ANTIOQUIA | V3: C-3603-1300-15-20305C-3603025-02 | W3: ADQUIS. DE BYS - SERVICIO DE FORMACIÓN PROFESIONAL INTEGRAL - FORTALECIMIENTO DEL SERVICIO DE FORMACIÓN PROFESIONAL DEL SENA NACIONAL | X3: Nación | Y3: RECURSOS CORRIENTES | Z3: CSF | AA3: 1,477,500.00 | AB3: 0.00 | AC3: 0.00 | AD3: 0.00 | AE3: 13-01-01-DT | AH3: No | AM3: PAGO PRESTACION SERVICIOS MES DE ENERO CTO No, CO1PCCNTR5746853DE GARZON CARDONA LEIDI YOHANA | AN3: 124 | AO3: 124 | AP3: 424 | AQ3: 0 | AS3: 2324 | AT3: 16003624 | AU3: 0 | AV3: 2024-01-16 00:00:00 | AW3: CONTRATO DE PRESTACION DE SERVICIOS - PROFESIONALES | AX3: CO1.PCCNTR.5746853 | AY3: SERVICIOS PERSONALES - PRESTAR SERVICIOS PERSONALES PARA APOYAR EN LA GESTIÓN CONTRACTUAL DEL CENTRO DE SERVICIOS Y GESTIÓN EMPRESARIAL | AZ3: =VLOOKUP(A3,Hoja1!A2:BM436,45,FALSE) -> MONICA ALEXANDRA ARROYAVE SALDARRIAGA | BA3: =VLOOKUP(A3,Hoja1!A:BM,7,FALSE) -> 5746853 | BB3: =VLOOKUP(A3,Hoja1!A:BM,10,FALSE) -> SERVICIOS PERSONALES - PRESTAR SERVICIOS PERSONALES PARA APOYAR EN LA GESTIÓN CONTRACTUAL DEL CENTRO DE SERVICIOS Y GESTIÓN EMPRESARIAL
A4: 84084385 | B4: 16003824 | C4: 2024-01-29 00:00:00 | D4: 2024-01-31 03:42:03 | E4: Pagada | F4: 2,773,333.00 | G4: 11,093.00 | H4: 2,762,240.00 | I4: Beneficiario final | J4: Actual | K4: Cédula de Ciudadanía | L4: 84084385 | M4: SOCARRAZ BERTY LUIS AUGUSTO | N4: Abono en cuenta | O4: Ahorro | P4: 95849617126 | Q4: Activa | R4: 890903938 | S4: BANCOLOMBIA S.A. | T4: 940210 | U4: CENTRO DE SERVICIOS Y GESTION EMPRESARIAL - ANTIOQUIA | V4: C-3603-1300-15-20305C-3603025-02 | W4: ADQUIS. DE BYS - SERVICIO DE FORMACIÓN PROFESIONAL INTEGRAL - FORTALECIMIENTO DEL SERVICIO DE FORMACIÓN PROFESIONAL DEL SENA NACIONAL | X4: Nación | Y4: RECURSOS CORRIENTES | Z4: CSF | AA4: 2,773,333.00 | AB4: 0.00 | AC4: 0.00 | AD4: 0.00 | AE4: 13-01-01-DT | AH4: No | AM4: PAGO PRESTACION SERVICIOS MES DE ENERO CTO No, CO1PCCNTR5741551DE SOCARRAZ BERTY LUIS AUGUSTO | AN4: 124 | AO4: 124 | AP4: 124 | AQ4: 0 | AS4: 2424 | AT4: 16003824 | AU4: 0 | AV4: 2024-01-15 00:00:00 | AW4: CONTRATO DE PRESTACION DE SERVICIOS - PROFESIONALES | AX4: CO1.PCCNTR.5741551 | AY4: SERVICIOS PERSONALES - PRESTAR SERVICIOS PROFESIONALES PARA EL SEGUIMIENTO FINANCIERO Y EJECUCIÓN PRESUPUESTAL DEL CENTRO DE SERVICIOS Y GESTIÓN EMPRESARIAL | AZ4: =VLOOKUP(A4,Hoja1!A3:BM437,45,FALSE) -> #N/A | BA4: =VLOOKUP(A4,Hoja1!A:BM,7,FALSE) -> 5741551 | BB4: =VLOOKUP(A4,Hoja1!A:BM,10,FALSE) -> SERVICIOS PERSONALES - PRESTAR SERVICIOS PROFESIONALES PARA EL SEGUIMIENTO FINANCIERO Y EJECUCIÓN PRESUPUESTAL DEL CENTRO DE SERVICIOS Y GESTIÓN EMPRESARIAL
A5: 1017125222 | B5: 16004124 | C5: 2024-01-29 00:00:00 | D5: 2024-01-31 03:43:00 | E5: Pagada | F5: 2,100,000.00 | G5: 8,400.00 | H5: 2,091,600.00 | I5: Beneficiario final | J5: Actual | K5: Cédula de Ciudadanía | L5: 1017125222 | M5: GOMEZ PARRA JOHN ALEJANDRO | N5: Abono en cuenta | O5: Ahorro | P5: 10282359550 | Q5: Activa | R5: 890903938 | S5: BANCOLOMBIA S.A. | T5: 940210 | U5: CENTRO DE SERVICIOS Y GESTION EMPRESARIAL - ANTIOQUIA | V5: C-3603-1300-15-20305C-3603025-02 | W5: ADQUIS. DE BYS - SERVICIO DE FORMACIÓN PROFESIONAL INTEGRAL - FORTALECIMIENTO DEL SERVICIO DE FORMACIÓN PROFESIONAL DEL SENA NACIONAL | X5: Nación | Y5: RECURSOS CORRIENTES | Z5: CSF | AA5: 2,100,000.00 | AB5: 0.00 | AC5: 0.00 | AD5: 0.00 | AE5: 13-01-01-DT | AH5: No | AM5: PAGO PRESTACION SERVICIOS MES DE ENERO CTO No, CO1PCCNTR5754387DE GOMEZ PARRA JOHN ALEJANDRO | AN5: 124 | AO5: 124 | AP5: 1424 | AQ5: 0 | AS5: 2524 | AT5: 16004124 | AU5: 0 | AV5: 2024-01-17 00:00:00 | AW5: CONTRATO DE PRESTACION DE SERVICIOS - PROFESIONALES | AX5: CO1.PCCNTR.5754387 | AY5: SERVICIOS PERSONALES - PRESTAR LOS SERVICIOS PROFESIONALES PARA APOYAR LA FORMULACIÓN, GESTIÓN Y SEGUIMIENTO DE LAS POLÍTICAS, ESTRATEGIAS, PROCESOS, PLANES, PROGRAMAS Y PROYECTOS DEL CENTRO DE FORMACIÓN | AZ5: =VLOOKUP(A5,Hoja1!A4:BM438,45,FALSE) -> MONICA ALEXANDRA ARROYAVE SALDARRIAGA | BA5: =VLOOKUP(A5,Hoja1!A:BM,7,FALSE) -> 5754387 | BB5: =VLOOKUP(A5,Hoja1!A:BM,10,FALSE) -> SERVICIOS PERSONALES - PRESTAR LOS SERVICIOS PROFESIONALES PARA APOYAR LA FORMULACIÓN, GESTIÓN Y SEGUIMIENTO DE LAS POLÍTICAS, ESTRATEGIAS, PROCESOS, PLANES, PROGRAMAS Y PROYECTOS DEL CENTRO DE FORMACIÓN
A6: 1214733169 | B6: 16004424 | C6: 2024-01-29 00:00:00 | D6: 2024-01-31 03:47:21 | E6: Pagada | F6: 1,840,000.00 | G6: 7,360.00 | H6: 1,832,640.00 | I6: Beneficiario final | J6: Actual | K6: Cédula de Ciudadanía | L6: 1214733169 | M6: LOPEZ ROJO YORLEIDYS | N6: Abono en cuenta | O6: Ahorro | P6: 24533037841 | Q6: Activa | R6: 890903938 | S6: BANCOLOMBIA S.A. | T6: 940210 | U6: CENTRO DE SERVICIOS Y GESTION EMPRESARIAL - ANTIOQUIA | V6: C-3603-1300-15-20305C-3603025-02 | W6: ADQUIS. DE BYS - SERVICIO DE FORMACIÓN PROFESIONAL INTEGRAL - FORTALECIMIENTO DEL SERVICIO DE FORMACIÓN PROFESIONAL DEL SENA NACIONAL | X6: Nación | Y6: RECURSOS CORRIENTES | Z6: CSF | AA6: 1,840,000.00 | AB6: 0.00 | AC6: 0.00 | AD6: 0.00 | AE6: 13-01-01-DT | AH6: No | AM6: PAGO PRESTACION SERVICIOS MES DE ENERO CTO No, CO1PCCNTR5741743DE LOPEZ ROJO YORLEIDYS | AN6: 124 | AO6: 124 | AP6: 224 | AQ6: 0 | AS6: 2624 | AT6: 16004424 | AU6: 0 | AV6: 2024-01-15 00:00:00 | AW6: CONTRATO DE PRESTACION DE SERVICIOS - PROFESIONALES | AX6: CO1.PCCNTR.5741743 | AY6: SERVICIOS PERSONALES - PRESTAR SERVICIOS COMO APOYO A LA GESTIÓN ADMINISTRATIVA Y DOCUMENTAL DEL CENTRO DE SERVICIOS Y GESTIÓN EMPRESARIAL | AZ6: =VLOOKUP(A6,Hoja1!A5:BM439,45,FALSE) -> #N/A | BA6: =VLOOKUP(A6,Hoja1!A:BM,7,FALSE) -> 5741743 | BB6: =VLOOKUP(A6,Hoja1!A:BM,10,FALSE) -> SERVICIOS PERSONALES - PRESTAR SERVICIOS COMO APOYO A LA GESTIÓN ADMINISTRATIVA Y DOCUMENTAL DEL CENTRO DE SERVICIOS Y GESTIÓN EMPRESARIAL
A7: 1035225542 | B7: 16004724 | C7: 2024-01-29 00:00:00 | D7: 2024-01-31 03:43:05 | E7: Pagada | F7: 953,333.00 | G7: 3,813.00 | H7: 949,520.00 | I7: Beneficiario final | J7: Actual | K7: Cédula de Ciudadanía | L7: 1035225542 | M7: GAVIRIA MARIN SEBASTIAN | N7: Abono en cuenta | O7: Ahorro | P7: 51155779521 | Q7: Activa | R7: 890903938 | S7: BANCOLOMBIA S.A. | T7: 940228 | U7: CENTRO DE SERVICIOS Y GESTION EMPRESARIAL-CERTIFICACION COMPETENCIAS LABORALES | V7: C-3603-1300-17-20305C-3603005-02 | W7: ADQUIS. DE BYS - SERVICIO DE CERTIFICACIÓN DE DESEMPEÑO LABORAL - FORTALECIMIENTO DE LOS PROCESOS DE GESTIÓN INSTITUCIONAL PARA LA IDENTIFICACIÓN Y CIERRE DE BRECHAS DE CAPITAL HUMANO NACIONAL | X7: Nación | Y7: RECURSOS CORRIENTES | Z7: CSF | AA7: 953,333.00 | AB7: 0.00 | AC7: 0.00 | AD7: 0.00 | AE7: 13-01-01-DT | AH7: No | AM7: PAGO PRESTACION SERVICIOS MES DE ENERO CTO No, CO1PCCNTR5769861DE GAVIRIA MARIN SEBASTIAN | AN7: 624 | AO7: 624 | AP7: 1924 | AQ7: 0 | AS7: 2724 | AT7: 16004724 | AU7: 0 | AV7: 2024-01-19 00:00:00 | AW7: CONTRATO DE PRESTACION DE SERVICIOS - PROFESIONALES | AX7: CO1.PCCNTR.5769861 | AY7: SERVICIS PERSONALES - PRESTAR LOS SERVICIOS PERSONALES DE APOYO A LA GESTIÓN, EN LOS ASPECTOS ADMINISTRATIVOS PARA EL DESARROLLO DE LAS FASES DEL PROCESO GESTIÓN DE EVALUACIÓN Y CERTIFICACIÓN DE COMPETENCIAS LABORALES DEL SENA | AZ7: =VLOOKUP(A7,Hoja1!A6:BM440,45,FALSE) -> LUIS HERNAN OCAMPO HINCAPIE | BA7: =VLOOKUP(A7,Hoja1!A:BM,7,FALSE) -> 5769861 | BB7: =VLOOKUP(A7,Hoja1!A:BM,10,FALSE) -> SERVICIS PERSONALES - PRESTAR LOS SERVICIOS PERSONALES DE APOYO A LA GESTIÓN, EN LOS ASPECTOS ADMINISTRATIVOS PARA EL DESARROLLO DE LAS FASES DEL PROCESO GESTIÓN DE EVALUACIÓN Y CERTIFICACIÓN DE COMPETENCIAS LABORALES DEL SENA
A8: 43747198 | B8: 16005024 | C8: 2024-01-29 00:00:00 | D8: 2024-01-31 03:46:37 | E8: Pagada | F8: 1,866,667.00 | G8: 7,467.00 | H8: 1,859,200.00 | I8: Beneficiario final | J8: Actual | K8: Cédula de Ciudadanía | L8: 43747198 | M8: ARENAS CANO OLGA LUCIA | N8: Abono en cuenta | O8: Ahorro | P8: 10072547966 | Q8: Activa | R8: 890903938 | S8: BANCOLOMBIA S.A. | T8: 940210 | U8: CENTRO DE SERVICIOS Y GESTION EMPRESARIAL - ANTIOQUIA | V8: C-3603-1300-15-20305C-3603025-02 | W8: ADQUIS. DE BYS - SERVICIO DE FORMACIÓN PROFESIONAL INTEGRAL - FORTALECIMIENTO DEL SERVICIO DE FORMACIÓN PROFESIONAL DEL SENA NACIONAL | X8: Nación | Y8: RECURSOS CORRIENTES | Z8: CSF | AA8: 1,866,667.00 | AB8: 0.00 | AC8: 0.00 | AD8: 0.00 | AE8: 13-01-01-DT | AH8: No | AM8: PAGO PRESTACION SERVICIOS MES DE ENERO CTO No, CO1PCCNTR5753699DE ARENAS CANO OLGA LUCIA | AN8: 124 | AO8: 124 | AP8: 1324 | AQ8: 0 | AS8: 2824 | AT8: 16005024 | AU8: 0 | AV8: 2024-01-17 00:00:00 | AW8: CONTRATO DE PRESTACION DE SERVICIOS - PROFESIONALES | AX8: CO1.PCCNTR.5753699 | AY8: SERVICIOS PERSONALES PRESTAR SERVICIOS PROFESIONALES DE APOYO A LA GESTIÓN EN LOS PROCESOS DEL ALMACÉN E INVENTARIOS DEL CENTRO DE SERVICIOS Y GESTIÓN EMPRESARIAL | AZ8: =VLOOKUP(A8,Hoja1!A7:BM441,45,FALSE) -> GERSON RINCON MARTINEZ | BA8: =VLOOKUP(A8,Hoja1!A:BM,7,FALSE) -> 5753699 | BB8: =VLOOKUP(A8,Hoja1!A:BM,10,FALSE) -> SERVICIOS PERSONALES PRESTAR SERVICIOS PROFESIONALES DE APOYO A LA GESTIÓN EN LOS PROCESOS DEL ALMACÉN E INVENTARIOS DEL CENTRO DE SERVICIOS Y GESTIÓN EMPRESARIAL
A9: 43750032 | B9: 16005624 | C9: 2024-01-29 00:00:00 | D9: 2024-01-31 03:45:04 | E9: Pagada | F9: 1,343,333.00 | G9: 5,373.00 | H9: 1,337,960.00 | I9: Beneficiario final | J9: Actual | K9: Cédula de Ciudadanía | L9: 43750032 | M9: MORALES SANCHEZ ALEXANDRA MARIA | N9: Abono en cuenta | O9: Ahorro | P9: 10192622217 | Q9: Activa | R9: 890903938 | S9: BANCOLOMBIA S.A. | T9: 940210 | U9: CENTRO DE SERVICIOS Y GESTION EMPRESARIAL - ANTIOQUIA | V9: C-3603-1300-15-20305C-3603025-02 | W9: ADQUIS. DE BYS - SERVICIO DE FORMACIÓN PROFESIONAL INTEGRAL - FORTALECIMIENTO DEL SERVICIO DE FORMACIÓN PROFESIONAL DEL SENA NACIONAL | X9: Nación | Y9: RECURSOS CORRIENTES | Z9: CSF | AA9: 1,343,333.00 | AB9: 0.00 | AC9: 0.00 | AD9: 0.00 | AE9: 13-01-01-DT | AH9: No | AM9: PAGO PRESTACION SERVICIOS MES DE ENERO CTO No, CO1PCCNTR5754867DE MORALES SANCHEZ ALEXANDRA MARIA | AN9: 124 | AO9: 124 | AP9: 1724 | AQ9: 0 | AS9: 2924 | AT9: 16005624 | AU9: 0 | AV9: 2024-01-18 00:00:00 | AW9: CONTRATO DE PRESTACION DE SERVICIOS - PROFESIONALES | AX9: CO1.PCCNTR.5754867 | AY9: SERVICIOS PERSONALES - PRESTAR SERVICIOS COMO APOYO EN LA GESTIÓN ADMINISTRATIVA Y OPERACIONAL EN LA GESTIÓN DE LA EJECUCIÓN DE LA FORMACIÓN PROFESIONAL INTEGRAL. | AZ9: =VLOOKUP(A9,Hoja1!A8:BM442,45,FALSE) -> GERSON RINCON MARTINEZ | BA9: =VLOOKUP(A9,Hoja1!A:BM,7,FALSE) -> 5754867 | BB9: =VLOOKUP(A9,Hoja1!A:BM,10,FALSE) -> SERVICIOS PERSONALES - PRESTAR SERVICIOS COMO APOYO EN LA GESTIÓN ADMINISTRATIVA Y OPERACIONAL EN LA GESTIÓN DE LA EJECUCIÓN DE LA FORMACIÓN PROFESIONAL INTEGRAL.
A10: 71378371 | B10: 16005924 | C10: 2024-01-29 00:00:00 | D10: 2024-01-31 03:46:43 | E10: Pagada | F10: 1,913,261.00 | G10: 7,653.00 | H10: 1,905,608.00 | I10: Beneficiario final | J10: Actual | K10: Cédula de Ciudadanía | L10: 71378371 | M10: ALZATE GARCIA ANDRES FELIPE | N10: Abono en cuenta | O10: Ahorro | P10: 27771901447 | Q10: Activa | R10: 890903938 | S10: BANCOLOMBIA S.A. | T10: 940210 | U10: CENTRO DE SERVICIOS Y GESTION EMPRESARIAL - ANTIOQUIA | V10: C-3603-1300-15-20305C-3603025-02 | W10: ADQUIS. DE BYS - SERVICIO DE FORMACIÓN PROFESIONAL INTEGRAL - FORTALECIMIENTO DEL SERVICIO DE FORMACIÓN PROFESIONAL DEL SENA NACIONAL | X10: Nación | Y10: RECURSOS CORRIENTES | Z10: CSF | AA10: 1,913,261.00 | AB10: 0.00 | AC10: 0.00 | AD10: 0.00 | AE10: 13-01-01-DT | AH10: No | AM10: PAGO PRESTACION SERVICIOS MES DE ENERO CTO No, CO1PCCNTR5755239DE ALZATE GARCIA ANDRES FELIPE | AN10: 124 | AO10: 124 | AP10: 1624 | AQ10: 0 | AS10: 3024 | AT10: 16005924 | AU10: 0 | AV10: 2024-01-18 00:00:00 | AW10: CONTRATO DE PRESTACION DE SERVICIOS - PROFESIONALES | AX10: CO1.PCCNTR.5755239 | AY10: SERVICIOS PERSONALES - PRESTAR LOS SERVICIOS PROFESIONALES PARA APOYAR EL MONITOREO, GESTIÓN Y FORTALECIMIENTO DE LOS SISTEMAS DE GESTIÓN AMBIENTAL Y DE EFICIENCIA ENERGÉTICA, BAJO LAS NORMAS TÉCNICAS ISO 14001 E ISO 50001, COMO DINAMIZADOR AMBIENTAL | AZ10: =VLOOKUP(A10,Hoja1!A9:BM443,45,FALSE) -> GERSON RINCON MARTINEZ | BA10: =VLOOKUP(A10,Hoja1!A:BM,7,FALSE) -> 5755239 | BB10: =VLOOKUP(A10,Hoja1!A:BM,10,FALSE) -> SERVICIOS PERSONALES - PRESTAR LOS SERVICIOS PROFESIONALES PARA APOYAR EL MONITOREO, GESTIÓN Y FORTALECIMIENTO DE LOS SISTEMAS DE GESTIÓN AMBIENTAL Y DE EFICIENCIA ENERGÉTICA, BAJO LAS NORMAS TÉCNICAS ISO 14001 E ISO 50001, COMO DINAMIZADOR AMBIENTAL
A11: 39450570 | B11: 16006924 | C11: 2024-01-29 00:00:00 | D11: 2024-01-31 03:48:08 | E11: Pagada | F11: 1,379,000.00 | G11: 5,516.00 | H11: 1,373,484.00 | I11: Beneficiario final | J11: Actual | K11: Cédula de Ciudadanía | L11: 39450570 | M11: ARBELAEZ ORTIZ NAIDU | N11: Abono en cuenta | O11: Ahorro | P11: 41231949940 | Q11: Activa | R11: 890903938 | S11: BANCOLOMBIA S.A. | T11: 940210 | U11: CENTRO DE SERVICIOS Y GESTION EMPRESARIAL - ANTIOQUIA | V11: C-3603-1300-15-20305C-3603025-02 | W11: ADQUIS. DE BYS - SERVICIO DE FORMACIÓN PROFESIONAL INTEGRAL - FORTALECIMIENTO DEL SERVICIO DE FORMACIÓN PROFESIONAL DEL SENA NACIONAL | X11: Nación | Y11: RECURSOS CORRIENTES | Z11: CSF | AA11: 1,379,000.00 | AB11: 0.00 | AC11: 0.00 | AD11: 0.00 | AE11: 13-01-01-DT | AH11: No | AM11: PAGO PRESTACION SERVICIOS MES DE ENERO CTO No, CO1PCCNTR5747426DE ARBELAEZ ORTIZ NAIDU | AN11: 124 | AO11: 124 | AP11: 824 | AQ11: 0 | AS11: 3124 | AT11: 16006924 | AU11: 0 | AV11: 2024-01-16 00:00:00 | AW11: CONTRATO DE PRESTACION DE SERVICIOS - PROFESIONALES | AX11: CO1.PCCNTR.5747426 | AY11: SERVICIOS PERSONALES - PRESTAR SERVICIOS COMO APOYO A LA GESTIÓN DEL SISTEMA DE INFORMACIÓN ACADÉMICO | AZ11: =VLOOKUP(A11,Hoja1!A10:BM444,45,FALSE) -> #N/A | BA11: =VLOOKUP(A11,Hoja1!A:BM,7,FALSE) -> 5747426 | BB11: =VLOOKUP(A11,Hoja1!A:BM,10,FALSE) -> SERVICIOS PERSONALES - PRESTAR SERVICIOS COMO APOYO A LA GESTIÓN DEL SISTEMA DE INFORMACIÓN ACADÉMICO
A12: 1035223515 | B12: 16007124 | C12: 2024-01-29 00:00:00 | D12: 2024-01-31 03:43:43 | E12: Pagada | F12: 886,500.00 | G12: 3,546.00 | H12: 882,954.00 | I12: Beneficiario final | J12: Actual | K12: Cédula de Ciudadanía | L12: 1035223515 | M12: AGUDELO ZAPATA MARCELA ALEXANDRA | N12: Abono en cuenta | O12: Ahorro | P12: 65136459141 | Q12: Activa | R12: 890903938 | S12: BANCOLOMBIA S.A. | T12: 940210 | U12: CENTRO DE SERVICIOS Y GESTION EMPRESARIAL - ANTIOQUIA | V12: C-3603-1300-15-20305C-3603025-02 | W12: ADQUIS. DE BYS - SERVICIO DE FORMACIÓN PROFESIONAL INTEGRAL - FORTALECIMIENTO DEL SERVICIO DE FORMACIÓN PROFESIONAL DEL SENA NACIONAL | X12: Nación | Y12: RECURSOS CORRIENTES | Z12: CSF | AA12: 886,500.00 | AB12: 0.00 | AC12: 0.00 | AD12: 0.00 | AE12: 13-01-01-DT | AH12: No | AM12: PAGO PRESTACION SERVICIOS MES DE ENERO CTO No, CO1PCCNTR5753356DE AGUDELO ZAPATA MARCELA ALEXANDRA | AN12: 124 | AO12: 124 | AP12: 2024 | AQ12: 0 | AS12: 3224 | AT12: 16007124 | AU12: 0 | AV12: 2024-01-19 00:00:00 | AW12: CONTRATO DE PRESTACION DE SERVICIOS - PROFESIONALES | AX12: CO1.PCCNTR.5753356 | AY12: SERVICIOS PERSONALES - PRESTAR SERVICIOS COMO APOYO A LA GESTIÓN EN LA OPERACIÓN DEL APLICATIVO ON-BASE, SOFIAPLUS Y ATENCIÓN AL CIUDADANO | AZ12: =VLOOKUP(A12,Hoja1!A11:BM445,45,FALSE) -> MARTHA CECILIA ARISTIZABAL OSORIO | BA12: =VLOOKUP(A12,Hoja1!A:BM,7,FALSE) -> 5753356 | BB12: =VLOOKUP(A12,Hoja1!A:BM,10,FALSE) -> SERVICIOS PERSONALES - PRESTAR SERVICIOS COMO APOYO A LA GESTIÓN EN LA OPERACIÓN DEL APLICATIVO ON-BASE, SOFIAPLUS Y ATENCIÓN AL CIUDADANO
A13: 1037974087 | B13: 16007224 | C13: 2024-01-29 00:00:00 | D13: 2024-01-31 03:48:08 | E13: Pagada | F13: 1,379,000.00 | G13: 5,516.00 | H13: 1,373,484.00 | I13: Beneficiario final | J13: Actual | K13: Cédula de Ciudadanía | L13: 1037974087 | M13: TORRES VALENCIA JESUS DAVID | N13: Abono en cuenta | O13: Ahorro | P13: 00348916262 | Q13: Activa | R13: 890903938 | S13: BANCOLOMBIA S.A. | T13: 940210 | U13: CENTRO DE SERVICIOS Y GESTION EMPRESARIAL - ANTIOQUIA | V13: C-3603-1300-15-20305C-3603025-02 | W13: ADQUIS. DE BYS - SERVICIO DE FORMACIÓN PROFESIONAL INTEGRAL - FORTALECIMIENTO DEL SERVICIO DE FORMACIÓN PROFESIONAL DEL SENA NACIONAL | X13: Nación | Y13: RECURSOS CORRIENTES | Z13: CSF | AA13: 1,379,000.00 | AB13: 0.00 | AC13: 0.00 | AD13: 0.00 | AE13: 13-01-01-DT | AH13: No | AM13: PAGO PRESTACION SERVICIOS MES DE ENERO CTO No, CO1PCCNTR5748879DE TORRES VALENCIA JESUS DAVID | AN13: 124 | AO13: 124 | AP13: 1124 | AQ13: 0 | AS13: 3324 | AT13: 16007224 | AU13: 0 | AV13: 2024-01-17 00:00:00 | AW13: CONTRATO DE PRESTACION DE SERVICIOS - PROFESIONALES | AX13: CO1.PCCNTR.5748879 | AY13: SERVICIOS PERSONALES - PRESTAR SERVICIOS COMO APOYO A LA GESTIÓN DEL SISTEMA DE INFORMACIÓN ACADÉMICO | AZ13: =VLOOKUP(A13,Hoja1!A12:BM446,45,FALSE) -> #N/A | BA13: =VLOOKUP(A13,Hoja1!A:BM,7,FALSE) -> 5748879 | BB13: =VLOOKUP(A13,Hoja1!A:BM,10,FALSE) -> SERVICIOS PERSONALES - PRESTAR SERVICIOS COMO APOYO A LA GESTIÓN DEL SISTEMA DE INFORMACIÓN ACADÉMICO
... A18: 43633863 | B18: 16008424 | C18: 2024-01-29 00:00:00 | D18: 2024-01-31 03:47:55 | E18: Pagada | F18: 1,586,667.00 | G18: 6,347.00 | H18: 1,580,320.00 | I18: Beneficiario final | J18: Actual | K18: Cédula de Ciudadanía | L18: 43633863 | M18: CARDONA OSSA LINA MARCELA | N18: Abono en cuenta | O18: Ahorro | P18: 10125210084 | Q18: Activa | R18: 890903938 | S18: BANCOLOMBIA S.A. | T18: 940210 | U18: CENTRO DE SERVICIOS Y GESTION EMPRESARIAL - ANTIOQUIA | V18: C-3603-1300-15-20305C-3603025-02 | W18: ADQUIS. DE BYS - SERVICIO DE FORMACIÓN PROFESIONAL INTEGRAL - FORTALECIMIENTO DEL SERVICIO DE FORMACIÓN PROFESIONAL DEL SENA NACIONAL | X18: Nación | Y18: RECURSOS CORRIENTES | Z18: CSF | AA18: 1,586,667.00 | AB18: 0.00 | AC18: 0.00 | AD18: 0.00 | AE18: 13-01-01-DT | AH18: No | AM18: PAGO PRESTACION SERVICIOS MES DE ENERO CTO No, CO1PCCNTR5746984DE CARDONA OSSA LINA MARCELA | AN18: 124 | AO18: 124 | AP18: 724 | AQ18: 0 | AS18: 3824 | AT18: 16008424 | AU18: 0 | AV18: 2024-01-16 00:00:00 | AW18: CONTRATO DE PRESTACION DE SERVICIOS - PROFESIONALES | AX18: CO1.PCCNTR.5746984 | AY18: SERVICIOS PERSONALES - PRESTAR SERVICIOS PROFESIONALES PARA LA GESTIÓN EN LA COORDINACIÓN ACADÉMICA COMO APOYO A LA SUPERVISIÓN DE LOS CONTRATOS DE SERVICIOS PERSONALES | AZ18: =VLOOKUP(A18,Hoja1!A17:BM451,45,FALSE) -> #N/A | BA18: =VLOOKUP(A18,Hoja1!A:BM,7,FALSE) -> 5746984 | BB18: =VLOOKUP(A18,Hoja1!A:BM,10,FALSE) -> SERVICIOS PERSONALES - PRESTAR SERVICIOS PROFESIONALES PARA LA GESTIÓN EN LA COORDINACIÓN ACADÉMICA COMO APOYO A LA SUPERVISIÓN DE LOS CONTRATOS DE SERVICIOS PERSONALES
A19: 32225255 | B19: 44788824 | C19: 2024-02-26 00:00:00 | D19: 2024-02-28 04:29:50 | E19: Pagada | F19: 3,720,833.00 | G19: 14,883.00 | H19: 3,705,950.00 | I19: Beneficiario final | J19: Actual | K19: Cédula de Ciudadanía | L19: 32225255 | M19: ARROYAVE MESA LILIANA DE LAS MISERICORDIAS | N19: Abono en cuenta | O19: Ahorro | P19: 64215957223 | Q19: Activa | R19: 890903938 | S19: BANCOLOMBIA S.A. | T19: 940211 | U19: CENTRO DE SERVICIOS Y GESTION EMPRESARIAL-INTEGRACION CON LA MEDIA | V19: C-3603-1300-15-20305C-3603025-02 | W19: ADQUIS. DE BYS - SERVICIO DE FORMACIÓN PROFESIONAL INTEGRAL - FORTALECIMIENTO DEL SERVICIO DE FORMACIÓN PROFESIONAL DEL SENA NACIONAL | X19: Propios | Y19: INGRESOS CORRIENTES | Z19: CSF | AA19: 3,720,833.00 | AB19: 0.00 | AC19: 0.00 | AD19: 0.00 | AE19: 13-01-01-DT | AH19: No | AM19: PAGO PRESTACION SERVICIOS MES DE FEBRERO CTO No, CO1,PCCNTR,5840535DE ARROYAVE MESA LILIANA DE LAS MISERICORDIAS | AN19: 1224 | AO19: 1224 | AP19: 21324 | AQ19: 0 | AS19: 21924 | AT19: 44788824 | AU19: 0 | AV19: 2024-02-06 00:00:00 | AW19: CONTRATO DE PRESTACION DE SERVICIOS - PROFESIONALES | AX19: CO1.PCCNTR.5840535 | AY19: INSTRUCTOR - PRESTAR SERVICIOS PERSONALES DE PARA PLANEAR Y ORIENTAR LA FORMACIÓN PROFESIONAL INTEGRAL, QUE PROGRAME EL CENTRO DE SERVICIOS Y GESTIÓN EMPRESARIAL EN LA ARTICULACION CON LA EDUCACION MEDIA | AZ19: =VLOOKUP(A19,Hoja1!A195:BM629,45,FALSE) -> #N/A | BA19: =VLOOKUP(A19,Hoja1!A:BM,7,FALSE) -> 5840535 | BB19: =VLOOKUP(A19,Hoja1!A:BM,10,FALSE) -> INSTRUCTOR - PRESTAR SERVICIOS PERSONALES DE PARA PLANEAR Y ORIENTAR LA FORMACIÓN PROFESIONAL INTEGRAL, QUE PROGRAME EL CENTRO DE SERVICIOS Y GESTIÓN EMPRESARIAL EN LA ARTICULACION CON LA EDUCACION MEDIA
A20: 1035919072 | B20: 16009124 | C20: 2024-01-29 00:00:00 | D20: 2024-01-31 03:43:15 | E20: Pagada | F20: 940,000.00 | G20: 3,760.00 | H20: 936,240.00 | I20: Beneficiario final | J20: Actual | K20: Cédula de Ciudadanía | L20: 1035919072 | M20: HERRERA SANCHEZ LINA MARIA | N20: Abono en cuenta | O20: Ahorro | P20: 02412349876 | Q20: Activa | R20: 890903938 | S20: BANCOLOMBIA S.A. | T20: 940228 | U20: CENTRO DE SERVICIOS Y GESTION EMPRESARIAL-CERTIFICACION COMPETENCIAS LABORALES | V20: C-3603-1300-17-20305C-3603005-02 | W20: ADQUIS. DE BYS - SERVICIO DE CERTIFICACIÓN DE DESEMPEÑO LABORAL - FORTALECIMIENTO DE LOS PROCESOS DE GESTIÓN INSTITUCIONAL PARA LA IDENTIFICACIÓN Y CIERRE DE BRECHAS DE CAPITAL HUMANO NACIONAL | X20: Nación | Y20: RECURSOS CORRIENTES | Z20: CSF | AA20: 940,000.00 | AB20: 0.00 | AC20: 0.00 | AD20: 0.00 | AE20: 13-01-01-DT | AH20: No | AM20: PAGO PRESTACION SERVICIOS MES DE ENERO CTO No, CO1PCCNTR5802085DE HERRERA SANCHEZ LINA MARIA | AN20: 724 | AO20: 724 | AP20: 2424 | AQ20: 0 | AS20: 4024 | AT20: 16009124 | AU20: 0 | AV20: 2024-01-24 00:00:00 | AW20: CONTRATO DE PRESTACION DE SERVICIOS - PROFESIONALES | AX20: CO1.PCCNTR.5802085 | AY20: SERVICIOS PERSONALES - PRESTAR TEMPORALMENTE LOS SERVICIOS PROFESIONALES, EN LA EVALUACIÓN Y CERTIFICACIÓN DE COMPETENCIAS LABORALES DEL SENA, Y CONSTRUCCIÓN Y REVISIÓN DE INSTRUMENTOS DE EVALUACIÓN, EN LAS FUNCIONES PRODUCTIVAS O ÁREAS CLAVE | AZ20: =VLOOKUP(A20,Hoja1!A19:BM453,45,FALSE) -> LUIS HERNAN OCAMPO HINCAPIE | BA20: =VLOOKUP(A20,Hoja1!A:BM,7,FALSE) -> 5802085 | BB20: =VLOOKUP(A20,Hoja1!A:BM,10,FALSE) -> SERVICIOS PERSONALES - PRESTAR TEMPORALMENTE LOS SERVICIOS PROFESIONALES, EN LA EVALUACIÓN Y CERTIFICACIÓN DE COMPETENCIAS LABORALES DEL SENA, Y CONSTRUCCIÓN Y REVISIÓN DE INSTRUMENTOS DE EVALUACIÓN, EN LAS FUNCIONES PRODUCTIVAS O ÁREAS CLAVE
A21: 71786984 | B21: 16009224 | C21: 2024-01-29 00:00:00 | D21: 2024-01-31 03:43:43 | E21: Pagada | F21: 886,500.00 | G21: 3,546.00 | H21: 882,954.00 | I21: Beneficiario final | J21: Actual | K21: Cédula de Ciudadanía | L21: 71786984 | M21: RODRIGUEZ MARIN CESAR AUGUSTO | N21: Abono en cuenta | O21: Ahorro | P21: 10362952189 | Q21: Activa | R21: 890903938 | S21: BANCOLOMBIA S.A. | T21: 940210 | U21: CENTRO DE SERVICIOS Y GESTION EMPRESARIAL - ANTIOQUIA | V21: C-3603-1300-15-20305C-3603025-02 | W21: ADQUIS. DE BYS - SERVICIO DE FORMACIÓN PROFESIONAL INTEGRAL - FORTALECIMIENTO DEL SERVICIO DE FORMACIÓN PROFESIONAL DEL SENA NACIONAL | X21: Nación | Y21: RECURSOS CORRIENTES | Z21: CSF | AA21: 886,500.00 | AB21: 0.00 | AC21: 0.00 | AD21: 0.00 | AE21: 13-01-01-DT | AH21: No | AM21: PAGO PRESTACION SERVICIOS MES DE ENERO CTO No, CO1PCCNTR5770902DE RODRIGUEZ MARIN CESAR AUGUSTO | AN21: 124 | AO21: 124 | AP21: 1824 | AQ21: 0 | AS21: 4124 | AT21: 16009224 | AU21: 0 | AV21: 2024-01-19 00:00:00 | AW21: CONTRATO DE PRESTACION DE SERVICIOS - PROFESIONALES | AX21: CO1.PCCNTR.5770902 | AY21: SERVICIOS PERSONALES - PRESTAR SERVICIOS COMO APOYO A LA GESTIÓN EN LA ADMINISTRACIÓN INTEGRAL DEL ECONOMATO DEL CENTRO DE SERVICIOS Y GESTIÓN EMPRESARIAL | AZ21: =VLOOKUP(A21,Hoja1!A20:BM454,45,FALSE) -> NICOLAS ESPINOSA SANTANA | BA21: =VLOOKUP(A21,Hoja1!A:BM,7,FALSE) -> 5770902 | BB21: =VLOOKUP(A21,Hoja1!A:BM,10,FALSE) -> SERVICIOS PERSONALES - PRESTAR SERVICIOS COMO APOYO A LA GESTIÓN EN LA ADMINISTRACIÓN INTEGRAL DEL ECONOMATO DEL CENTRO DE SERVICIOS Y GESTIÓN EMPRESARIAL
A22: 32225255 | B22: 81286324 | C22: 2024-03-20 00:00:00 | D22: 2024-03-22 04:18:09 | E22: Pagada | F22: 4,465,000.00 | G22: 17,860.00 | H22: 4,447,140.00 | I22: Beneficiario final | J22: Actual | K22: Cédula de Ciudadanía | L22: 32225255 | M22: ARROYAVE MESA LILIANA DE LAS MISERICORDIAS | N22: Abono en cuenta | O22: Ahorro | P22: 64215957223 | Q22: Activa | R22: 890903938 | S22: BANCOLOMBIA S.A. | T22: 940211 | U22: CENTRO DE SERVICIOS Y GESTION EMPRESARIAL-INTEGRACION CON LA MEDIA | V22: C-3603-1300-15-20305C-3603025-02 | W22: ADQUIS. DE BYS - SERVICIO DE FORMACIÓN PROFESIONAL INTEGRAL - FORTALECIMIENTO DEL SERVICIO DE FORMACIÓN PROFESIONAL DEL SENA NACIONAL | X22: Propios | Y22: INGRESOS CORRIENTES | Z22: CSF | AA22: 4,465,000.00 | AB22: 0.00 | AC22: 0.00 | AD22: 0.00 | AE22: 13-01-01-DT | AH22: No | AM22: PAGO PRESTACION SERVICIOS MES DE MARZO CTO No, CO1,PCCNTR,5840535DE ARROYAVE MESA LILIANA DE LAS MISERICORDIAS | AN22: 1224 | AO22: 1224 | AP22: 21324 | AQ22: 0 | AS22: 70024 | AT22: 81286324 | AU22: 0 | AV22: 2024-02-06 00:00:00 | AW22: CONTRATO DE PRESTACION DE SERVICIOS - PROFESIONALES | AX22: CO1.PCCNTR.5840535 | AY22: INSTRUCTOR - PRESTAR SERVICIOS PERSONALES DE PARA PLANEAR Y ORIENTAR LA FORMACIÓN PROFESIONAL INTEGRAL, QUE PROGRAME EL CENTRO DE SERVICIOS Y GESTIÓN EMPRESARIAL EN LA ARTICULACION CON LA EDUCACION MEDIA | AZ22: =VLOOKUP(A22,Hoja1!A664:BM1098,45,FALSE) -> #N/A | BA22: =VLOOKUP(A22,Hoja1!A:BM,7,FALSE) -> 5840535 | BB22: =VLOOKUP(A22,Hoja1!A:BM,10,FALSE) -> INSTRUCTOR - PRESTAR SERVICIOS PERSONALES DE PARA PLANEAR Y ORIENTAR LA FORMACIÓN PROFESIONAL INTEGRAL, QUE PROGRAME EL CENTRO DE SERVICIOS Y GESTIÓN EMPRESARIAL EN LA ARTICULACION CON LA EDUCACION MEDIA
A23: 32225255 | B23: 122186024 | C23: 2024-04-25 00:00:00 | D23: 2024-04-29 03:50:38 | E23: Pagada | F23: 4,465,000.00 | G23: 17,860.00 | H23: 4,447,140.00 | I23: Beneficiario final | J23: Actual | K23: Cédula de Ciudadanía | L23: 32225255 | M23: ARROYAVE MESA LILIANA DE LAS MISERICORDIAS | N23: Abono en cuenta | O23: Ahorro | P23: 64215957223 | Q23: Activa | R23: 890903938 | S23: BANCOLOMBIA S.A. | T23: 940211 | U23: CENTRO DE SERVICIOS Y GESTION EMPRESARIAL-INTEGRACION CON LA MEDIA | V23: C-3603-1300-15-20305C-3603025-02 | W23: ADQUIS. DE BYS - SERVICIO DE FORMACIÓN PROFESIONAL INTEGRAL - FORTALECIMIENTO DEL SERVICIO DE FORMACIÓN PROFESIONAL DEL SENA NACIONAL | X23: Propios | Y23: INGRESOS CORRIENTES | Z23: CSF | AA23: 4,465,000.00 | AB23: 0.00 | AC23: 0.00 | AD23: 0.00 | AE23: 13-01-01-DT | AH23: No | AM23: PAGO PRESTACION SERVICIOS MES DE ABRIL CTO No, CO1,PCCNTR,5840535DE ARROYAVE MESA LILIANA DE LAS MISERICORDIAS | AN23: 1224 | AO23: 1224 | AP23: 21324 | AQ23: 0 | AS23: 100024 | AT23: 122186024 | AU23: 0 | AV23: 2024-02-06 00:00:00 | AW23: CONTRATO DE PRESTACION DE SERVICIOS - PROFESIONALES | AX23: CO1.PCCNTR.5840535 | AY23: INSTRUCTOR - PRESTAR SERVICIOS PERSONALES DE PARA PLANEAR Y ORIENTAR LA FORMACIÓN PROFESIONAL INTEGRAL, QUE PROGRAME EL CENTRO DE SERVICIOS Y GESTIÓN EMPRESARIAL EN LA ARTICULACION CON LA EDUCACION MEDIA | AZ23: =VLOOKUP(A23,Hoja1!A954:BM1388,45,FALSE) -> #N/A | BA23: =VLOOKUP(A23,Hoja1!A:BM,7,FALSE) -> 5840535 | BB23: =VLOOKUP(A23,Hoja1!A:BM,10,FALSE) -> INSTRUCTOR - PRESTAR SERVICIOS PERSONALES DE PARA PLANEAR Y ORIENTAR LA FORMACIÓN PROFESIONAL INTEGRAL, QUE PROGRAME EL CENTRO DE SERVICIOS Y GESTIÓN EMPRESARIAL EN LA ARTICULACION CON LA EDUCACION MEDIA
A24: 43550197 | B24: 44766824 | C24: 2024-02-26 00:00:00 | D24: 2024-02-28 05:01:25 | E24: Pagada | F24: 592,000.00 | G24: 2,368.00 | H24: 589,632.00 | I24: Beneficiario final | J24: Actual | K24: Cédula de Ciudadanía | L24: 43550197 | M24: ARANGO PEREZ MARTHA INES | N24: Abono en cuenta | O24: Ahorro | P24: 03146855783 | Q24: Activa | R24: 890903938 | S24: BANCOLOMBIA S.A. | T24: 940210 | U24: CENTRO DE SERVICIOS Y GESTION EMPRESARIAL - ANTIOQUIA | V24: C-3603-1300-17-20305C-3603003-02 | W24: ADQUIS. DE BYS - DOCUMENTOS DE LINEAMIENTOS TÉCNICOS - FORTALECIMIENTO DE LOS PROCESOS DE GESTIÓN INSTITUCIONAL PARA LA IDENTIFICACIÓN Y CIERRE DE BRECHAS DE CAPITAL HUMANO NACIONAL | X24: Nación | Y24: RECURSOS CORRIENTES | Z24: CSF | AA24: 592,000.00 | AB24: 0.00 | AC24: 0.00 | AD24: 0.00 | AE24: 13-01-01-DT | AH24: No | AM24: PAGO PRESTACION SERVICIOS MES DE ENERO CTO No, CO1,PCCNTR,5796215DE ARANGO PEREZ MARTHA INES | AN24: 424 | AO24: 424 | AP24: 2324 | AQ24: 0 | AS24: 4524 | AT24: 44766824 | AU24: 0 | AV24: 2024-01-24 00:00:00 | AW24: CONTRATO DE PRESTACION DE SERVICIOS - PROFESIONALES | AX24: CO1.PCCNTR.5796215 | AY24: SERVICIOS PERSONALES - PRESTAR LOS SERVICIOS PERSONALES PARA APOYAR EN LA GESTIÓN DE LOS PROYECTOS, PLANES E INICIATIVAS DEL PROCESO DE GESTIÓN DE INSTANCIAS DE CONCERTACIÓN Y COMPETENCIAS LABORALES EN LOS CENTROS DE FORMACIÓN | AZ24: =VLOOKUP(A24,Hoja1!A23:BM457,45,FALSE) -> JUAN GUILLERMO RUIZ ZAPATA | BA24: =VLOOKUP(A24,Hoja1!A:BM,7,FALSE) -> 5796215 | BB24: =VLOOKUP(A24,Hoja1!A:BM,10,FALSE) -> SERVICIOS PERSONALES - PRESTAR LOS SERVICIOS PERSONALES PARA APOYAR EN LA GESTIÓN DE LOS PROYECTOS, PLANES E INICIATIVAS DEL PROCESO DE GESTIÓN DE INSTANCIAS DE CONCERTACIÓN Y COMPETENCIAS LABORALES EN LOS CENTROS DE FORMACIÓN
A25: 1040030506 | B25: 44766924 | C25: 2024-02-26 00:00:00 | D25: 2024-02-28 05:02:45 | E25: Pagada | F25: 1,200,000.00 | G25: 4,800.00 | H25: 1,195,200.00 | I25: Beneficiario final | J25: Actual | K25: Cédula de Ciudadanía | L25: 1040030506 | M25: CARMONA LOPEZ MARIAN JOHANA | N25: Abono en cuenta | O25: Ahorro | P25: 02317907055 | Q25: Activa | R25: 890903938 | S25: BANCOLOMBIA S.A. | T25: 940210 | U25: CENTRO DE SERVICIOS Y GESTION EMPRESARIAL - ANTIOQUIA | V25: C-3603-1300-15-20305C-3603025-02 | W25: ADQUIS. DE BYS - SERVICIO DE FORMACIÓN PROFESIONAL INTEGRAL - FORTALECIMIENTO DEL SERVICIO DE FORMACIÓN PROFESIONAL DEL SENA NACIONAL | X25: Nación | Y25: RECURSOS CORRIENTES | Z25: CSF | AA25: 1,200,000.00 | AB25: 0.00 | AC25: 0.00 | AD25: 0.00 | AE25: 13-01-01-DT | AH25: No | AM25: PAGO PRESTACION SERVICIOS MES DE ENERO CTO No, CO1,PCCNTR,5797746DE CARMONA LOPEZ MARIAN JOHANA | AN25: 124 | AO25: 124 | AP25: 2224 | AQ25: 0 | AS25: 4624 | AT25: 44766924 | AU25: 0 | AV25: 2024-01-24 00:00:00 | AW25: CONTRATO DE PRESTACION DE SERVICIOS - PROFESIONALES | AX25: CO1.PCCNTR.5797746 | AY25: SERVICIOS PERSONALES -PRESTACIÓN DE SERVICIOS PROFESIONALES DE ABOGADO PARA REALIZAR LAS ACCIONES JURÍDICAS DE LA GESTIÓN CONTRACTUAL DEL CENTRO DE SERVICIOS Y GESTIÓN EMPRESARIAL | AZ25: =VLOOKUP(A25,Hoja1!A24:BM458,45,FALSE) -> MONICA ALEXANDRA ARROYAVE SALDARRIAGA | BA25: =VLOOKUP(A25,Hoja1!A:BM,7,FALSE) -> 5797746 | BB25: =VLOOKUP(A25,Hoja1!A:BM,10,FALSE) -> SERVICIOS PERSONALES -PRESTACIÓN DE SERVICIOS PROFESIONALES DE ABOGADO PARA REALIZAR LAS ACCIONES JURÍDICAS DE LA GESTIÓN CONTRACTUAL DEL CENTRO DE SERVICIOS Y GESTIÓN EMPRESARIAL
A26: 1128264930 | B26: 44767024 | C26: 2024-02-26 00:00:00 | D26: 2024-02-28 05:03:59 | E26: Pagada | F26: 334,304.00 | G26: 1,337.00 | H26: 332,967.00 | I26: Beneficiario final | J26: Actual | K26: Cédula de Ciudadanía | L26: 1128264930 | M26: PESTANA PINEDA MARGARITA MARIA | N26: Abono en cuenta | O26: Ahorro | P26: 61364024915 | Q26: Activa | R26: 890903938 | S26: BANCOLOMBIA S.A. | T26: 940270 | U26: CENTRO DE SERVICIOS Y GESTION EMPRESARIAL-ANTIOQUIA-TECNOACADEMIA | V26: C-3605-1300-3-40402A-3605019-02 | W26: ADQUIS. DE BYS - SERVICIO DE EDUCACIÓN INFORMAL - IMPLANTACIÓN SISTEMA DE INVESTIGACIÓN APLICADA, DESARROLLO TECNOLÓGICO Y COMPETITIVIDAD | X26: Propios | Y26: RENTAS PARAFISCALES | Z26: CSF | AA26: 334,304.00 | AB26: 0.00 | AC26: 0.00 | AD26: 0.00 | AE26: 13-01-01-DT | AH26: No | AM26: PAGO PRESTACION SERVICIOS MES DE ENERO CTO No, CO1,PCCNTR,5823488DE PESTANA PINEDA MARGARITA MARIA | AN26: 1024 | AO26: 1024 | AP26: 2524 | AQ26: 0 | AS26: 4724 | AT26: 44767024 | AU26: 0 | AV26: 2024-01-26 00:00:00 | AW26: CONTRATO DE PRESTACION DE SERVICIOS - PROFESIONALES | AX26: CO1.PCCNTR.5823488 | AY26: SERVICIOS PERSONALES - PRESTAR SERVICIOS PROFESIONALES EN LA ESTRATEGIA TECNOACADEMIA DE LA CIUDADELA UNIVERSITARIA DE OCCIDENTE DEL SISTEMA DE INVESTIGACIÓN, DESARROLLO TECNOLÓGICO E INNOVACIÓN SENNOVA, | AZ26: =VLOOKUP(A26,Hoja1!A25:BM459,45,FALSE) -> ANCIZAR MARTINEZ ARROYAVE | BA26: =VLOOKUP(A26,Hoja1!A:BM,7,FALSE) -> 5823488 | BB26: =VLOOKUP(A26,Hoja1!A:BM,10,FALSE) -> SERVICIOS PERSONALES - PRESTAR SERVICIOS PROFESIONALES EN LA ESTRATEGIA TECNOACADEMIA DE LA CIUDADELA UNIVERSITARIA DE OCCIDENTE DEL SISTEMA DE INVESTIGACIÓN, DESARROLLO TECNOLÓGICO E INNOVACIÓN SENNOVA,
A27: 43420787 | B27: 44767124 | C27: 2024-02-26 00:00:00 | D27: 2024-02-28 04:39:26 | E27: Pagada | F27: 2,121,067.00 | G27: 8,484.00 | H27: 2,112,583.00 | I27: Beneficiario final | J27: Actual | K27: Cédula de Ciudadanía | L27: 43420787 | M27: ARBELAEZ DIAZ MIRYAM DEL SOCORRO | N27: Abono en cuenta | O27: Ahorro | P27: 914036900 | Q27: Activa | R27: 860002964 | S27: BANCO DE BOGOTA | T27: 940242 | U27: CENTRO DE SERVICIOS Y GESTION EMPRESARIAL-ANTIOQUIA -BIENESTAR APRENDICES | V27: C-3603-1300-15-20305C-3603025-02 | W27: ADQUIS. DE BYS - SERVICIO DE FORMACIÓN PROFESIONAL INTEGRAL - FORTALECIMIENTO DEL SERVICIO DE FORMACIÓN PROFESIONAL DEL SENA NACIONAL | X27: Nación | Y27: RECURSOS CORRIENTES | Z27: CSF | AA27: 2,121,067.00 | AB27: 0.00 | AC27: 0.00 | AD27: 0.00 | AE27: 13-01-01-DT | AH27: No | AM27: PAGO PRESTACION SERVICIOS MES DE FEBRERO CTO No, CO1,PCCNTR,5935178DE ARBELAEZ DIAZ MIRYAM DEL SOCORRO | AN27: 524 | AO27: 524 | AP27: 29424 | AQ27: 0 | AS27: 4824 | AT27: 44767124 | AU27: 0 | AV27: 2024-02-14 00:00:00 | AW27: CONTRATO DE PRESTACION DE SERVICIOS - PROFESIONALES | AX27: CO1.PCCNTR.5935178 | AY27: SERVICIOS PERSONALES + PRESTAR LOS SERVICIOS PERSONALES PARA APOYAR EL DESARROLLO DE ACTIVIDADES ORIENTADAS AL FORTALECIMIENTO DE HABILIDADES SOCIOEMOCIONALES DE LOS APRENDICES DEL CENTRO DE FORMACIÓN EN EL MARCO DEL PLAN NACIONAL DE BIENESTAR | AZ27: =VLOOKUP(A27,Hoja1!A26:BM460,45,FALSE) -> GLORIA LUZ CIRO ARROYAVE | BA27: =VLOOKUP(A27,Hoja1!A:BM,7,FALSE) -> 5935178 | BB27: =VLOOKUP(A27,Hoja1!A:BM,10,FALSE) -> SERVICIOS PERSONALES + PRESTAR LOS SERVICIOS PERSONALES PARA APOYAR EL DESARROLLO DE ACTIVIDADES ORIENTADAS AL FORTALECIMIENTO DE HABILIDADES SOCIOEMOCIONALES DE LOS APRENDICES DEL CENTRO DE FORMACIÓN EN EL MARCO DEL PLAN NACIONAL DE BIENESTAR
A28: 43825307 | B28: 44767224 | C28: 2024-02-26 00:00:00 | D28: 2024-02-28 04:45:15 | E28: Pagada | F28: 3,049,033.00 | G28: 12,196.00 | H28: 3,036,837.00 | I28: Beneficiario final | J28: Actual | K28: Cédula de Ciudadanía | L28: 43825307 | M28: ESCOBAR BUSTAMANTE PATRICIA | N28: Abono en cuenta | O28: Ahorro | P28: 10172700931 | Q28: Activa | R28: 890903938 | S28: BANCOLOMBIA S.A. | T28: 940242 | U28: CENTRO DE SERVICIOS Y GESTION EMPRESARIAL-ANTIOQUIA -BIENESTAR APRENDICES | V28: C-3603-1300-15-20305C-3603025-02 | W28: ADQUIS. DE BYS - SERVICIO DE FORMACIÓN PROFESIONAL INTEGRAL - FORTALECIMIENTO DEL SERVICIO DE FORMACIÓN PROFESIONAL DEL SENA NACIONAL | X28: Nación | Y28: RECURSOS CORRIENTES | Z28: CSF | AA28: 3,049,033.00 | AB28: 0.00 | AC28: 0.00 | AD28: 0.00 | AE28: 13-01-01-DT | AH28: No | AM28: PAGO PRESTACION SERVICIOS MES DE FEBRERO CTO No, CO1,PCCNTR,5867100DE ESCOBAR BUSTAMANTE PATRICIA | AN28: 524 | AO28: 524 | AP28: 27224 | AQ28: 0 | AS28: 4924 | AT28: 44767224 | AU28: 0 | AV28: 2024-02-07 00:00:00 | AW28: CONTRATO DE PRESTACION DE SERVICIOS - PROFESIONALES | AX28: CO1.PCCNTR.5867100 | AY28: SERVICIOS PERSONALES - PRESTAR LOS SERVICIOS PERSONALES PARA APOYAR EL DESARROLLO DE ACTIVIDADES ORIENTADAS AL FORTALECIMIENTO DE HABILIDADES SOCIOEMOCIONALES DE LOS APRENDICES DEL CENTRO DE FORMACIÓN EN EL MARCO DEL PLAN NACIONAL DE BIENESTAR | AZ28: =VLOOKUP(A28,Hoja1!A27:BM461,45,FALSE) -> GLORIA LUZ CIRO ARROYAVE | BA28: =VLOOKUP(A28,Hoja1!A:BM,7,FALSE) -> 5867100 | BB28: =VLOOKUP(A28,Hoja1!A:BM,10,FALSE) -> SERVICIOS PERSONALES - PRESTAR LOS SERVICIOS PERSONALES PARA APOYAR EL DESARROLLO DE ACTIVIDADES ORIENTADAS AL FORTALECIMIENTO DE HABILIDADES SOCIOEMOCIONALES DE LOS APRENDICES DEL CENTRO DE FORMACIÓN EN EL MARCO DEL PLAN NACIONAL DE BIENESTAR
A29: 43983546 | B29: 44767324 | C29: 2024-02-26 00:00:00 | D29: 2024-02-28 04:53:44 | E29: Pagada | F29: 2,916,467.00 | G29: 11,666.00 | H29: 2,904,801.00 | I29: Beneficiario final | J29: Actual | K29: Cédula de Ciudadanía | L29: 43983546 | M29: MARIN SALDARRIAGA VICTORIA ANDREA | N29: Abono en cuenta | O29: Ahorro | P29: 0550488418759871 | Q29: Activa | R29: 860034313 | S29: BANCO DAVIVIENDA S.A. | T29: 940242 | U29: CENTRO DE SERVICIOS Y GESTION EMPRESARIAL-ANTIOQUIA -BIENESTAR APRENDICES | V29: C-3603-1300-15-20305C-3603025-02 | W29: ADQUIS. DE BYS - SERVICIO DE FORMACIÓN PROFESIONAL INTEGRAL - FORTALECIMIENTO DEL SERVICIO DE FORMACIÓN PROFESIONAL DEL SENA NACIONAL | X29: Nación | Y29: RECURSOS CORRIENTES | Z29: CSF | AA29: 2,916,467.00 | AB29: 0.00 | AC29: 0.00 | AD29: 0.00 | AE29: 13-01-01-DT | AH29: No | AM29: PAGO PRESTACION SERVICIOS MES DE FEBRERO CTO No, CO1,PCCNTR,5867296DE MARIN SALDARRIAGA VICTORIA ANDREA | AN29: 524 | AO29: 524 | AP29: 27324 | AQ29: 0 | AS29: 5024 | AT29: 44767324 | AU29: 0 | AV29: 2024-02-07 00:00:00 | AW29: CONTRATO DE PRESTACION DE SERVICIOS - PROFESIONALES | AX29: CO1.PCCNTR.5867296 | AY29: SERVICIOS PERSONALES - PRESTAR LOS SERVICIOS PERSONALES PARA APOYAR EL DESARROLLO DE ACTIVIDADES ORIENTADAS AL FORTALECIMIENTO DE HABILIDADES SOCIOEMOCIONALES DE LOS APRENDICES DEL CENTRO DE FORMACIÓN EN EL MARCO DEL PLAN NACIONAL DE BIENESTAR | AZ29: =VLOOKUP(A29,Hoja1!A28:BM462,45,FALSE) -> GLORIA LUZ CIRO ARROYAVE | BA29: =VLOOKUP(A29,Hoja1!A:BM,7,FALSE) -> 5867296 | BB29: =VLOOKUP(A29,Hoja1!A:BM,10,FALSE) -> SERVICIOS PERSONALES - PRESTAR LOS SERVICIOS PERSONALES PARA APOYAR EL DESARROLLO DE ACTIVIDADES ORIENTADAS AL FORTALECIMIENTO DE HABILIDADES SOCIOEMOCIONALES DE LOS APRENDICES DEL CENTRO DE FORMACIÓN EN EL MARCO DEL PLAN NACIONAL DE BIENESTAR
A30: 56089004 | B30: 44767424 | C30: 2024-02-26 00:00:00 | D30: 2024-02-28 04:45:15 | E30: Pagada | F30: 3,049,033.00 | G30: 12,196.00 | H30: 3,036,837.00 | I30: Beneficiario final | J30: Actual | K30: Cédula de Ciudadanía | L30: 56089004 | M30: PALMEZANO AVILA LORENA PATRICIA | N30: Abono en cuenta | O30: Ahorro | P30: 91211787355 | Q30: Activa | R30: 890903938 | S30: BANCOLOMBIA S.A. | T30: 940242 | U30: CENTRO DE SERVICIOS Y GESTION EMPRESARIAL-ANTIOQUIA -BIENESTAR APRENDICES | V30: C-3603-1300-15-20305C-3603025-02 | W30: ADQUIS. DE BYS - SERVICIO DE FORMACIÓN PROFESIONAL INTEGRAL - FORTALECIMIENTO DEL SERVICIO DE FORMACIÓN PROFESIONAL DEL SENA NACIONAL | X30: Nación | Y30: RECURSOS CORRIENTES | Z30: CSF | AA30: 3,049,033.00 | AB30: 0.00 | AC30: 0.00 | AD30: 0.00 | AE30: 13-01-01-DT | AH30: No | AM30: PAGO PRESTACION SERVICIOS MES DE FEBRERO CTO No, CO1,PCCNTR,5866488DE PALMEZANO AVILA LORENA PATRICIA | AN30: 524 | AO30: 524 | AP30: 27524 | AQ30: 0 | AS30: 5124 | AT30: 44767424 | AU30: 0 | AV30: 2024-02-07 00:00:00 | AW30: CONTRATO DE PRESTACION DE SERVICIOS - PROFESIONALES | AX30: CO1.PCCNTR.5866488 | AY30: SERVICIOS PERSONALES - CONTRATAR LOS SERVICIOS PERSONALES PARA ADELANTAR Y DESARROLLAR ACCIONES ORIENTADAS AL FORTALECIMIENTO DEL LIDERAZGO Y DESARROLLO HUMANO INTEGRAL DE LOS APRENDICES QUE FAVOREZCAN SU PERMANENCIA EN EL PROCESO FORMATIVO | AZ30: =VLOOKUP(A30,Hoja1!A29:BM463,45,FALSE) -> GLORIA LUZ CIRO ARROYAVE | BA30: =VLOOKUP(A30,Hoja1!A:BM,7,FALSE) -> 5866488 | BB30: =VLOOKUP(A30,Hoja1!A:BM,10,FALSE) -> SERVICIOS PERSONALES - CONTRATAR LOS SERVICIOS PERSONALES PARA ADELANTAR Y DESARROLLAR ACCIONES ORIENTADAS AL FORTALECIMIENTO DEL LIDERAZGO Y DESARROLLO HUMANO INTEGRAL DE LOS APRENDICES QUE FAVOREZCAN SU PERMANENCIA EN EL PROCESO FORMATIVO
A31: 71366459 | B31: 44767524 | C31: 2024-02-26 00:00:00 | D31: 2024-02-28 04:41:39 | E31: Pagada | F31: 2,113,467.00 | G31: 8,454.00 | H31: 2,105,013.00 | I31: Beneficiario final | J31: Actual | K31: Cédula de Ciudadanía | L31: 71366459 | M31: BRAN JIMENEZ FRANCISCO JAVIER | N31: Abono en cuenta | O31: Ahorro | P31: 10332689490 | Q31: Activa | R31: 890903938 | S31: BANCOLOMBIA S.A. | T31: 940242 | U31: CENTRO DE SERVICIOS Y GESTION EMPRESARIAL-ANTIOQUIA -BIENESTAR APRENDICES | V31: C-3603-1300-15-20305C-3603025-02 | W31: ADQUIS. DE BYS - SERVICIO DE FORMACIÓN PROFESIONAL INTEGRAL - FORTALECIMIENTO DEL SERVICIO DE FORMACIÓN PROFESIONAL DEL SENA NACIONAL | X31: Nación | Y31: RECURSOS CORRIENTES | Z31: CSF | AA31: 2,113,467.00 | AB31: 0.00 | AC31: 0.00 | AD31: 0.00 | AE31: 13-01-01-DT | AH31: No | AM31: PAGO PRESTACION SERVICIOS MES DE FEBRERO CTO No, CO1,PCCNTR,5868312DE BRAN JIMENEZ FRANCISCO JAVIER | AN31: 524 | AO31: 524 | AP31: 27124 | AQ31: 0 | AS31: 5224 | AT31: 44767524 | AU31: 0 | AV31: 2024-02-07 00:00:00 | AW31: CONTRATO DE PRESTACION DE SERVICIOS - PROFESIONALES | AX31: CO1.PCCNTR.5868312 | AY31: SERVICIOS PERSONALES - PRESTAR LOS SERVICIOS PERSONALES PARA IMPLEMENTAR ACCIONES QUE PROMUEVAN EXPRESIONES DE ARTE DE LOS APRENDICES EN SU FORMACIÓN PROFESIONAL INTEGRAL, A TRAVÉS DE LOS DIFERENTES LENGUAJES ARTÍSTICOS | AZ31: =VLOOKUP(A31,Hoja1!A30:BM464,45,FALSE) -> GLORIA LUZ CIRO ARROYAVE | BA31: =VLOOKUP(A31,Hoja1!A:BM,7,FALSE) -> 5868312 | BB31: =VLOOKUP(A31,Hoja1!A:BM,10,FALSE) -> SERVICIOS PERSONALES - PRESTAR LOS SERVICIOS PERSONALES PARA IMPLEMENTAR ACCIONES QUE PROMUEVAN EXPRESIONES DE ARTE DE LOS APRENDICES EN SU FORMACIÓN PROFESIONAL INTEGRAL, A TRAVÉS DE LOS DIFERENTES LENGUAJES ARTÍSTICOS
A32: 1018345434 | B32: 44767624 | C32: 2024-02-26 00:00:00 | D32: 2024-02-28 04:45:15 | E32: Pagada | F32: 3,049,033.00 | G32: 12,196.00 | H32: 3,036,837.00 | I32: Beneficiario final | J32: Actual | K32: Cédula de Ciudadanía | L32: 1018345434 | M32: RENDON ARROYAVE MONICA ALEJANDRA | N32: Abono en cuenta | O32: Ahorro | P32: 65135580834 | Q32: Activa | R32: 890903938 | S32: BANCOLOMBIA S.A. | T32: 940242 | U32: CENTRO DE SERVICIOS Y GESTION EMPRESARIAL-ANTIOQUIA -BIENESTAR APRENDICES | V32: C-3603-1300-15-20305C-3603025-02 | W32: ADQUIS. DE BYS - SERVICIO DE FORMACIÓN PROFESIONAL INTEGRAL - FORTALECIMIENTO DEL SERVICIO DE FORMACIÓN PROFESIONAL DEL SENA NACIONAL | X32: Nación | Y32: RECURSOS CORRIENTES | Z32: CSF | AA32: 3,049,033.00 | AB32: 0.00 | AC32: 0.00 | AD32: 0.00 | AE32: 13-01-01-DT | AH32: No | AM32: PAGO PRESTACION SERVICIOS MES DE FEBRERO CTO No, CO1,PCCNTR,5867777DE RENDON ARROYAVE MONICA ALEJANDRA | AN32: 524 | AO32: 524 | AP32: 27424 | AQ32: 0 | AS32: 5324 | AT32: 44767624 | AU32: 0 | AV32: 2024-02-07 00:00:00 | AW32: CONTRATO DE PRESTACION DE SERVICIOS - PROFESIONALES | AX32: CO1.PCCNTR.5867777 | AY32: SERVICIOS PERSONALES -PRESTAR LOS SERVICIOS PERSONALES PARA APOYAR EL DESARROLLO DE ACTIVIDADES ORIENTADAS AL FORTALECIMIENTO DE HABILIDADES SOCIOEMOCIONALES DE LOS APRENDICES DEL CENTRO DE FORMACIÓN EN EL MARCO DEL PLAN NACIONAL DE BIENESTAR | AZ32: =VLOOKUP(A32,Hoja1!A31:BM465,45,FALSE) -> GLORIA LUZ CIRO ARROYAVE | BA32: =VLOOKUP(A32,Hoja1!A:BM,7,FALSE) -> 5867777 | BB32: =VLOOKUP(A32,Hoja1!A:BM,10,FALSE) -> SERVICIOS PERSONALES -PRESTAR LOS SERVICIOS PERSONALES PARA APOYAR EL DESARROLLO DE ACTIVIDADES ORIENTADAS AL FORTALECIMIENTO DE HABILIDADES SOCIOEMOCIONALES DE LOS APRENDICES DEL CENTRO DE FORMACIÓN EN EL MARCO DEL PLAN NACIONAL DE BIENESTAR
A33: 1037583735 | B33: 44767724 | C33: 2024-02-26 00:00:00 | D33: 2024-02-28 04:40:58 | E33: Pagada | F33: 2,209,533.00 | G33: 8,838.00 | H33: 2,200,695.00 | I33: Beneficiario final | J33: Actual | K33: Cédula de Ciudadanía | L33: 1037583735 | M33: YENIFER ANDREA MARTINEZ CESPEDES | N33: Abono en cuenta | O33: Ahorro | P33: 03207343213 | Q33: Activa | R33: 890903938 | S33: BANCOLOMBIA S.A. | T33: 940242 | U33: CENTRO DE SERVICIOS Y GESTION EMPRESARIAL-ANTIOQUIA -BIENESTAR APRENDICES | V33: C-3603-1300-15-20305C-3603025-02 | W33: ADQUIS. DE BYS - SERVICIO DE FORMACIÓN PROFESIONAL INTEGRAL - FORTALECIMIENTO DEL SERVICIO DE FORMACIÓN PROFESIONAL DEL SENA NACIONAL | X33: Nación | Y33: RECURSOS CORRIENTES | Z33: CSF | AA33: 2,209,533.00 | AB33: 0.00 | AC33: 0.00 | AD33: 0.00 | AE33: 13-01-01-DT | AH33: No | AM33: PAGO PRESTACION SERVICIOS MES DE FEBRERO CTO No, CO1,PCCNTR,5866385DE YENIFER ANDREA MARTINEZ CESPEDES | AN33: 524 | AO33: 524 | AP33: 27024 | AQ33: 0 | AS33: 5424 | AT33: 44767724 | AU33: 0 | AV33: 2024-02-07 00:00:00 | AW33: CONTRATO DE PRESTACION DE SERVICIOS - PROFESIONALES | AX33: CO1.PCCNTR.5866385 | AY33: SERVICIOS PERSONALES - PRESTAR LOS SERVICIOS PERSONALES, PARA APOYAR LOS DIFERENTES PROCESOS ADMINISTRATIVOS CONTEMPLADOS PARA EJECUTAR EL PLAN NACIONAL INTEGRAL DE BIENESTAR AL APRENDIZ, ASÍ COMO LA ATENCIÓN AL USUARIO, ORGANIZACIÓN DE ARCHIVO | AZ33: =VLOOKUP(A33,Hoja1!A32:BM466,45,FALSE) -> GLORIA LUZ CIRO ARROYAVE | BA33: =VLOOKUP(A33,Hoja1!A:BM,7,FALSE) -> 5866385 | BB33: =VLOOKUP(A33,Hoja1!A:BM,10,FALSE) -> SERVICIOS PERSONALES - PRESTAR LOS SERVICIOS PERSONALES, PARA APOYAR LOS DIFERENTES PROCESOS ADMINISTRATIVOS CONTEMPLADOS PARA EJECUTAR EL PLAN NACIONAL INTEGRAL DE BIENESTAR AL APRENDIZ, ASÍ COMO LA ATENCIÓN AL USUARIO, ORGANIZACIÓN DE ARCHIVO
A34: 1128388560 | B34: 44767824 | C34: 2024-02-26 00:00:00 | D34: 2024-02-28 04:39:16 | E34: Pagada | F34: 1,825,267.00 | G34: 7,301.00 | H34: 1,817,966.00 | I34: Beneficiario final | J34: Actual | K34: Cédula de Ciudadanía | L34: 1128388560 | M34: GALLEGO PUERTA LISBETH ADILEDY | N34: Abono en cuenta | O34: Ahorro | P34: 250168119 | Q34: Activa | R34: 860002964 | S34: BANCO DE BOGOTA | T34: 940242 | U34: CENTRO DE SERVICIOS Y GESTION EMPRESARIAL-ANTIOQUIA -BIENESTAR APRENDICES | V34: C-3603-1300-15-20305C-3603025-02 | W34: ADQUIS. DE BYS - SERVICIO DE FORMACIÓN PROFESIONAL INTEGRAL - FORTALECIMIENTO DEL SERVICIO DE FORMACIÓN PROFESIONAL DEL SENA NACIONAL | X34: Nación | Y34: RECURSOS CORRIENTES | Z34: CSF | AA34: 1,825,267.00 | AB34: 0.00 | AC34: 0.00 | AD34: 0.00 | AE34: 13-01-01-DT | AH34: No | AM34: PAGO PRESTACION SERVICIOS MES DE FEBRERO CTO No, CO1,PCCNTR,5904315DE GALLEGO PUERTA LISBETH ADILEDY | AN34: 524 | AO34: 524 | AP34: 27924 | AQ34: 0 | AS34: 5524 | AT34: 44767824 | AU34: 0 | AV34: 2024-02-08 00:00:00 | AW34: CONTRATO DE PRESTACION DE SERVICIOS - PROFESIONALES | AX34: CO1.PCCNTR.5904315 | AY34: SERVICIOS PERSONALES - PRESTAR LOS SERVICIOS PERSONALES PARA IMPULSAR Y DESARROLLAR ACTIVIDADES DE PREVENCIÓN DE ENFERMEDADES TRANSMISIBLES Y NO TRANSMISIBLES Y PROMOCIÓN DE LA SALUD, DIRIGIDAS A LOS APRENDICES DEL CENTRO DE FORMACIÓN | AZ34: =VLOOKUP(A34,Hoja1!A33:BM467,45,FALSE) -> GLORIA LUZ CIRO ARROYAVE | BA34: =VLOOKUP(A34,Hoja1!A:BM,7,FALSE) -> 5904315 | BB34: =VLOOKUP(A34,Hoja1!A:BM,10,FALSE) -> SERVICIOS PERSONALES - PRESTAR LOS SERVICIOS PERSONALES PARA IMPULSAR Y DESARROLLAR ACTIVIDADES DE PREVENCIÓN DE ENFERMEDADES TRANSMISIBLES Y NO TRANSMISIBLES Y PROMOCIÓN DE LA SALUD, DIRIGIDAS A LOS APRENDICES DEL CENTRO DE FORMACIÓN
A35: 1036632753 | B35: 44768024 | C35: 2024-02-26 00:00:00 | D35: 2024-02-28 04:45:09 | E35: Pagada | F35: 3,000,000.00 | G35: 12,000.00 | H35: 2,988,000.00 | I35: Beneficiario final | J35: Actual | K35: Cédula de Ciudadanía | L35: 1036632753 | M35: GARCIA GARCIA ESTEBAN | N35: Abono en cuenta | O35: Ahorro | P35: 91230379373 | Q35: Activa | R35: 890903938 | S35: BANCOLOMBIA S.A. | T35: 940210 | U35: CENTRO DE SERVICIOS Y GESTION EMPRESARIAL - ANTIOQUIA | V35: C-3603-1300-15-20305C-3603025-02 | W35: ADQUIS. DE BYS - SERVICIO DE FORMACIÓN PROFESIONAL INTEGRAL - FORTALECIMIENTO DEL SERVICIO DE FORMACIÓN PROFESIONAL DEL SENA NACIONAL | X35: Nación | Y35: RECURSOS CORRIENTES | Z35: CSF | AA35: 3,000,000.00 | AB35: 0.00 | AC35: 0.00 | AD35: 0.00 | AE35: 13-01-01-DT | AH35: No | AM35: PAGO PRESTACION SERVICIOS MES DE FEBRERO CTO No, CO1,PCCNTR,5747211DE GARCIA GARCIA ESTEBAN | AN35: 124 | AO35: 124 | AP35: 624 | AQ35: 0 | AS35: 5624 | AT35: 44768024 | AU35: 0 | AV35: 2024-01-16 00:00:00 | AW35: CONTRATO DE PRESTACION DE SERVICIOS - PROFESIONALES | AX35: CO1.PCCNTR.5747211 | AY35: SERVICIOS PERSONALES - PRESTAR SERVICIOS COMO APOYO EN LA GESTIÓN DE LAS TECNOLOGÍAS DE LA INFORMACIÓN Y LAS COMUNICACIONES DEL CENTRO DE SERVICIOS Y GESTIÓN EMPRESARIAL | AZ35: =VLOOKUP(A35,Hoja1!A34:BM468,45,FALSE) -> GERSON RINCON MARTINEZ | BA35: =VLOOKUP(A35,Hoja1!A:BM,7,FALSE) -> 5747211 | BB35: =VLOOKUP(A35,Hoja1!A:BM,10,FALSE) -> SERVICIOS PERSONALES - PRESTAR SERVICIOS COMO APOYO EN LA GESTIÓN DE LAS TECNOLOGÍAS DE LA INFORMACIÓN Y LAS COMUNICACIONES DEL CENTRO DE SERVICIOS Y GESTIÓN EMPRESARIAL
... A185: 1038118965 | B185: 44787724 | C185: 2024-02-26 00:00:00 | D185: 2024-02-28 04:29:10 | E185: Pagada | F185: 4,465,000.00 | G185: 17,860.00 | H185: 4,447,140.00 | I185: Beneficiario final | J185: Actual | K185: Cédula de Ciudadanía | L185: 1038118965 | M185: RODRIGUEZ ROJO JUAN CARLOS | N185: Abono en cuenta | O185: Ahorro | P185: 37168213990 | Q185: Activa | R185: 890903938 | S185: BANCOLOMBIA S.A. | T185: 940245 | U185: CENTRO DE SERVICIOS Y GESTION EMPRESARIAL-ANTIOQUIA -SERVICIOS PRESTADOS A LA FORMACION | V185: C-3603-1300-15-20305C-3603025-02 | W185: ADQUIS. DE BYS - SERVICIO DE FORMACIÓN PROFESIONAL INTEGRAL - FORTALECIMIENTO DEL SERVICIO DE FORMACIÓN PROFESIONAL DEL SENA NACIONAL | X185: Nación | Y185: RECURSOS CORRIENTES | Z185: CSF | AA185: 4,465,000.00 | AB185: 0.00 | AC185: 0.00 | AD185: 0.00 | AE185: 13-01-01-DT | AH185: No | AM185: PAGO PRESTACION SERVICIOS MES DE FEBRERO CTO No, CO1,PCCNTR,5833150DE RODRIGUEZ ROJO JUAN CARLOS | AN185: 1324 | AO185: 1324 | AP185: 6524 | AQ185: 0 | AS185: 20724 | AT185: 44787724 | AU185: 0 | AV185: 2024-01-31 00:00:00 | AW185: CONTRATO DE PRESTACION DE SERVICIOS - PROFESIONALES | AX185: CO1.PCCNTR.5833150 | AY185: INSTRUCTOR -PRESTAR SERVICIOS PERSONALES L PARA PLANEAR Y ORIENTAR LA FORMACIÓN PROFESIONAL INTEGRAL, QUE PROGRAME EL CENTRO DE SERVICIOS Y GESTIÓN EMPRESARIAL EN SUS DIFERENTES NIVELES Y MODALIDADES | AZ185: =VLOOKUP(A185,Hoja1!A184:BM618,45,FALSE) -> #N/A | BA185: =VLOOKUP(A185,Hoja1!A:BM,7,FALSE) -> 5833150 | BB185: =VLOOKUP(A185,Hoja1!A:BM,10,FALSE) -> INSTRUCTOR -PRESTAR SERVICIOS PERSONALES L PARA PLANEAR Y ORIENTAR LA FORMACIÓN PROFESIONAL INTEGRAL, QUE PROGRAME EL CENTRO DE SERVICIOS Y GESTIÓN EMPRESARIAL EN SUS DIFERENTES NIVELES Y MODALIDADES
A186: 32225255 | B186: 166530624 | C186: 2024-05-28 00:00:00 | D186: 2024-05-30 03:41:24 | E186: Pagada | F186: 4,465,000.00 | G186: 17,860.00 | H186: 4,447,140.00 | I186: Beneficiario final | J186: Actual | K186: Cédula de Ciudadanía | L186: 32225255 | M186: ARROYAVE MESA LILIANA DE LAS MISERICORDIAS | N186: Abono en cuenta | O186: Ahorro | P186: 64215957223 | Q186: Activa | R186: 890903938 | S186: BANCOLOMBIA S.A. | T186: 940211 | U186: CENTRO DE SERVICIOS Y GESTION EMPRESARIAL-INTEGRACION CON LA MEDIA | V186: C-3603-1300-15-20305C-3603025-02 | W186: ADQUIS. DE BYS - SERVICIO DE FORMACIÓN PROFESIONAL INTEGRAL - FORTALECIMIENTO DEL SERVICIO DE FORMACIÓN PROFESIONAL DEL SENA NACIONAL | X186: Propios | Y186: INGRESOS CORRIENTES | Z186: CSF | AA186: 4,465,000.00 | AB186: 0.00 | AC186: 0.00 | AD186: 0.00 | AE186: 13-01-01-DT | AH186: No | AM186: PAGO PRESTACION SERVICIOS MES DE MAYO CTO No, CO1,PCCNTR,5840535DE ARROYAVE MESA LILIANA DE LAS MISERICORDIAS | AN186: 1224 | AO186: 1224 | AP186: 21324 | AQ186: 0 | AS186: 187024 | AT186: 166530624 | AU186: 0 | AV186: 2024-02-06 00:00:00 | AW186: CONTRATO DE PRESTACION DE SERVICIOS - PROFESIONALES | AX186: CO1.PCCNTR.5840535 | AY186: INSTRUCTOR - PRESTAR SERVICIOS PERSONALES DE PARA PLANEAR Y ORIENTAR LA FORMACIÓN PROFESIONAL INTEGRAL, QUE PROGRAME EL CENTRO DE SERVICIOS Y GESTIÓN EMPRESARIAL EN LA ARTICULACION CON LA EDUCACION MEDIA | AZ186: =VLOOKUP(A186,Hoja1!A1724:BM2158,45,FALSE) -> #N/A | BA186: =VLOOKUP(A186,Hoja1!A:BM,7,FALSE) -> 5840535 | BB186: =VLOOKUP(A186,Hoja1!A:BM,10,FALSE) -> INSTRUCTOR - PRESTAR SERVICIOS PERSONALES DE PARA PLANEAR Y ORIENTAR LA FORMACIÓN PROFESIONAL INTEGRAL, QUE PROGRAME EL CENTRO DE SERVICIOS Y GESTIÓN EMPRESARIAL EN LA ARTICULACION CON LA EDUCACION MEDIA
A187: 32225255 | B187: 205917324 | C187: 2024-06-25 00:00:00 | D187: 2024-06-27 04:25:32 | E187: Pagada | F187: 4,465,000.00 | G187: 17,860.00 | H187: 4,447,140.00 | I187: Beneficiario final | J187: Actual | K187: Cédula de Ciudadanía | L187: 32225255 | M187: ARROYAVE MESA LILIANA DE LAS MISERICORDIAS | N187: Abono en cuenta | O187: Ahorro | P187: 64215957223 | Q187: Activa | R187: 890903938 | S187: BANCOLOMBIA S.A. | T187: 940211 | U187: CENTRO DE SERVICIOS Y GESTION EMPRESARIAL-INTEGRACION CON LA MEDIA | V187: C-3603-1300-15-20305C-3603025-02 | W187: ADQUIS. DE BYS - SERVICIO DE FORMACIÓN PROFESIONAL INTEGRAL - FORTALECIMIENTO DEL SERVICIO DE FORMACIÓN PROFESIONAL DEL SENA NACIONAL | X187: Propios | Y187: INGRESOS CORRIENTES | Z187: CSF | AA187: 4,465,000.00 | AB187: 0.00 | AC187: 0.00 | AD187: 0.00 | AE187: 13-01-01-DT | AH187: No | AM187: PAGO PRESTACION SERVICIOS MES DE JUNIO CTO No, CO1,PCCNTR,5840535DE ARROYAVE MESA LILIANA DE LAS MISERICORDIAS | AN187: 1224 | AO187: 1224 | AP187: 21324 | AQ187: 0 | AS187: 254224 | AT187: 205917324 | AU187: 0 | AV187: 2024-02-06 00:00:00 | AW187: CONTRATO DE PRESTACION DE SERVICIOS - PROFESIONALES | AX187: CO1.PCCNTR.5840535 | AY187: INSTRUCTOR - PRESTAR SERVICIOS PERSONALES DE PARA PLANEAR Y ORIENTAR LA FORMACIÓN PROFESIONAL INTEGRAL, QUE PROGRAME EL CENTRO DE SERVICIOS Y GESTIÓN EMPRESARIAL EN LA ARTICULACION CON LA EDUCACION MEDIA | AZ187: =VLOOKUP(A187,Hoja1!A2470:BM2904,45,FALSE) -> #N/A | BA187: =VLOOKUP(A187,Hoja1!A:BM,7,FALSE) -> 5840535 | BB187: =VLOOKUP(A187,Hoja1!A:BM,10,FALSE) -> INSTRUCTOR - PRESTAR SERVICIOS PERSONALES DE PARA PLANEAR Y ORIENTAR LA FORMACIÓN PROFESIONAL INTEGRAL, QUE PROGRAME EL CENTRO DE SERVICIOS Y GESTIÓN EMPRESARIAL EN LA ARTICULACION CON LA EDUCACION MEDIA
A188: 32225255 | B188: 255146424 | C188: 2024-07-29 00:00:00 | D188: 2024-07-31 04:21:23 | E188: Pagada | F188: 4,465,000.00 | G188: 17,860.00 | H188: 4,447,140.00 | I188: Beneficiario final | J188: Actual | K188: Cédula de Ciudadanía | L188: 32225255 | M188: ARROYAVE MESA LILIANA DE LAS MISERICORDIAS | N188: Abono en cuenta | O188: Ahorro | P188: 64215957223 | Q188: Activa | R188: 890903938 | S188: BANCOLOMBIA S.A. | T188: 940211 | U188: CENTRO DE SERVICIOS Y GESTION EMPRESARIAL-INTEGRACION CON LA MEDIA | V188: C-3603-1300-15-20305C-3603025-02 | W188: ADQUIS. DE BYS - SERVICIO DE FORMACIÓN PROFESIONAL INTEGRAL - FORTALECIMIENTO DEL SERVICIO DE FORMACIÓN PROFESIONAL DEL SENA NACIONAL | X188: Propios | Y188: INGRESOS CORRIENTES | Z188: CSF | AA188: 4,465,000.00 | AB188: 0.00 | AC188: 0.00 | AD188: 0.00 | AE188: 13-01-01-DT | AH188: No | AM188: PAGO PRESTACION SERVICIOS MES DE JULIO CTO No, CO1,PCCNTR,5840535DE ARROYAVE MESA LILIANA DE LAS MISERICORDIAS | AN188: 1224 | AO188: 1224 | AP188: 21324 | AQ188: 0 | AS188: 324924 | AT188: 255146424 | AU188: 0 | AV188: 2024-02-06 00:00:00 | AW188: CONTRATO DE PRESTACION DE SERVICIOS - PROFESIONALES | AX188: CO1.PCCNTR.5840535 | AY188: INSTRUCTOR - PRESTAR SERVICIOS PERSONALES DE PARA PLANEAR Y ORIENTAR LA FORMACIÓN PROFESIONAL INTEGRAL, QUE PROGRAME EL CENTRO DE SERVICIOS Y GESTIÓN EMPRESARIAL EN LA ARTICULACION CON LA EDUCACION MEDIA | AZ188: =VLOOKUP(A188,Hoja1!A3173:BM3607,45,FALSE) -> #N/A | BA188: =VLOOKUP(A188,Hoja1!A:BM,7,FALSE) -> 5840535 | BB188: =VLOOKUP(A188,Hoja1!A:BM,10,FALSE) -> INSTRUCTOR - PRESTAR SERVICIOS PERSONALES DE PARA PLANEAR Y ORIENTAR LA FORMACIÓN PROFESIONAL INTEGRAL, QUE PROGRAME EL CENTRO DE SERVICIOS Y GESTIÓN EMPRESARIAL EN LA ARTICULACION CON LA EDUCACION MEDIA
A189: 32225255 | B189: 295385924 | C189: 2024-08-27 00:00:00 | D189: 2024-08-29 04:07:02 | E189: Pagada | F189: 4,465,000.00 | G189: 17,860.00 | H189: 4,447,140.00 | I189: Beneficiario final | J189: Actual | K189: Cédula de Ciudadanía | L189: 32225255 | M189: ARROYAVE MESA LILIANA DE LAS MISERICORDIAS | N189: Abono en cuenta | O189: Ahorro | P189: 64215957223 | Q189: Activa | R189: 890903938 | S189: BANCOLOMBIA S.A. | T189: 940211 | U189: CENTRO DE SERVICIOS Y GESTION EMPRESARIAL-INTEGRACION CON LA MEDIA | V189: C-3603-1300-15-20305C-3603025-02 | W189: ADQUIS. DE BYS - SERVICIO DE FORMACIÓN PROFESIONAL INTEGRAL - FORTALECIMIENTO DEL SERVICIO DE FORMACIÓN PROFESIONAL DEL SENA NACIONAL | X189: Propios | Y189: INGRESOS CORRIENTES | Z189: CSF | AA189: 4,465,000.00 | AB189: 0.00 | AC189: 0.00 | AD189: 0.00 | AE189: 13-01-01-DT | AH189: No | AM189: PAGO PRESTACION SERVICIOS MES DE AGOSTO CTO No, CO1,PCCNTR,5840535DE ARROYAVE MESA LILIANA DE LAS MISERICORDIAS | AN189: 1224 | AO189: 1224 | AP189: 21324 | AQ189: 0 | AS189: 346524 | AT189: 295385924 | AU189: 0 | AV189: 2024-02-06 00:00:00 | AW189: CONTRATO DE PRESTACION DE SERVICIOS - PROFESIONALES | AX189: CO1.PCCNTR.5840535 | AY189: INSTRUCTOR - PRESTAR SERVICIOS PERSONALES DE PARA PLANEAR Y ORIENTAR LA FORMACIÓN PROFESIONAL INTEGRAL, QUE PROGRAME EL CENTRO DE SERVICIOS Y GESTIÓN EMPRESARIAL EN LA ARTICULACION CON LA EDUCACION MEDIA | AZ189: =VLOOKUP(A189,Hoja1!A3395:BM3829,45,FALSE) -> #N/A | BA189: =VLOOKUP(A189,Hoja1!A:BM,7,FALSE) -> 5840535 | BB189: =VLOOKUP(A189,Hoja1!A:BM,10,FALSE) -> INSTRUCTOR - PRESTAR SERVICIOS PERSONALES DE PARA PLANEAR Y ORIENTAR LA FORMACIÓN PROFESIONAL INTEGRAL, QUE PROGRAME EL CENTRO DE SERVICIOS Y GESTIÓN EMPRESARIAL EN LA ARTICULACION CON LA EDUCACION MEDIA
A190: 32225255 | B190: 340897824 | C190: 2024-09-24 00:00:00 | D190: 2024-09-26 03:54:31 | E190: Pagada | F190: 4,465,000.00 | G190: 17,860.00 | H190: 4,447,140.00 | I190: Beneficiario final | J190: Actual | K190: Cédula de Ciudadanía | L190: 32225255 | M190: ARROYAVE MESA LILIANA DE LAS MISERICORDIAS | N190: Abono en cuenta | O190: Ahorro | P190: 64215957223 | Q190: Activa | R190: 890903938 | S190: BANCOLOMBIA S.A. | T190: 940211 | U190: CENTRO DE SERVICIOS Y GESTION EMPRESARIAL-INTEGRACION CON LA MEDIA | V190: C-3603-1300-15-20305C-3603025-02 | W190: ADQUIS. DE BYS - SERVICIO DE FORMACIÓN PROFESIONAL INTEGRAL - FORTALECIMIENTO DEL SERVICIO DE FORMACIÓN PROFESIONAL DEL SENA NACIONAL | X190: Propios | Y190: INGRESOS CORRIENTES | Z190: CSF | AA190: 4,465,000.00 | AB190: 0.00 | AC190: 0.00 | AD190: 0.00 | AE190: 13-01-01-DT | AH190: No | AM190: PAGO PRESTACION SERVICIOS MES DE SEPTIEMBRE CTO No, CO1,PCCNTR,5840535DE ARROYAVE MESA LILIANA DE LAS MISERICORDIAS | AN190: 1224 | AO190: 1224 | AP190: 21324 | AQ190: 0 | AS190: 410124 | AT190: 340897824 | AU190: 0 | AV190: 2024-02-06 00:00:00 | AW190: CONTRATO DE PRESTACION DE SERVICIOS - PROFESIONALES | AX190: CO1.PCCNTR.5840535 | AY190: INSTRUCTOR - PRESTAR SERVICIOS PERSONALES DE PARA PLANEAR Y ORIENTAR LA FORMACIÓN PROFESIONAL INTEGRAL, QUE PROGRAME EL CENTRO DE SERVICIOS Y GESTIÓN EMPRESARIAL EN LA ARTICULACION CON LA EDUCACION MEDIA | AZ190: =VLOOKUP(A190,Hoja1!A4036:BM4470,45,FALSE) -> #N/A | BA190: =VLOOKUP(A190,Hoja1!A:BM,7,FALSE) -> 5840535 | BB190: =VLOOKUP(A190,Hoja1!A:BM,10,FALSE) -> INSTRUCTOR - PRESTAR SERVICIOS PERSONALES DE PARA PLANEAR Y ORIENTAR LA FORMACIÓN PROFESIONAL INTEGRAL, QUE PROGRAME EL CENTRO DE SERVICIOS Y GESTIÓN EMPRESARIAL EN LA ARTICULACION CON LA EDUCACION MEDIA
A191: 32225255 | B191: 402726524 | C191: 2024-10-28 00:00:00 | D191: 2024-10-30 04:23:41 | E191: Pagada | F191: 4,465,000.00 | G191: 17,860.00 | H191: 4,447,140.00 | I191: Beneficiario final | J191: Actual | K191: Cédula de Ciudadanía | L191: 32225255 | M191: ARROYAVE MESA LILIANA DE LAS MISERICORDIAS | N191: Abono en cuenta | O191: Ahorro | P191: 64215957223 | Q191: Activa | R191: 890903938 | S191: BANCOLOMBIA S.A. | T191: 940211 | U191: CENTRO DE SERVICIOS Y GESTION EMPRESARIAL-INTEGRACION CON LA MEDIA | V191: C-3603-1300-15-20305C-3603025-02 | W191: ADQUIS. DE BYS - SERVICIO DE FORMACIÓN PROFESIONAL INTEGRAL - FORTALECIMIENTO DEL SERVICIO DE FORMACIÓN PROFESIONAL DEL SENA NACIONAL | X191: Propios | Y191: INGRESOS CORRIENTES | Z191: CSF | AA191: 4,465,000.00 | AB191: 0.00 | AC191: 0.00 | AD191: 0.00 | AE191: 13-01-01-DT | AH191: No | AM191: PAGO PRESTACION SERVICIOS MES DE OCTUBRE CTO No, CO1,PCCNTR,5840535DE ARROYAVE MESA LILIANA DE LAS MISERICORDIAS | AN191: 1224 | AO191: 1224 | AP191: 21324 | AQ191: 0 | AS191: 494424 | AT191: 402726524 | AU191: 0 | AV191: 2024-02-06 00:00:00 | AW191: CONTRATO DE PRESTACION DE SERVICIOS - PROFESIONALES | AX191: CO1.PCCNTR.5840535 | AY191: INSTRUCTOR - PRESTAR SERVICIOS PERSONALES DE PARA PLANEAR Y ORIENTAR LA FORMACIÓN PROFESIONAL INTEGRAL, QUE PROGRAME EL CENTRO DE SERVICIOS Y GESTIÓN EMPRESARIAL EN LA ARTICULACION CON LA EDUCACION MEDIA | AZ191: =VLOOKUP(A191,Hoja1!A4866:BM5300,45,FALSE) -> #N/A | BA191: =VLOOKUP(A191,Hoja1!A:BM,7,FALSE) -> 5840535 | BB191: =VLOOKUP(A191,Hoja1!A:BM,10,FALSE) -> INSTRUCTOR - PRESTAR SERVICIOS PERSONALES DE PARA PLANEAR Y ORIENTAR LA FORMACIÓN PROFESIONAL INTEGRAL, QUE PROGRAME EL CENTRO DE SERVICIOS Y GESTIÓN EMPRESARIAL EN LA ARTICULACION CON LA EDUCACION MEDIA
A192: 32225255 | B192: 448702024 | C192: 2024-11-25 00:00:00 | D192: 2024-11-27 04:11:39 | E192: Pagada | F192: 4,465,000.00 | G192: 17,860.00 | H192: 4,447,140.00 | I192: Beneficiario final | J192: Actual | K192: Cédula de Ciudadanía | L192: 32225255 | M192: ARROYAVE MESA LILIANA DE LAS MISERICORDIAS | N192: Abono en cuenta | O192: Ahorro | P192: 64215957223 | Q192: Activa | R192: 890903938 | S192: BANCOLOMBIA S.A. | T192: 940211 | U192: CENTRO DE SERVICIOS Y GESTION EMPRESARIAL-INTEGRACION CON LA MEDIA | V192: C-3603-1300-15-20305C-3603025-02 | W192: ADQUIS. DE BYS - SERVICIO DE FORMACIÓN PROFESIONAL INTEGRAL - FORTALECIMIENTO DEL SERVICIO DE FORMACIÓN PROFESIONAL DEL SENA NACIONAL | X192: Propios | Y192: INGRESOS CORRIENTES | Z192: CSF | AA192: 4,465,000.00 | AB192: 0.00 | AC192: 0.00 | AD192: 0.00 | AE192: 13-01-01-DT | AH192: No | AM192: PAGO PRESTACION SERVICIOS MES DE NOVIEMBRE CTO No, CO1,PCCNTR,5840535DE ARROYAVE MESA LILIANA DE LAS MISERICORDIAS | AN192: 1224 | AO192: 1224 | AP192: 21324 | AQ192: 0 | AS192: 593224 | AT192: 448702024 | AU192: 0 | AV192: 2024-02-06 00:00:00 | AW192: CONTRATO DE PRESTACION DE SERVICIOS - PROFESIONALES | AX192: CO1.PCCNTR.5840535 | AY192: INSTRUCTOR - PRESTAR SERVICIOS PERSONALES DE PARA PLANEAR Y ORIENTAR LA FORMACIÓN PROFESIONAL INTEGRAL, QUE PROGRAME EL CENTRO DE SERVICIOS Y GESTIÓN EMPRESARIAL EN LA ARTICULACION CON LA EDUCACION MEDIA | AZ192: =VLOOKUP(A192,Hoja1!A5850:BM6284,45,FALSE) -> #N/A | BA192: =VLOOKUP(A192,Hoja1!A:BM,7,FALSE) -> 5840535 | BB192: =VLOOKUP(A192,Hoja1!A:BM,10,FALSE) -> INSTRUCTOR - PRESTAR SERVICIOS PERSONALES DE PARA PLANEAR Y ORIENTAR LA FORMACIÓN PROFESIONAL INTEGRAL, QUE PROGRAME EL CENTRO DE SERVICIOS Y GESTIÓN EMPRESARIAL EN LA ARTICULACION CON LA EDUCACION MEDIA
A193: 21466033 | B193: 44788524 | C193: 2024-02-26 00:00:00 | D193: 2024-02-28 04:29:22 | E193: Pagada | F193: 4,465,000.00 | G193: 17,860.00 | H193: 4,447,140.00 | I193: Beneficiario final | J193: Actual | K193: Cédula de Ciudadanía | L193: 21466033 | M193: CORDOBA MOSQUERA SANDRA LUCIA | N193: Abono en cuenta | O193: Ahorro | P193: 17421955450 | Q193: Activa | R193: 890903938 | S193: BANCOLOMBIA S.A. | T193: 940245 | U193: CENTRO DE SERVICIOS Y GESTION EMPRESARIAL-ANTIOQUIA -SERVICIOS PRESTADOS A LA FORMACION | V193: C-3603-1300-15-20305C-3603025-02 | W193: ADQUIS. DE BYS - SERVICIO DE FORMACIÓN PROFESIONAL INTEGRAL - FORTALECIMIENTO DEL SERVICIO DE FORMACIÓN PROFESIONAL DEL SENA NACIONAL | X193: Nación | Y193: RECURSOS CORRIENTES | Z193: CSF | AA193: 4,465,000.00 | AB193: 0.00 | AC193: 0.00 | AD193: 0.00 | AE193: 13-01-01-DT | AH193: No | AM193: PAGO PRESTACION SERVICIOS MES DE FEBRERO CTO No, CO1,PCCNTR,5833162DE CORDOBA MOSQUERA SANDRA LUCIA | AN193: 1324 | AO193: 1324 | AP193: 9724 | AQ193: 0 | AS193: 21624 | AT193: 44788524 | AU193: 0 | AV193: 2024-02-01 00:00:00 | AW193: CONTRATO DE PRESTACION DE SERVICIOS - PROFESIONALES | AX193: CO1.PCCNTR.5833162 | AY193: INSTRUCTOR - PRESTAR SERVICIOS PERSONALES PARA PLANEAR Y ORIENTAR LA FORMACIÓN PROFESIONAL INTEGRAL, QUE PROGRAME EL CENTRO DE SERVICIOS Y GESTIÓN EMPRESARIAL EN SUS DIFERENTES NIVELES Y MODALIDADES | AZ193: =VLOOKUP(A193,Hoja1!A192:BM626,45,FALSE) -> #N/A | BA193: =VLOOKUP(A193,Hoja1!A:BM,7,FALSE) -> 5833162 | BB193: =VLOOKUP(A193,Hoja1!A:BM,10,FALSE) -> INSTRUCTOR - PRESTAR SERVICIOS PERSONALES PARA PLANEAR Y ORIENTAR LA FORMACIÓN PROFESIONAL INTEGRAL, QUE PROGRAME EL CENTRO DE SERVICIOS Y GESTIÓN EMPRESARIAL EN SUS DIFERENTES NIVELES Y MODALIDADES
A194: 25172216 | B194: 44788624 | C194: 2024-02-26 00:00:00 | D194: 2024-02-28 04:29:23 | E194: Pagada | F194: 4,465,000.00 | G194: 17,860.00 | H194: 4,447,140.00 | I194: Beneficiario final | J194: Actual | K194: Cédula de Ciudadanía | L194: 25172216 | M194: BEATRIZ HELENA MARIN RODRIGUEZ | N194: Abono en cuenta | O194: Ahorro | P194: 59726869639 | Q194: Activa | R194: 890903938 | S194: BANCOLOMBIA S.A. | T194: 940245 | U194: CENTRO DE SERVICIOS Y GESTION EMPRESARIAL-ANTIOQUIA -SERVICIOS PRESTADOS A LA FORMACION | V194: C-3603-1300-15-20305C-3603025-02 | W194: ADQUIS. DE BYS - SERVICIO DE FORMACIÓN PROFESIONAL INTEGRAL - FORTALECIMIENTO DEL SERVICIO DE FORMACIÓN PROFESIONAL DEL SENA NACIONAL | X194: Nación | Y194: RECURSOS CORRIENTES | Z194: CSF | AA194: 4,465,000.00 | AB194: 0.00 | AC194: 0.00 | AD194: 0.00 | AE194: 13-01-01-DT | AH194: No | AM194: PAGO PRESTACION SERVICIOS MES DE FEBRERO CTO No, CO1,PCCNTR,5824533DE BEATRIZ HELENA MARIN RODRIGUEZ | AN194: 1324 | AO194: 1324 | AP194: 3124 | AQ194: 0 | AS194: 21724 | AT194: 44788624 | AU194: 0 | AV194: 2024-01-30 00:00:00 | AW194: CONTRATO DE PRESTACION DE SERVICIOS - PROFESIONALES | AX194: CO1.PCCNTR.5824533 | AY194: INSTRUCTOR - PRESTAR SERVICIOS PERSONALES PARA PLANEAR Y ORIENTAR LA FORMACIÓN PROFESIONAL INTEGRAL, QUE PROGRAME EL CENTRO DE SERVICIOS Y GESTIÓN EMPRESARIAL EN SUS DIFERENTES NIVELES Y MODALIDADES | AZ194: =VLOOKUP(A194,Hoja1!A193:BM627,45,FALSE) -> #N/A | BA194: =VLOOKUP(A194,Hoja1!A:BM,7,FALSE) -> 5824533 | BB194: =VLOOKUP(A194,Hoja1!A:BM,10,FALSE) -> INSTRUCTOR - PRESTAR SERVICIOS PERSONALES PARA PLANEAR Y ORIENTAR LA FORMACIÓN PROFESIONAL INTEGRAL, QUE PROGRAME EL CENTRO DE SERVICIOS Y GESTIÓN EMPRESARIAL EN SUS DIFERENTES NIVELES Y MODALIDADES
A195: 43613366 | B195: 44797324 | C195: 2024-02-26 00:00:00 | D195: 2024-02-28 04:29:36 | E195: Pagada | F195: 3,720,833.00 | G195: 14,883.00 | H195: 3,705,950.00 | I195: Beneficiario final | J195: Actual | K195: Cédula de Ciudadanía | L195: 43613366 | M195: BAENA SUAZA HELEN KATHY | N195: Abono en cuenta | O195: Ahorro | P195: 01055650906 | Q195: Activa | R195: 890903938 | S195: BANCOLOMBIA S.A. | T195: 940211 | U195: CENTRO DE SERVICIOS Y GESTION EMPRESARIAL-INTEGRACION CON LA MEDIA | V195: C-3603-1300-15-20305C-3603025-02 | W195: ADQUIS. DE BYS - SERVICIO DE FORMACIÓN PROFESIONAL INTEGRAL - FORTALECIMIENTO DEL SERVICIO DE FORMACIÓN PROFESIONAL DEL SENA NACIONAL | X195: Propios | Y195: INGRESOS CORRIENTES | Z195: CSF | AA195: 3,720,833.00 | AB195: 0.00 | AC195: 0.00 | AD195: 0.00 | AE195: 13-01-01-DT | AH195: No | AM195: PAGO PRESTACION SERVICIOS MES DE FEBRERO CTO No, CO1,PCCNTR,5845023DE BAENA SUAZA HELEN KATHY | AN195: 1224 | AO195: 1224 | AP195: 21024 | AQ195: 0 | AS195: 22824 | AT195: 44797324 | AU195: 0 | AV195: 2024-02-06 00:00:00 | AW195: CONTRATO DE PRESTACION DE SERVICIOS - PROFESIONALES | AX195: CO1.PCCNTR.5845023 | AY195: INSTRUCTOR - PRESTAR SERVICIOS PERSONALES DE PARA PLANEAR Y ORIENTAR LA FORMACIÓN PROFESIONAL INTEGRAL, QUE PROGRAME EL CENTRO DE SERVICIOS Y GESTIÓN EMPRESARIAL EN LA ARTICULACION CON LA EDUCACION MEDIA | AZ195: =VLOOKUP(A195,Hoja1!A204:BM638,45,FALSE) -> NICOLAS ESPINOSA SANTANA | BA195: =VLOOKUP(A195,Hoja1!A:BM,7,FALSE) -> 5845023 | BB195: =VLOOKUP(A195,Hoja1!A:BM,10,FALSE) -> INSTRUCTOR - PRESTAR SERVICIOS PERSONALES DE PARA PLANEAR Y ORIENTAR LA FORMACIÓN PROFESIONAL INTEGRAL, QUE PROGRAME EL CENTRO DE SERVICIOS Y GESTIÓN EMPRESARIAL EN LA ARTICULACION CON LA EDUCACION MEDIA
A196: 43613366 | B196: 81274424 | C196: 2024-03-20 00:00:00 | D196: 2024-03-22 04:22:29 | E196: Pagada | F196: 4,465,000.00 | G196: 17,860.00 | H196: 4,447,140.00 | I196: Beneficiario final | J196: Actual | K196: Cédula de Ciudadanía | L196: 43613366 | M196: BAENA SUAZA HELEN KATHY | N196: Abono en cuenta | O196: Ahorro | P196: 01055650906 | Q196: Activa | R196: 890903938 | S196: BANCOLOMBIA S.A. | T196: 940211 | U196: CENTRO DE SERVICIOS Y GESTION EMPRESARIAL-INTEGRACION CON LA MEDIA | V196: C-3603-1300-15-20305C-3603025-02 | W196: ADQUIS. DE BYS - SERVICIO DE FORMACIÓN PROFESIONAL INTEGRAL - FORTALECIMIENTO DEL SERVICIO DE FORMACIÓN PROFESIONAL DEL SENA NACIONAL | X196: Propios | Y196: INGRESOS CORRIENTES | Z196: CSF | AA196: 4,465,000.00 | AB196: 0.00 | AC196: 0.00 | AD196: 0.00 | AE196: 13-01-01-DT | AH196: No | AM196: PAGO PRESTACION SERVICIOS MES DE MARZO CTO No, CO1,PCCNTR,5845023DE BAENA SUAZA HELEN KATHY | AN196: 1224 | AO196: 1224 | AP196: 21024 | AQ196: 0 | AS196: 58524 | AT196: 81274424 | AU196: 0 | AV196: 2024-02-06 00:00:00 | AW196: CONTRATO DE PRESTACION DE SERVICIOS - PROFESIONALES | AX196: CO1.PCCNTR.5845023 | AY196: INSTRUCTOR - PRESTAR SERVICIOS PERSONALES DE PARA PLANEAR Y ORIENTAR LA FORMACIÓN PROFESIONAL INTEGRAL, QUE PROGRAME EL CENTRO DE SERVICIOS Y GESTIÓN EMPRESARIAL EN LA ARTICULACION CON LA EDUCACION MEDIA | AZ196: =VLOOKUP(A196,Hoja1!A549:BM983,45,FALSE) -> #N/A | BA196: =VLOOKUP(A196,Hoja1!A:BM,7,FALSE) -> 5845023 | BB196: =VLOOKUP(A196,Hoja1!A:BM,10,FALSE) -> INSTRUCTOR - PRESTAR SERVICIOS PERSONALES DE PARA PLANEAR Y ORIENTAR LA FORMACIÓN PROFESIONAL INTEGRAL, QUE PROGRAME EL CENTRO DE SERVICIOS Y GESTIÓN EMPRESARIAL EN LA ARTICULACION CON LA EDUCACION MEDIA
A197: 43613366 | B197: 122186924 | C197: 2024-04-25 00:00:00 | D197: 2024-04-29 03:50:31 | E197: Pagada | F197: 4,465,000.00 | G197: 17,860.00 | H197: 4,447,140.00 | I197: Beneficiario final | J197: Actual | K197: Cédula de Ciudadanía | L197: 43613366 | M197: BAENA SUAZA HELEN KATHY | N197: Abono en cuenta | O197: Ahorro | P197: 01055650906 | Q197: Activa | R197: 890903938 | S197: BANCOLOMBIA S.A. | T197: 940211 | U197: CENTRO DE SERVICIOS Y GESTION EMPRESARIAL-INTEGRACION CON LA MEDIA | V197: C-3603-1300-15-20305C-3603025-02 | W197: ADQUIS. DE BYS - SERVICIO DE FORMACIÓN PROFESIONAL INTEGRAL - FORTALECIMIENTO DEL SERVICIO DE FORMACIÓN PROFESIONAL DEL SENA NACIONAL | X197: Propios | Y197: INGRESOS CORRIENTES | Z197: CSF | AA197: 4,465,000.00 | AB197: 0.00 | AC197: 0.00 | AD197: 0.00 | AE197: 13-01-01-DT | AH197: No | AM197: PAGO PRESTACION SERVICIOS MES DE ABRIL CTO No, CO1,PCCNTR,5845023DE BAENA SUAZA HELEN KATHY | AN197: 1224 | AO197: 1224 | AP197: 21024 | AQ197: 0 | AS197: 100824 | AT197: 122186924 | AU197: 0 | AV197: 2024-02-06 00:00:00 | AW197: CONTRATO DE PRESTACION DE SERVICIOS - PROFESIONALES | AX197: CO1.PCCNTR.5845023 | AY197: INSTRUCTOR - PRESTAR SERVICIOS PERSONALES DE PARA PLANEAR Y ORIENTAR LA FORMACIÓN PROFESIONAL INTEGRAL, QUE PROGRAME EL CENTRO DE SERVICIOS Y GESTIÓN EMPRESARIAL EN LA ARTICULACION CON LA EDUCACION MEDIA | AZ197: =VLOOKUP(A197,Hoja1!A962:BM1396,45,FALSE) -> #N/A | BA197: =VLOOKUP(A197,Hoja1!A:BM,7,FALSE) -> 5845023 | BB197: =VLOOKUP(A197,Hoja1!A:BM,10,FALSE) -> INSTRUCTOR - PRESTAR SERVICIOS PERSONALES DE PARA PLANEAR Y ORIENTAR LA FORMACIÓN PROFESIONAL INTEGRAL, QUE PROGRAME EL CENTRO DE SERVICIOS Y GESTIÓN EMPRESARIAL EN LA ARTICULACION CON LA EDUCACION MEDIA
A198: 38144067 | B198: 44789124 | C198: 2024-02-26 00:00:00 | D198: 2024-02-28 04:35:27 | E198: Pagada | F198: 4,316,167.00 | G198: 17,265.00 | H198: 4,298,902.00 | I198: Beneficiario final | J198: Actual | K198: Cédula de Ciudadanía | L198: 38144067 | M198: LOMBANA NIÑO DERLY XIOMARA | N198: Abono en cuenta | O198: Ahorro | P198: 0570030270126714 | Q198: Activa | R198: 860034313 | S198: BANCO DAVIVIENDA S.A. | T198: 940245 | U198: CENTRO DE SERVICIOS Y GESTION EMPRESARIAL-ANTIOQUIA -SERVICIOS PRESTADOS A LA FORMACION | V198: C-3603-1300-15-20305C-3603025-02 | W198: ADQUIS. DE BYS - SERVICIO DE FORMACIÓN PROFESIONAL INTEGRAL - FORTALECIMIENTO DEL SERVICIO DE FORMACIÓN PROFESIONAL DEL SENA NACIONAL | X198: Nación | Y198: RECURSOS CORRIENTES | Z198: CSF | AA198: 4,316,167.00 | AB198: 0.00 | AC198: 0.00 | AD198: 0.00 | AE198: 13-01-01-DT | AH198: No | AM198: PAGO PRESTACION SERVICIOS MES DE FEBRERO CTO No, CO1,PCCNTR,5830483DE LOMBANA NIÃƒâ€˜O DERLY XIOMARA | AN198: 1324 | AO198: 1324 | AP198: 14124 | AQ198: 0 | AS198: 22124 | AT198: 44789124 | AU198: 0 | AV198: 2024-02-02 00:00:00 | AW198: CONTRATO DE PRESTACION DE SERVICIOS - PROFESIONALES | AX198: CO1.PCCNTR.5830483 | AY198: INSTRUCTOR - PRESTAR SERVICIOS PERSONALES PARA PLANEAR Y ORIENTAR LA FORMACIÓN PROFESIONAL INTEGRAL, QUE PROGRAME EL CENTRO DE SERVICIOS Y GESTIÓN EMPRESARIAL EN SUS DIFERENTES NIVELES Y MODALIDADES | AZ198: =VLOOKUP(A198,Hoja1!A197:BM631,45,FALSE) -> #N/A | BA198: =VLOOKUP(A198,Hoja1!A:BM,7,FALSE) -> 5830483 | BB198: =VLOOKUP(A198,Hoja1!A:BM,10,FALSE) -> INSTRUCTOR - PRESTAR SERVICIOS PERSONALES PARA PLANEAR Y ORIENTAR LA FORMACIÓN PROFESIONAL INTEGRAL, QUE PROGRAME EL CENTRO DE SERVICIOS Y GESTIÓN EMPRESARIAL EN SUS DIFERENTES NIVELES Y MODALIDADES
A199: 40933566 | B199: 44789224 | C199: 2024-02-26 00:00:00 | D199: 2024-02-28 04:36:49 | E199: Pagada | F199: 4,465,000.00 | G199: 17,860.00 | H199: 4,447,140.00 | I199: Beneficiario final | J199: Actual | K199: Cédula de Ciudadanía | L199: 40933566 | M199: CAMPO OBREDOR MARCELY MASLE | N199: Abono en cuenta | O199: Ahorro | P199: 236800011769 | Q199: Activa | R199: 860034313 | S199: BANCO DAVIVIENDA S.A. | T199: 940245 | U199: CENTRO DE SERVICIOS Y GESTION EMPRESARIAL-ANTIOQUIA -SERVICIOS PRESTADOS A LA FORMACION | V199: C-3603-1300-15-20305C-3603025-02 | W199: ADQUIS. DE BYS - SERVICIO DE FORMACIÓN PROFESIONAL INTEGRAL - FORTALECIMIENTO DEL SERVICIO DE FORMACIÓN PROFESIONAL DEL SENA NACIONAL | X199: Nación | Y199: RECURSOS CORRIENTES | Z199: CSF | AA199: 4,465,000.00 | AB199: 0.00 | AC199: 0.00 | AD199: 0.00 | AE199: 13-01-01-DT | AH199: No | AM199: PAGO PRESTACION SERVICIOS MES DE FEBRERO CTO No, CO1,PCCNTR,5824966DE CAMPO OBREDOR MARCELY MASLE | AN199: 1324 | AO199: 1324 | AP199: 2624 | AQ199: 0 | AS199: 22224 | AT199: 44789224 | AU199: 0 | AV199: 2024-01-30 00:00:00 | AW199: CONTRATO DE PRESTACION DE SERVICIOS - PROFESIONALES | AX199: CO1.PCCNTR.5824966 | AY199: INSTRUCTOR - PRESTAR SERVICIOS PERSONALES PARA PLANEAR Y ORIENTAR LA FORMACIÓN PROFESIONAL INTEGRAL, QUE PROGRAME EL CENTRO DE SERVICIOS Y GESTIÓN EMPRESARIAL EN SUS DIFERENTES NIVELES Y MODALIDADES | AZ199: =VLOOKUP(A199,Hoja1!A198:BM632,45,FALSE) -> #N/A | BA199: =VLOOKUP(A199,Hoja1!A:BM,7,FALSE) -> 5824966 | BB199: =VLOOKUP(A199,Hoja1!A:BM,10,FALSE) -> INSTRUCTOR - PRESTAR SERVICIOS PERSONALES PARA PLANEAR Y ORIENTAR LA FORMACIÓN PROFESIONAL INTEGRAL, QUE PROGRAME EL CENTRO DE SERVICIOS Y GESTIÓN EMPRESARIAL EN SUS DIFERENTES NIVELES Y MODALIDADES
A200: 42702437 | B200: 44789324 | C200: 2024-02-26 00:00:00 | D200: 2024-02-28 04:31:09 | E200: Pagada | F200: 3,452,000.00 | G200: 13,808.00 | H200: 3,438,192.00 | I200: Beneficiario final | J200: Actual | K200: Cédula de Ciudadanía | L200: 42702437 | M200: MONTOYA AGUDELO LEIDI ZULEIMA | N200: Abono en cuenta | O200: Ahorro | P200: 61700030953 | Q200: Activa | R200: 890903938 | S200: BANCOLOMBIA S.A. | T200: 940245 | U200: CENTRO DE SERVICIOS Y GESTION EMPRESARIAL-ANTIOQUIA -SERVICIOS PRESTADOS A LA FORMACION | V200: C-3603-1300-15-20305C-3603025-02 | W200: ADQUIS. DE BYS - SERVICIO DE FORMACIÓN PROFESIONAL INTEGRAL - FORTALECIMIENTO DEL SERVICIO DE FORMACIÓN PROFESIONAL DEL SENA NACIONAL | X200: Nación | Y200: RECURSOS CORRIENTES | Z200: CSF | AA200: 3,452,000.00 | AB200: 0.00 | AC200: 0.00 | AD200: 0.00 | AE200: 13-01-01-DT | AH200: No | AM200: PAGO PRESTACION SERVICIOS MES DE FEBRERO CTO No, CO1,PCCNTR,5830938DE MONTOYA AGUDELO LEIDI ZULEIMA | AN200: 1324 | AO200: 1324 | AP200: 7624 | AQ200: 0 | AS200: 22324 | AT200: 44789324 | AU200: 0 | AV200: 2024-01-31 00:00:00 | AW200: CONTRATO DE PRESTACION DE SERVICIOS - PROFESIONALES | AX200: CO1.PCCNTR.5830938 | AY200: INSTRUCTOR -PRESTAR SERVICIOS PERSONALES L PARA PLANEAR Y ORIENTAR LA FORMACIÓN PROFESIONAL INTEGRAL, QUE PROGRAME EL CENTRO DE SERVICIOS Y GESTIÓN EMPRESARIAL EN SUS DIFERENTES NIVELES Y MODALIDADES | AZ200: =VLOOKUP(A200,Hoja1!A199:BM633,45,FALSE) -> #N/A | BA200: =VLOOKUP(A200,Hoja1!A:BM,7,FALSE) -> 5830938 | BB200: =VLOOKUP(A200,Hoja1!A:BM,10,FALSE) -> INSTRUCTOR -PRESTAR SERVICIOS PERSONALES L PARA PLANEAR Y ORIENTAR LA FORMACIÓN PROFESIONAL INTEGRAL, QUE PROGRAME EL CENTRO DE SERVICIOS Y GESTIÓN EMPRESARIAL EN SUS DIFERENTES NIVELES Y MODALIDADES
A201: 42769468 | B201: 44789424 | C201: 2024-02-26 00:00:00 | D201: 2024-02-28 04:45:08 | E201: Pagada | F201: 2,991,733.00 | G201: 11,967.00 | H201: 2,979,766.00 | I201: Beneficiario final | J201: Actual | K201: Cédula de Ciudadanía | L201: 42769468 | M201: ALVAREZ TORRES LUZ STELLA | N201: Abono en cuenta | O201: Ahorro | P201: 24374014095 | Q201: Activa | R201: 890903938 | S201: BANCOLOMBIA S.A. | T201: 940245 | U201: CENTRO DE SERVICIOS Y GESTION EMPRESARIAL-ANTIOQUIA -SERVICIOS PRESTADOS A LA FORMACION | V201: C-3603-1300-15-20305C-3603025-02 | W201: ADQUIS. DE BYS - SERVICIO DE FORMACIÓN PROFESIONAL INTEGRAL - FORTALECIMIENTO DEL SERVICIO DE FORMACIÓN PROFESIONAL DEL SENA NACIONAL | X201: Nación | Y201: RECURSOS CORRIENTES | Z201: CSF | AA201: 2,991,733.00 | AB201: 0.00 | AC201: 0.00 | AD201: 0.00 | AE201: 13-01-01-DT | AH201: No | AM201: PAGO PRESTACION SERVICIOS MES DE FEBRERO CTO No, CO1,PCCNTR,5840517DE ALVAREZ TORRES LUZ STELLA | AN201: 1324 | AO201: 1324 | AP201: 16824 | AQ201: 0 | AS201: 22424 | AT201: 44789424 | AU201: 0 | AV201: 2024-02-02 00:00:00 | AW201: CONTRATO DE PRESTACION DE SERVICIOS - PROFESIONALES | AX201: CO1.PCCNTR.5840517 | AY201: INSTRUCTOR - PRESTAR SERVICIOS PERSONALES PARA PLANEAR Y ORIENTAR LA FORMACIÓN PROFESIONAL INTEGRAL, QUE PROGRAME EL CENTRO DE SERVICIOS Y GESTIÓN EMPRESARIAL EN SUS DIFERENTES NIVELES Y MODALIDADES. | AZ201: =VLOOKUP(A201,Hoja1!A200:BM634,45,FALSE) -> #N/A | BA201: =VLOOKUP(A201,Hoja1!A:BM,7,FALSE) -> 5840517 | BB201: =VLOOKUP(A201,Hoja1!A:BM,10,FALSE) -> INSTRUCTOR - PRESTAR SERVICIOS PERSONALES PARA PLANEAR Y ORIENTAR LA FORMACIÓN PROFESIONAL INTEGRAL, QUE PROGRAME EL CENTRO DE SERVICIOS Y GESTIÓN EMPRESARIAL EN SUS DIFERENTES NIVELES Y MODALIDADES.
A202: 43469732 | B202: 44789524 | C202: 2024-02-26 00:00:00 | D202: 2024-02-28 04:21:42 | E202: Pagada | F202: 4,465,000.00 | G202: 17,860.00 | H202: 4,447,140.00 | I202: Beneficiario final | J202: Actual | K202: Cédula de Ciudadanía | L202: 43469732 | M202: GALLEGO PEREZ MARIA EDITH | N202: Abono en cuenta | O202: Ahorro | P202: 214124935 | Q202: Activa | R202: 860002964 | S202: BANCO DE BOGOTA | T202: 940245 | U202: CENTRO DE SERVICIOS Y GESTION EMPRESARIAL-ANTIOQUIA -SERVICIOS PRESTADOS A LA FORMACION | V202: C-3603-1300-15-20305C-3603025-02 | W202: ADQUIS. DE BYS - SERVICIO DE FORMACIÓN PROFESIONAL INTEGRAL - FORTALECIMIENTO DEL SERVICIO DE FORMACIÓN PROFESIONAL DEL SENA NACIONAL | X202: Nación | Y202: RECURSOS CORRIENTES | Z202: CSF | AA202: 4,465,000.00 | AB202: 0.00 | AC202: 0.00 | AD202: 0.00 | AE202: 13-01-01-DT | AH202: No | AM202: PAGO PRESTACION SERVICIOS MES DE FEBRERO CTO No, CO1,PCCNTR,5824920DE GALLEGO PEREZ MARIA EDITH | AN202: 1324 | AO202: 1324 | AP202: 2924 | AQ202: 0 | AS202: 22524 | AT202: 44789524 | AU202: 0 | AV202: 2024-01-30 00:00:00 | AW202: CONTRATO DE PRESTACION DE SERVICIOS - PROFESIONALES | AX202: CO1.PCCNTR.5824920 | AY202: INSTRUCTOR - PRESTAR SERVICIOS PERSONALES PARA PLANEAR Y ORIENTAR LA FORMACIÓN PROFESIONAL INTEGRAL, QUE PROGRAME EL CENTRO DE SERVICIOS Y GESTIÓN EMPRESARIAL EN SUS DIFERENTES NIVELES Y MODALIDADES | AZ202: =VLOOKUP(A202,Hoja1!A201:BM635,45,FALSE) -> #N/A | BA202: =VLOOKUP(A202,Hoja1!A:BM,7,FALSE) -> 5824920 | BB202: =VLOOKUP(A202,Hoja1!A:BM,10,FALSE) -> INSTRUCTOR - PRESTAR SERVICIOS PERSONALES PARA PLANEAR Y ORIENTAR LA FORMACIÓN PROFESIONAL INTEGRAL, QUE PROGRAME EL CENTRO DE SERVICIOS Y GESTIÓN EMPRESARIAL EN SUS DIFERENTES NIVELES Y MODALIDADES
A203: 43483711 | B203: 44789624 | C203: 2024-02-26 00:00:00 | D203: 2024-02-28 04:29:19 | E203: Pagada | F203: 4,465,000.00 | G203: 17,860.00 | H203: 4,447,140.00 | I203: Beneficiario final | J203: Actual | K203: Cédula de Ciudadanía | L203: 43483711 | M203: PATIÑO OSORIO LINA MARIA | N203: Abono en cuenta | O203: Ahorro | P203: 25315963004 | Q203: Activa | R203: 890903938 | S203: BANCOLOMBIA S.A. | T203: 940245 | U203: CENTRO DE SERVICIOS Y GESTION EMPRESARIAL-ANTIOQUIA -SERVICIOS PRESTADOS A LA FORMACION | V203: C-3603-1300-15-20305C-3603025-02 | W203: ADQUIS. DE BYS - SERVICIO DE FORMACIÓN PROFESIONAL INTEGRAL - FORTALECIMIENTO DEL SERVICIO DE FORMACIÓN PROFESIONAL DEL SENA NACIONAL | X203: Nación | Y203: RECURSOS CORRIENTES | Z203: CSF | AA203: 4,465,000.00 | AB203: 0.00 | AC203: 0.00 | AD203: 0.00 | AE203: 13-01-01-DT | AH203: No | AM203: PAGO PRESTACION SERVICIOS MES DE FEBRERO CTO No, CO1,PCCNTR,5824825DE PATIÃƒâ€˜O OSORIO LINA MARIA | AN203: 1324 | AO203: 1324 | AP203: 8224 | AQ203: 0 | AS203: 22624 | AT203: 44789624 | AU203: 0 | AV203: 2024-01-31 00:00:00 | AW203: CONTRATO DE PRESTACION DE SERVICIOS - PROFESIONALES | AX203: CO1.PCCNTR.5824825 | AY203: INSTRUCTOR -PRESTAR SERVICIOS PERSONALES L PARA PLANEAR Y ORIENTAR LA FORMACIÓN PROFESIONAL INTEGRAL, QUE PROGRAME EL CENTRO DE SERVICIOS Y GESTIÓN EMPRESARIAL EN SUS DIFERENTES NIVELES Y MODALIDADES | AZ203: =VLOOKUP(A203,Hoja1!A202:BM636,45,FALSE) -> #N/A | BA203: =VLOOKUP(A203,Hoja1!A:BM,7,FALSE) -> 5824825 | BB203: =VLOOKUP(A203,Hoja1!A:BM,10,FALSE) -> INSTRUCTOR -PRESTAR SERVICIOS PERSONALES L PARA PLANEAR Y ORIENTAR LA FORMACIÓN PROFESIONAL INTEGRAL, QUE PROGRAME EL CENTRO DE SERVICIOS Y GESTIÓN EMPRESARIAL EN SUS DIFERENTES NIVELES Y MODALIDADES
A204: 43613366 | B204: 166524624 | C204: 2024-05-28 00:00:00 | D204: 2024-05-30 03:41:32 | E204: Pagada | F204: 4,465,000.00 | G204: 17,860.00 | H204: 4,447,140.00 | I204: Beneficiario final | J204: Actual | K204: Cédula de Ciudadanía | L204: 43613366 | M204: BAENA SUAZA HELEN KATHY | N204: Abono en cuenta | O204: Ahorro | P204: 01055650906 | Q204: Activa | R204: 890903938 | S204: BANCOLOMBIA S.A. | T204: 940211 | U204: CENTRO DE SERVICIOS Y GESTION EMPRESARIAL-INTEGRACION CON LA MEDIA | V204: C-3603-1300-15-20305C-3603025-02 | W204: ADQUIS. DE BYS - SERVICIO DE FORMACIÓN PROFESIONAL INTEGRAL - FORTALECIMIENTO DEL SERVICIO DE FORMACIÓN PROFESIONAL DEL SENA NACIONAL | X204: Propios | Y204: INGRESOS CORRIENTES | Z204: CSF | AA204: 4,465,000.00 | AB204: 0.00 | AC204: 0.00 | AD204: 0.00 | AE204: 13-01-01-DT | AH204: No | AM204: PAGO PRESTACION SERVICIOS MES DE MAYO CTO No, CO1,PCCNTR,5845023DE BAENA SUAZA HELEN KATHY | AN204: 1224 | AO204: 1224 | AP204: 21024 | AQ204: 0 | AS204: 182524 | AT204: 166524624 | AU204: 0 | AV204: 2024-02-06 00:00:00 | AW204: CONTRATO DE PRESTACION DE SERVICIOS - PROFESIONALES | AX204: CO1.PCCNTR.5845023 | AY204: INSTRUCTOR - PRESTAR SERVICIOS PERSONALES DE PARA PLANEAR Y ORIENTAR LA FORMACIÓN PROFESIONAL INTEGRAL, QUE PROGRAME EL CENTRO DE SERVICIOS Y GESTIÓN EMPRESARIAL EN LA ARTICULACION CON LA EDUCACION MEDIA | AZ204: =VLOOKUP(A204,Hoja1!A1679:BM2113,45,FALSE) -> #N/A | BA204: =VLOOKUP(A204,Hoja1!A:BM,7,FALSE) -> 5845023 | BB204: =VLOOKUP(A204,Hoja1!A:BM,10,FALSE) -> INSTRUCTOR - PRESTAR SERVICIOS PERSONALES DE PARA PLANEAR Y ORIENTAR LA FORMACIÓN PROFESIONAL INTEGRAL, QUE PROGRAME EL CENTRO DE SERVICIOS Y GESTIÓN EMPRESARIAL EN LA ARTICULACION CON LA EDUCACION MEDIA
A205: 43613366 | B205: 205909324 | C205: 2024-06-25 00:00:00 | D205: 2024-06-27 04:25:35 | E205: Pagada | F205: 4,465,000.00 | G205: 17,860.00 | H205: 4,447,140.00 | I205: Beneficiario final | J205: Actual | K205: Cédula de Ciudadanía | L205: 43613366 | M205: BAENA SUAZA HELEN KATHY | N205: Abono en cuenta | O205: Ahorro | P205: 01055650906 | Q205: Activa | R205: 890903938 | S205: BANCOLOMBIA S.A. | T205: 940211 | U205: CENTRO DE SERVICIOS Y GESTION EMPRESARIAL-INTEGRACION CON LA MEDIA | V205: C-3603-1300-15-20305C-3603025-02 | W205: ADQUIS. DE BYS - SERVICIO DE FORMACIÓN PROFESIONAL INTEGRAL - FORTALECIMIENTO DEL SERVICIO DE FORMACIÓN PROFESIONAL DEL SENA NACIONAL | X205: Propios | Y205: INGRESOS CORRIENTES | Z205: CSF | AA205: 4,465,000.00 | AB205: 0.00 | AC205: 0.00 | AD205: 0.00 | AE205: 13-01-01-DT | AH205: No | AM205: PAGO PRESTACION SERVICIOS MES DE JUNIO CTO No, CO1,PCCNTR,5845023DE BAENA SUAZA HELEN KATHY | AN205: 1224 | AO205: 1224 | AP205: 21024 | AQ205: 0 | AS205: 249224 | AT205: 205909324 | AU205: 0 | AV205: 2024-02-06 00:00:00 | AW205: CONTRATO DE PRESTACION DE SERVICIOS - PROFESIONALES | AX205: CO1.PCCNTR.5845023 | AY205: INSTRUCTOR - PRESTAR SERVICIOS PERSONALES DE PARA PLANEAR Y ORIENTAR LA FORMACIÓN PROFESIONAL INTEGRAL, QUE PROGRAME EL CENTRO DE SERVICIOS Y GESTIÓN EMPRESARIAL EN LA ARTICULACION CON LA EDUCACION MEDIA | AZ205: =VLOOKUP(A205,Hoja1!A2420:BM2854,45,FALSE) -> #N/A | BA205: =VLOOKUP(A205,Hoja1!A:BM,7,FALSE) -> 5845023 | BB205: =VLOOKUP(A205,Hoja1!A:BM,10,FALSE) -> INSTRUCTOR - PRESTAR SERVICIOS PERSONALES DE PARA PLANEAR Y ORIENTAR LA FORMACIÓN PROFESIONAL INTEGRAL, QUE PROGRAME EL CENTRO DE SERVICIOS Y GESTIÓN EMPRESARIAL EN LA ARTICULACION CON LA EDUCACION MEDIA
A206: 43896312 | B206: 44797424 | C206: 2024-02-26 00:00:00 | D206: 2024-02-28 04:30:16 | E206: Pagada | F206: 3,572,000.00 | G206: 14,288.00 | H206: 3,557,712.00 | I206: Beneficiario final | J206: Actual | K206: Cédula de Ciudadanía | L206: 43896312 | M206: MOSQUERA MORENO CARMEN ELENA | N206: Abono en cuenta | O206: Ahorro | P206: 10825320797 | Q206: Activa | R206: 890903938 | S206: BANCOLOMBIA S.A. | T206: 940245 | U206: CENTRO DE SERVICIOS Y GESTION EMPRESARIAL-ANTIOQUIA -SERVICIOS PRESTADOS A LA FORMACION | V206: C-3603-1300-15-20305C-3603025-02 | W206: ADQUIS. DE BYS - SERVICIO DE FORMACIÓN PROFESIONAL INTEGRAL - FORTALECIMIENTO DEL SERVICIO DE FORMACIÓN PROFESIONAL DEL SENA NACIONAL | X206: Nación | Y206: RECURSOS CORRIENTES | Z206: CSF | AA206: 3,572,000.00 | AB206: 0.00 | AC206: 0.00 | AD206: 0.00 | AE206: 13-01-01-DT | AH206: No | AM206: PAGO PRESTACION SERVICIOS MES DE FEBRERO CTO No, CO1,PCCNTR,5846337DE MOSQUERA MORENO CARMEN ELENA | AN206: 1324 | AO206: 1324 | AP206: 22624 | AQ206: 0 | AS206: 22924 | AT206: 44797424 | AU206: 0 | AV206: 2024-02-06 00:00:00 | AW206: CONTRATO DE PRESTACION DE SERVICIOS - PROFESIONALES | AX206: CO1.PCCNTR.5846337 | AY206: INSTRUCTOR - PRESTAR SERVICIOS PERSONALES PARA PLANEAR Y ORIENTAR LA FORMACIÓN PROFESIONAL INTEGRAL, QUE PROGRAME EL CENTRO DE SERVICIOS Y GESTIÓN EMPRESARIAL EN SUS DIFERENTES NIVELES Y MODALIDADES | AZ206: =VLOOKUP(A206,Hoja1!A205:BM639,45,FALSE) -> NICOLAS ESPINOSA SANTANA | BA206: =VLOOKUP(A206,Hoja1!A:BM,7,FALSE) -> 5846337 | BB206: =VLOOKUP(A206,Hoja1!A:BM,10,FALSE) -> INSTRUCTOR - PRESTAR SERVICIOS PERSONALES PARA PLANEAR Y ORIENTAR LA FORMACIÓN PROFESIONAL INTEGRAL, QUE PROGRAME EL CENTRO DE SERVICIOS Y GESTIÓN EMPRESARIAL EN SUS DIFERENTES NIVELES Y MODALIDADES
A207: 43613366 | B207: 255147224 | C207: 2024-07-29 00:00:00 | D207: 2024-07-31 04:21:25 | E207: Pagada | F207: 4,465,000.00 | G207: 17,860.00 | H207: 4,447,140.00 | I207: Beneficiario final | J207: Actual | K207: Cédula de Ciudadanía | L207: 43613366 | M207: BAENA SUAZA HELEN KATHY | N207: Abono en cuenta | O207: Ahorro | P207: 01055650906 | Q207: Activa | R207: 890903938 | S207: BANCOLOMBIA S.A. | T207: 940211 | U207: CENTRO DE SERVICIOS Y GESTION EMPRESARIAL-INTEGRACION CON LA MEDIA | V207: C-3603-1300-15-20305C-3603025-02 | W207: ADQUIS. DE BYS - SERVICIO DE FORMACIÓN PROFESIONAL INTEGRAL - FORTALECIMIENTO DEL SERVICIO DE FORMACIÓN PROFESIONAL DEL SENA NACIONAL | X207: Propios | Y207: INGRESOS CORRIENTES | Z207: CSF | AA207: 4,465,000.00 | AB207: 0.00 | AC207: 0.00 | AD207: 0.00 | AE207: 13-01-01-DT | AH207: No | AM207: PAGO PRESTACION SERVICIOS MES DE JULIO CTO No, CO1,PCCNTR,5845023DE BAENA SUAZA HELEN KATHY | AN207: 1224 | AO207: 1224 | AP207: 21024 | AQ207: 0 | AS207: 325224 | AT207: 255147224 | AU207: 0 | AV207: 2024-02-06 00:00:00 | AW207: CONTRATO DE PRESTACION DE SERVICIOS - PROFESIONALES | AX207: CO1.PCCNTR.5845023 | AY207: INSTRUCTOR - PRESTAR SERVICIOS PERSONALES DE PARA PLANEAR Y ORIENTAR LA FORMACIÓN PROFESIONAL INTEGRAL, QUE PROGRAME EL CENTRO DE SERVICIOS Y GESTIÓN EMPRESARIAL EN LA ARTICULACION CON LA EDUCACION MEDIA | AZ207: =VLOOKUP(A207,Hoja1!A3176:BM3610,45,FALSE) -> #N/A | BA207: =VLOOKUP(A207,Hoja1!A:BM,7,FALSE) -> 5845023 | BB207: =VLOOKUP(A207,Hoja1!A:BM,10,FALSE) -> INSTRUCTOR - PRESTAR SERVICIOS PERSONALES DE PARA PLANEAR Y ORIENTAR LA FORMACIÓN PROFESIONAL INTEGRAL, QUE PROGRAME EL CENTRO DE SERVICIOS Y GESTIÓN EMPRESARIAL EN LA ARTICULACION CON LA EDUCACION MEDIA
A208: 43613366 | B208: 295390324 | C208: 2024-08-27 00:00:00 | D208: 2024-08-29 04:07:04 | E208: Pagada | F208: 4,465,000.00 | G208: 17,860.00 | H208: 4,447,140.00 | I208: Beneficiario final | J208: Actual | K208: Cédula de Ciudadanía | L208: 43613366 | M208: BAENA SUAZA HELEN KATHY | N208: Abono en cuenta | O208: Ahorro | P208: 01055650906 | Q208: Activa | R208: 890903938 | S208: BANCOLOMBIA S.A. | T208: 940211 | U208: CENTRO DE SERVICIOS Y GESTION EMPRESARIAL-INTEGRACION CON LA MEDIA | V208: C-3603-1300-15-20305C-3603025-02 | W208: ADQUIS. DE BYS - SERVICIO DE FORMACIÓN PROFESIONAL INTEGRAL - FORTALECIMIENTO DEL SERVICIO DE FORMACIÓN PROFESIONAL DEL SENA NACIONAL | X208: Propios | Y208: INGRESOS CORRIENTES | Z208: CSF | AA208: 4,465,000.00 | AB208: 0.00 | AC208: 0.00 | AD208: 0.00 | AE208: 13-01-01-DT | AH208: No | AM208: PAGO PRESTACION SERVICIOS MES DE AGOSTO CTO No, CO1,PCCNTR,5845023DE BAENA SUAZA HELEN KATHY | AN208: 1224 | AO208: 1224 | AP208: 21024 | AQ208: 0 | AS208: 346824 | AT208: 295390324 | AU208: 0 | AV208: 2024-02-06 00:00:00 | AW208: CONTRATO DE PRESTACION DE SERVICIOS - PROFESIONALES | AX208: CO1.PCCNTR.5845023 | AY208: INSTRUCTOR - PRESTAR SERVICIOS PERSONALES DE PARA PLANEAR Y ORIENTAR LA FORMACIÓN PROFESIONAL INTEGRAL, QUE PROGRAME EL CENTRO DE SERVICIOS Y GESTIÓN EMPRESARIAL EN LA ARTICULACION CON LA EDUCACION MEDIA | AZ208: =VLOOKUP(A208,Hoja1!A3398:BM3832,45,FALSE) -> #N/A | BA208: =VLOOKUP(A208,Hoja1!A:BM,7,FALSE) -> 5845023 | BB208: =VLOOKUP(A208,Hoja1!A:BM,10,FALSE) -> INSTRUCTOR - PRESTAR SERVICIOS PERSONALES DE PARA PLANEAR Y ORIENTAR LA FORMACIÓN PROFESIONAL INTEGRAL, QUE PROGRAME EL CENTRO DE SERVICIOS Y GESTIÓN EMPRESARIAL EN LA ARTICULACION CON LA EDUCACION MEDIA
A209: 43613366 | B209: 340944324 | C209: 2024-09-24 00:00:00 | D209: 2024-09-26 03:54:19 | E209: Pagada | F209: 4,465,000.00 | G209: 17,860.00 | H209: 4,447,140.00 | I209: Beneficiario final | J209: Actual | K209: Cédula de Ciudadanía | L209: 43613366 | M209: BAENA SUAZA HELEN KATHY | N209: Abono en cuenta | O209: Ahorro | P209: 01055650906 | Q209: Activa | R209: 890903938 | S209: BANCOLOMBIA S.A. | T209: 940211 | U209: CENTRO DE SERVICIOS Y GESTION EMPRESARIAL-INTEGRACION CON LA MEDIA | V209: C-3603-1300-15-20305C-3603025-02 | W209: ADQUIS. DE BYS - SERVICIO DE FORMACIÓN PROFESIONAL INTEGRAL - FORTALECIMIENTO DEL SERVICIO DE FORMACIÓN PROFESIONAL DEL SENA NACIONAL | X209: Propios | Y209: INGRESOS CORRIENTES | Z209: CSF | AA209: 4,465,000.00 | AB209: 0.00 | AC209: 0.00 | AD209: 0.00 | AE209: 13-01-01-DT | AH209: No | AM209: PAGO PRESTACION SERVICIOS MES DE SEPTIEMBRE CTO No, CO1,PCCNTR,5845023DE BAENA SUAZA HELEN KATHY | AN209: 1224 | AO209: 1224 | AP209: 21024 | AQ209: 0 | AS209: 419324 | AT209: 340944324 | AU209: 0 | AV209: 2024-02-06 00:00:00 | AW209: CONTRATO DE PRESTACION DE SERVICIOS - PROFESIONALES | AX209: CO1.PCCNTR.5845023 | AY209: INSTRUCTOR - PRESTAR SERVICIOS PERSONALES DE PARA PLANEAR Y ORIENTAR LA FORMACIÓN PROFESIONAL INTEGRAL, QUE PROGRAME EL CENTRO DE SERVICIOS Y GESTIÓN EMPRESARIAL EN LA ARTICULACION CON LA EDUCACION MEDIA | AZ209: =VLOOKUP(A209,Hoja1!A4128:BM4562,45,FALSE) -> #N/A | BA209: =VLOOKUP(A209,Hoja1!A:BM,7,FALSE) -> 5845023 | BB209: =VLOOKUP(A209,Hoja1!A:BM,10,FALSE) -> INSTRUCTOR - PRESTAR SERVICIOS PERSONALES DE PARA PLANEAR Y ORIENTAR LA FORMACIÓN PROFESIONAL INTEGRAL, QUE PROGRAME EL CENTRO DE SERVICIOS Y GESTIÓN EMPRESARIAL EN LA ARTICULACION CON LA EDUCACION MEDIA
A210: 70080371 | B210: 44798024 | C210: 2024-02-26 00:00:00 | D210: 2024-02-28 04:23:52 | E210: Pagada | F210: 3,869,667.00 | G210: 15,479.00 | H210: 3,854,188.00 | I210: Beneficiario final | J210: Actual | K210: Cédula de Ciudadanía | L210: 70080371 | M210: GONZALEZ PARRA JOSE NORBERTO | N210: Abono en cuenta | O210: Ahorro | P210: 00806853411 | Q210: Activa | R210: 890903938 | S210: BANCOLOMBIA S.A. | T210: 940245 | U210: CENTRO DE SERVICIOS Y GESTION EMPRESARIAL-ANTIOQUIA -SERVICIOS PRESTADOS A LA FORMACION | V210: C-3603-1300-15-20305C-3603025-02 | W210: ADQUIS. DE BYS - SERVICIO DE FORMACIÓN PROFESIONAL INTEGRAL - FORTALECIMIENTO DEL SERVICIO DE FORMACIÓN PROFESIONAL DEL SENA NACIONAL | X210: Nación | Y210: RECURSOS CORRIENTES | Z210: CSF | AA210: 3,869,667.00 | AB210: 0.00 | AC210: 0.00 | AD210: 0.00 | AE210: 13-01-01-DT | AH210: No | AM210: PAGO PRESTACION SERVICIOS MES DE FEBRERO CTO No, CO1,PCCNTR,5840471DE GONZALEZ PARRA JOSE NORBERTO | AN210: 1324 | AO210: 1324 | AP210: 16724 | AQ210: 0 | AS210: 23324 | AT210: 44798024 | AU210: 0 | AV210: 2024-02-02 00:00:00 | AW210: CONTRATO DE PRESTACION DE SERVICIOS - PROFESIONALES | AX210: CO1.PCCNTR.5840471 | AY210: INSTRUCTOR - PRESTAR SERVICIOS PERSONALES PARA PLANEAR Y ORIENTAR LA FORMACIÓN PROFESIONAL INTEGRAL, QUE PROGRAME EL CENTRO DE SERVICIOS Y GESTIÓN EMPRESARIAL EN SUS DIFERENTES NIVELES Y MODALIDADES. | AZ210: =VLOOKUP(A210,Hoja1!A209:BM643,45,FALSE) -> #N/A | BA210: =VLOOKUP(A210,Hoja1!A:BM,7,FALSE) -> 5840471 | BB210: =VLOOKUP(A210,Hoja1!A:BM,10,FALSE) -> INSTRUCTOR - PRESTAR SERVICIOS PERSONALES PARA PLANEAR Y ORIENTAR LA FORMACIÓN PROFESIONAL INTEGRAL, QUE PROGRAME EL CENTRO DE SERVICIOS Y GESTIÓN EMPRESARIAL EN SUS DIFERENTES NIVELES Y MODALIDADES.
A211: 1128275010 | B211: 44801524 | C211: 2024-02-26 00:00:00 | D211: 2024-02-28 04:29:26 | E211: Pagada | F211: 4,465,000.00 | G211: 17,860.00 | H211: 4,447,140.00 | I211: Beneficiario final | J211: Actual | K211: Cédula de Ciudadanía | L211: 1128275010 | M211: BERTEL GONZALEZ SOL KARIME | N211: Abono en cuenta | O211: Ahorro | P211: 37143028926 | Q211: Activa | R211: 890903938 | S211: BANCOLOMBIA S.A. | T211: 940211 | U211: CENTRO DE SERVICIOS Y GESTION EMPRESARIAL-INTEGRACION CON LA MEDIA | V211: C-3603-1300-15-20305C-3603025-02 | W211: ADQUIS. DE BYS - SERVICIO DE FORMACIÓN PROFESIONAL INTEGRAL - FORTALECIMIENTO DEL SERVICIO DE FORMACIÓN PROFESIONAL DEL SENA NACIONAL | X211: Propios | Y211: INGRESOS CORRIENTES | Z211: CSF | AA211: 4,465,000.00 | AB211: 0.00 | AC211: 0.00 | AD211: 0.00 | AE211: 13-01-01-DT | AH211: No | AM211: PAGO PRESTACION SERVICIOS MES DE FEBRERO CTO No, CO1,PCCNTR,5828461DE BERTEL GONZALEZ SOL KARIME | AN211: 1224 | AO211: 1224 | AP211: 5724 | AQ211: 0 | AS211: 26024 | AT211: 44801524 | AU211: 0 | AV211: 2024-01-31 00:00:00 | AW211: CONTRATO DE PRESTACION DE SERVICIOS - PROFESIONALES | AX211: CO1.PCCNTR.5828461 | AY211: INSTRUCTOR- PRESTAR SERVICIOS PERSONALES PARA PLANEAR Y ORIENTAR LA FORMACIÓN PROFESIONAL INTEGRAL, QUE PROGRAME EL CENTRO DE SERVICIOS Y GESTIÓN EMPRESARIAL EN LA ARTICULACION CON LA EDUCACION MEDIA | AZ211: =VLOOKUP(A211,Hoja1!A236:BM670,45,FALSE) -> #N/A | BA211: =VLOOKUP(A211,Hoja1!A:BM,7,FALSE) -> 5828461 | BB211: =VLOOKUP(A211,Hoja1!A:BM,10,FALSE) -> INSTRUCTOR- PRESTAR SERVICIOS PERSONALES PARA PLANEAR Y ORIENTAR LA FORMACIÓN PROFESIONAL INTEGRAL, QUE PROGRAME EL CENTRO DE SERVICIOS Y GESTIÓN EMPRESARIAL EN LA ARTICULACION CON LA EDUCACION MEDIA
A212: 1128275010 | B212: 81273224 | C212: 2024-03-20 00:00:00 | D212: 2024-03-22 04:21:59 | E212: Pagada | F212: 4,465,000.00 | G212: 17,860.00 | H212: 4,447,140.00 | I212: Beneficiario final | J212: Actual | K212: Cédula de Ciudadanía | L212: 1128275010 | M212: BERTEL GONZALEZ SOL KARIME | N212: Abono en cuenta | O212: Ahorro | P212: 37143028926 | Q212: Activa | R212: 890903938 | S212: BANCOLOMBIA S.A. | T212: 940211 | U212: CENTRO DE SERVICIOS Y GESTION EMPRESARIAL-INTEGRACION CON LA MEDIA | V212: C-3603-1300-15-20305C-3603025-02 | W212: ADQUIS. DE BYS - SERVICIO DE FORMACIÓN PROFESIONAL INTEGRAL - FORTALECIMIENTO DEL SERVICIO DE FORMACIÓN PROFESIONAL DEL SENA NACIONAL | X212: Propios | Y212: INGRESOS CORRIENTES | Z212: CSF | AA212: 4,465,000.00 | AB212: 0.00 | AC212: 0.00 | AD212: 0.00 | AE212: 13-01-01-DT | AH212: No | AM212: PAGO PRESTACION SERVICIOS MES DE MARZO CTO No, CO1,PCCNTR,5828461DE BERTEL GONZALEZ SOL KARIME | AN212: 1224 | AO212: 1224 | AP212: 5724 | AQ212: 0 | AS212: 57424 | AT212: 81273224 | AU212: 0 | AV212: 2024-01-31 00:00:00 | AW212: CONTRATO DE PRESTACION DE SERVICIOS - PROFESIONALES | AX212: CO1.PCCNTR.5828461 | AY212: INSTRUCTOR- PRESTAR SERVICIOS PERSONALES PARA PLANEAR Y ORIENTAR LA FORMACIÓN PROFESIONAL INTEGRAL, QUE PROGRAME EL CENTRO DE SERVICIOS Y GESTIÓN EMPRESARIAL EN LA ARTICULACION CON LA EDUCACION MEDIA | AZ212: =VLOOKUP(A212,Hoja1!A538:BM972,45,FALSE) -> #N/A | BA212: =VLOOKUP(A212,Hoja1!A:BM,7,FALSE) -> 5828461 | BB212: =VLOOKUP(A212,Hoja1!A:BM,10,FALSE) -> INSTRUCTOR- PRESTAR SERVICIOS PERSONALES PARA PLANEAR Y ORIENTAR LA FORMACIÓN PROFESIONAL INTEGRAL, QUE PROGRAME EL CENTRO DE SERVICIOS Y GESTIÓN EMPRESARIAL EN LA ARTICULACION CON LA EDUCACION MEDIA
A213: 1128275010 | B213: 122195224 | C213: 2024-04-25 00:00:00 | D213: 2024-04-29 03:50:28 | E213: Pagada | F213: 4,465,000.00 | G213: 17,860.00 | H213: 4,447,140.00 | I213: Beneficiario final | J213: Actual | K213: Cédula de Ciudadanía | L213: 1128275010 | M213: BERTEL GONZALEZ SOL KARIME | N213: Abono en cuenta | O213: Ahorro | P213: 37143028926 | Q213: Activa | R213: 890903938 | S213: BANCOLOMBIA S.A. | T213: 940211 | U213: CENTRO DE SERVICIOS Y GESTION EMPRESARIAL-INTEGRACION CON LA MEDIA | V213: C-3603-1300-15-20305C-3603025-02 | W213: ADQUIS. DE BYS - SERVICIO DE FORMACIÓN PROFESIONAL INTEGRAL - FORTALECIMIENTO DEL SERVICIO DE FORMACIÓN PROFESIONAL DEL SENA NACIONAL | X213: Propios | Y213: INGRESOS CORRIENTES | Z213: CSF | AA213: 4,465,000.00 | AB213: 0.00 | AC213: 0.00 | AD213: 0.00 | AE213: 13-01-01-DT | AH213: No | AM213: PAGO PRESTACION SERVICIOS MES DE ABRIL CTO No, CO1,PCCNTR,5828461DE BERTEL GONZALEZ SOL KARIME | AN213: 1224 | AO213: 1224 | AP213: 5724 | AQ213: 0 | AS213: 104124 | AT213: 122195224 | AU213: 0 | AV213: 2024-01-31 00:00:00 | AW213: CONTRATO DE PRESTACION DE SERVICIOS - PROFESIONALES | AX213: CO1.PCCNTR.5828461 | AY213: INSTRUCTOR- PRESTAR SERVICIOS PERSONALES PARA PLANEAR Y ORIENTAR LA FORMACIÓN PROFESIONAL INTEGRAL, QUE PROGRAME EL CENTRO DE SERVICIOS Y GESTIÓN EMPRESARIAL EN LA ARTICULACION CON LA EDUCACION MEDIA | AZ213: =VLOOKUP(A213,Hoja1!A995:BM1429,45,FALSE) -> #N/A | BA213: =VLOOKUP(A213,Hoja1!A:BM,7,FALSE) -> 5828461 | BB213: =VLOOKUP(A213,Hoja1!A:BM,10,FALSE) -> INSTRUCTOR- PRESTAR SERVICIOS PERSONALES PARA PLANEAR Y ORIENTAR LA FORMACIÓN PROFESIONAL INTEGRAL, QUE PROGRAME EL CENTRO DE SERVICIOS Y GESTIÓN EMPRESARIAL EN LA ARTICULACION CON LA EDUCACION MEDIA
A214: 71615916 | B214: 44798424 | C214: 2024-02-26 00:00:00 | D214: 2024-02-28 04:29:18 | E214: Pagada | F214: 4,465,000.00 | G214: 17,860.00 | H214: 4,447,140.00 | I214: Beneficiario final | J214: Actual | K214: Cédula de Ciudadanía | L214: 71615916 | M214: ARANGO ALVAREZ JUAN GUILLERMO | N214: Abono en cuenta | O214: Ahorro | P214: 61692268546 | Q214: Activa | R214: 890903938 | S214: BANCOLOMBIA S.A. | T214: 940245 | U214: CENTRO DE SERVICIOS Y GESTION EMPRESARIAL-ANTIOQUIA -SERVICIOS PRESTADOS A LA FORMACION | V214: C-3603-1300-15-20305C-3603025-02 | W214: ADQUIS. DE BYS - SERVICIO DE FORMACIÓN PROFESIONAL INTEGRAL - FORTALECIMIENTO DEL SERVICIO DE FORMACIÓN PROFESIONAL DEL SENA NACIONAL | X214: Nación | Y214: RECURSOS CORRIENTES | Z214: CSF | AA214: 4,465,000.00 | AB214: 0.00 | AC214: 0.00 | AD214: 0.00 | AE214: 13-01-01-DT | AH214: No | AM214: PAGO PRESTACION SERVICIOS MES DE FEBRERO CTO No, CO1,PCCNTR,5830929DE ARANGO ALVAREZ JUAN GUILLERMO | AN214: 1324 | AO214: 1324 | AP214: 10724 | AQ214: 0 | AS214: 23724 | AT214: 44798424 | AU214: 0 | AV214: 2024-02-01 00:00:00 | AW214: CONTRATO DE PRESTACION DE SERVICIOS - PROFESIONALES | AX214: CO1.PCCNTR.5830929 | AY214: INSTRUCTOR - PRESTAR SERVICIOS PERSONALES PARA PLANEAR Y ORIENTAR LA FORMACIÓN PROFESIONAL INTEGRAL, QUE PROGRAME EL CENTRO DE SERVICIOS Y GESTIÓN EMPRESARIAL EN SUS DIFERENTES NIVELES Y MODALIDADES | AZ214: =VLOOKUP(A214,Hoja1!A213:BM647,45,FALSE) -> #N/A | BA214: =VLOOKUP(A214,Hoja1!A:BM,7,FALSE) -> 5830929 | BB214: =VLOOKUP(A214,Hoja1!A:BM,10,FALSE) -> INSTRUCTOR - PRESTAR SERVICIOS PERSONALES PARA PLANEAR Y ORIENTAR LA FORMACIÓN PROFESIONAL INTEGRAL, QUE PROGRAME EL CENTRO DE SERVICIOS Y GESTIÓN EMPRESARIAL EN SUS DIFERENTES NIVELES Y MODALIDADES
A215: 71732335 | B215: 44798524 | C215: 2024-02-26 00:00:00 | D215: 2024-02-28 04:30:18 | E215: Pagada | F215: 3,572,000.00 | G215: 14,288.00 | H215: 3,557,712.00 | I215: Beneficiario final | J215: Actual | K215: Cédula de Ciudadanía | L215: 71732335 | M215: MONROY CANO WILLIAM ALBERTO | N215: Abono en cuenta | O215: Ahorro | P215: 10537182506 | Q215: Activa | R215: 890903938 | S215: BANCOLOMBIA S.A. | T215: 940245 | U215: CENTRO DE SERVICIOS Y GESTION EMPRESARIAL-ANTIOQUIA -SERVICIOS PRESTADOS A LA FORMACION | V215: C-3603-1300-15-20305C-3603025-02 | W215: ADQUIS. DE BYS - SERVICIO DE FORMACIÓN PROFESIONAL INTEGRAL - FORTALECIMIENTO DEL SERVICIO DE FORMACIÓN PROFESIONAL DEL SENA NACIONAL | X215: Nación | Y215: RECURSOS CORRIENTES | Z215: CSF | AA215: 3,572,000.00 | AB215: 0.00 | AC215: 0.00 | AD215: 0.00 | AE215: 13-01-01-DT | AH215: No | AM215: PAGO PRESTACION SERVICIOS MES DE FEBRERO CTO No, CO1,PCCNTR,5855207DE MONROY CANO WILLIAM ALBERTO | AN215: 1324 | AO215: 1324 | AP215: 22124 | AQ215: 0 | AS215: 23824 | AT215: 44798524 | AU215: 0 | AV215: 2024-02-06 00:00:00 | AW215: CONTRATO DE PRESTACION DE SERVICIOS - PROFESIONALES | AX215: CO1.PCCNTR.5855207 | AY215: INSTRUCTOR - PRESTAR SERVICIOS PERSONALES PARA PLANEAR Y ORIENTAR LA FORMACIÓN PROFESIONAL INTEGRAL, QUE PROGRAME EL CENTRO DE SERVICIOS Y GESTIÓN EMPRESARIAL EN SUS DIFERENTES NIVELES Y MODALIDADES | AZ215: =VLOOKUP(A215,Hoja1!A214:BM648,45,FALSE) -> NICOLAS ESPINOSA SANTANA | BA215: =VLOOKUP(A215,Hoja1!A:BM,7,FALSE) -> 5855207 | BB215: =VLOOKUP(A215,Hoja1!A:BM,10,FALSE) -> INSTRUCTOR - PRESTAR SERVICIOS PERSONALES PARA PLANEAR Y ORIENTAR LA FORMACIÓN PROFESIONAL INTEGRAL, QUE PROGRAME EL CENTRO DE SERVICIOS Y GESTIÓN EMPRESARIAL EN SUS DIFERENTES NIVELES Y MODALIDADES
A216: 71757788 | B216: 44798624 | C216: 2024-02-26 00:00:00 | D216: 2024-02-28 04:36:39 | E216: Pagada | F216: 4,465,000.00 | G216: 17,860.00 | H216: 4,447,140.00 | I216: Beneficiario final | J216: Actual | K216: Cédula de Ciudadanía | L216: 71757788 | M216: PEREZ ALVAREZ EDWAR ANDRES | N216: Abono en cuenta | O216: Ahorro | P216: 033800037476 | Q216: Activa | R216: 860034313 | S216: BANCO DAVIVIENDA S.A. | T216: 940245 | U216: CENTRO DE SERVICIOS Y GESTION EMPRESARIAL-ANTIOQUIA -SERVICIOS PRESTADOS A LA FORMACION | V216: C-3603-1300-15-20305C-3603025-02 | W216: ADQUIS. DE BYS - SERVICIO DE FORMACIÓN PROFESIONAL INTEGRAL - FORTALECIMIENTO DEL SERVICIO DE FORMACIÓN PROFESIONAL DEL SENA NACIONAL | X216: Nación | Y216: RECURSOS CORRIENTES | Z216: CSF | AA216: 4,465,000.00 | AB216: 0.00 | AC216: 0.00 | AD216: 0.00 | AE216: 13-01-01-DT | AH216: No | AM216: PAGO PRESTACION SERVICIOS MES DE FEBRERO CTO No, CO1,PCCNTR,5824226DE PEREZ ALVAREZ EDWAR ANDRES | AN216: 1324 | AO216: 1324 | AP216: 3224 | AQ216: 0 | AS216: 23924 | AT216: 44798624 | AU216: 0 | AV216: 2024-01-30 00:00:00 | AW216: CONTRATO DE PRESTACION DE SERVICIOS - PROFESIONALES | AX216: CO1.PCCNTR.5824226 | AY216: INSTRUCTOR - PRESTAR SERVICIOS PERSONALES PARA PLANEAR Y ORIENTAR LA FORMACIÓN PROFESIONAL INTEGRAL, QUE PROGRAME EL CENTRO DE SERVICIOS Y GESTIÓN EMPRESARIAL EN SUS DIFERENTES NIVELES Y MODALIDADES | AZ216: =VLOOKUP(A216,Hoja1!A215:BM649,45,FALSE) -> #N/A | BA216: =VLOOKUP(A216,Hoja1!A:BM,7,FALSE) -> 5824226 | BB216: =VLOOKUP(A216,Hoja1!A:BM,10,FALSE) -> INSTRUCTOR - PRESTAR SERVICIOS PERSONALES PARA PLANEAR Y ORIENTAR LA FORMACIÓN PROFESIONAL INTEGRAL, QUE PROGRAME EL CENTRO DE SERVICIOS Y GESTIÓN EMPRESARIAL EN SUS DIFERENTES NIVELES Y MODALIDADES
A217: 71781458 | B217: 44798724 | C217: 2024-02-26 00:00:00 | D217: 2024-02-28 04:35:02 | E217: Pagada | F217: 3,869,667.00 | G217: 15,479.00 | H217: 3,854,188.00 | I217: Beneficiario final | J217: Actual | K217: Cédula de Ciudadanía | L217: 71781458 | M217: CANO GIRALDO DANNER JURDAIN | N217: Abono en cuenta | O217: Ahorro | P217: 398300105440 | Q217: Activa | R217: 860034313 | S217: BANCO DAVIVIENDA S.A. | T217: 940245 | U217: CENTRO DE SERVICIOS Y GESTION EMPRESARIAL-ANTIOQUIA -SERVICIOS PRESTADOS A LA FORMACION | V217: C-3603-1300-15-20305C-3603025-02 | W217: ADQUIS. DE BYS - SERVICIO DE FORMACIÓN PROFESIONAL INTEGRAL - FORTALECIMIENTO DEL SERVICIO DE FORMACIÓN PROFESIONAL DEL SENA NACIONAL | X217: Nación | Y217: RECURSOS CORRIENTES | Z217: CSF | AA217: 3,869,667.00 | AB217: 0.00 | AC217: 0.00 | AD217: 0.00 | AE217: 13-01-01-DT | AH217: No | AM217: PAGO PRESTACION SERVICIOS MES DE FEBRERO CTO No, CO1,PCCNTR,5838849DE CANO GIRALDO DANNER JURDAIN | AN217: 1324 | AO217: 1324 | AP217: 16524 | AQ217: 0 | AS217: 24024 | AT217: 44798724 | AU217: 0 | AV217: 2024-02-02 00:00:00 | AW217: CONTRATO DE PRESTACION DE SERVICIOS - PROFESIONALES | AX217: CO1.PCCNTR.5838849 | AY217: INSTRUCTOR - PRESTAR SERVICIOS PERSONALES PARA PLANEAR Y ORIENTAR LA FORMACIÓN PROFESIONAL INTEGRAL, QUE PROGRAME EL CENTRO DE SERVICIOS Y GESTIÓN EMPRESARIAL EN SUS DIFERENTES NIVELES Y MODALIDADES. | AZ217: =VLOOKUP(A217,Hoja1!A216:BM650,45,FALSE) -> #N/A | BA217: =VLOOKUP(A217,Hoja1!A:BM,7,FALSE) -> 5838849 | BB217: =VLOOKUP(A217,Hoja1!A:BM,10,FALSE) -> INSTRUCTOR - PRESTAR SERVICIOS PERSONALES PARA PLANEAR Y ORIENTAR LA FORMACIÓN PROFESIONAL INTEGRAL, QUE PROGRAME EL CENTRO DE SERVICIOS Y GESTIÓN EMPRESARIAL EN SUS DIFERENTES NIVELES Y MODALIDADES.
A218: 71786984 | B218: 44798824 | C218: 2024-02-26 00:00:00 | D218: 2024-02-28 04:46:38 | E218: Pagada | F218: 2,955,000.00 | G218: 11,820.00 | H218: 2,943,180.00 | I218: Beneficiario final | J218: Actual | K218: Cédula de Ciudadanía | L218: 71786984 | M218: RODRIGUEZ MARIN CESAR AUGUSTO | N218: Abono en cuenta | O218: Ahorro | P218: 10362952189 | Q218: Activa | R218: 890903938 | S218: BANCOLOMBIA S.A. | T218: 940210 | U218: CENTRO DE SERVICIOS Y GESTION EMPRESARIAL - ANTIOQUIA | V218: C-3603-1300-15-20305C-3603025-02 | W218: ADQUIS. DE BYS - SERVICIO DE FORMACIÓN PROFESIONAL INTEGRAL - FORTALECIMIENTO DEL SERVICIO DE FORMACIÓN PROFESIONAL DEL SENA NACIONAL | X218: Nación | Y218: RECURSOS CORRIENTES | Z218: CSF | AA218: 2,955,000.00 | AB218: 0.00 | AC218: 0.00 | AD218: 0.00 | AE218: 13-01-01-DT | AH218: No | AM218: PAGO PRESTACION SERVICIOS MES DE FEBRERO CTO No, CO1,PCCNTR,5770902DE RODRIGUEZ MARIN CESAR AUGUSTO | AN218: 124 | AO218: 124 | AP218: 1824 | AQ218: 0 | AS218: 24124 | AT218: 44798824 | AU218: 0 | AV218: 2024-01-19 00:00:00 | AW218: CONTRATO DE PRESTACION DE SERVICIOS - PROFESIONALES | AX218: CO1.PCCNTR.5770902 | AY218: SERVICIOS PERSONALES - PRESTAR SERVICIOS COMO APOYO A LA GESTIÓN EN LA ADMINISTRACIÓN INTEGRAL DEL ECONOMATO DEL CENTRO DE SERVICIOS Y GESTIÓN EMPRESARIAL | AZ218: =VLOOKUP(A218,Hoja1!A217:BM651,45,FALSE) -> #N/A | BA218: =VLOOKUP(A218,Hoja1!A:BM,7,FALSE) -> 5770902 | BB218: =VLOOKUP(A218,Hoja1!A:BM,10,FALSE) -> SERVICIOS PERSONALES - PRESTAR SERVICIOS COMO APOYO A LA GESTIÓN EN LA ADMINISTRACIÓN INTEGRAL DEL ECONOMATO DEL CENTRO DE SERVICIOS Y GESTIÓN EMPRESARIAL
A219: 71788119 | B219: 44798924 | C219: 2024-02-26 00:00:00 | D219: 2024-02-28 04:35:27 | E219: Pagada | F219: 4,316,167.00 | G219: 17,265.00 | H219: 4,298,902.00 | I219: Beneficiario final | J219: Actual | K219: Cédula de Ciudadanía | L219: 71788119 | M219: AGUDELO ORTEGA JEY JOSE | N219: Abono en cuenta | O219: Ahorro | P219: 0550488417827646 | Q219: Activa | R219: 860034313 | S219: BANCO DAVIVIENDA S.A. | T219: 940245 | U219: CENTRO DE SERVICIOS Y GESTION EMPRESARIAL-ANTIOQUIA -SERVICIOS PRESTADOS A LA FORMACION | V219: C-3603-1300-15-20305C-3603025-02 | W219: ADQUIS. DE BYS - SERVICIO DE FORMACIÓN PROFESIONAL INTEGRAL - FORTALECIMIENTO DEL SERVICIO DE FORMACIÓN PROFESIONAL DEL SENA NACIONAL | X219: Nación | Y219: RECURSOS CORRIENTES | Z219: CSF | AA219: 4,316,167.00 | AB219: 0.00 | AC219: 0.00 | AD219: 0.00 | AE219: 13-01-01-DT | AH219: No | AM219: PAGO PRESTACION SERVICIOS MES DE FEBRERO CTO No, CO1,PCCNTR,5824566DE AGUDELO ORTEGA JEY JOSE | AN219: 1324 | AO219: 1324 | AP219: 2724 | AQ219: 0 | AS219: 24224 | AT219: 44798924 | AU219: 0 | AV219: 2024-01-30 00:00:00 | AW219: CONTRATO DE PRESTACION DE SERVICIOS - PROFESIONALES | AX219: CO1.PCCNTR.5824566 | AY219: INSTRUCTOR- PRESTAR SERVICIOS PERSONALES PARA PLANEAR Y ORIENTAR LA FORMACIÓN PROFESIONAL INTEGRAL, QUE PROGRAME EL CENTRO DE SERVICIOS Y GESTIÓN EMPRESARIAL EN SUS DIFERENTES NIVELES Y MODALIDADES | AZ219: =VLOOKUP(A219,Hoja1!A218:BM652,45,FALSE) -> #N/A | BA219: =VLOOKUP(A219,Hoja1!A:BM,7,FALSE) -> 5824566 | BB219: =VLOOKUP(A219,Hoja1!A:BM,10,FALSE) -> INSTRUCTOR- PRESTAR SERVICIOS PERSONALES PARA PLANEAR Y ORIENTAR LA FORMACIÓN PROFESIONAL INTEGRAL, QUE PROGRAME EL CENTRO DE SERVICIOS Y GESTIÓN EMPRESARIAL EN SUS DIFERENTES NIVELES Y MODALIDADES
A220: 73145976 | B220: 44799024 | C220: 2024-02-26 00:00:00 | D220: 2024-02-28 04:29:23 | E220: Pagada | F220: 4,465,000.00 | G220: 17,860.00 | H220: 4,447,140.00 | I220: Beneficiario final | J220: Actual | K220: Cédula de Ciudadanía | L220: 73145976 | M220: AGAMEZ MORELOS ADONIS SEDED | N220: Abono en cuenta | O220: Ahorro | P220: 10032952624 | Q220: Activa | R220: 890903938 | S220: BANCOLOMBIA S.A. | T220: 940245 | U220: CENTRO DE SERVICIOS Y GESTION EMPRESARIAL-ANTIOQUIA -SERVICIOS PRESTADOS A LA FORMACION | V220: C-3603-1300-15-20305C-3603025-02 | W220: ADQUIS. DE BYS - SERVICIO DE FORMACIÓN PROFESIONAL INTEGRAL - FORTALECIMIENTO DEL SERVICIO DE FORMACIÓN PROFESIONAL DEL SENA NACIONAL | X220: Nación | Y220: RECURSOS CORRIENTES | Z220: CSF | AA220: 4,465,000.00 | AB220: 0.00 | AC220: 0.00 | AD220: 0.00 | AE220: 13-01-01-DT | AH220: No | AM220: PAGO PRESTACION SERVICIOS MES DE FEBRERO CTO No, CO1,PCCNTR,5830569DE AGAMEZ MORELOS ADONIS SEDED | AN220: 1324 | AO220: 1324 | AP220: 11524 | AQ220: 0 | AS220: 24324 | AT220: 44799024 | AU220: 0 | AV220: 2024-02-01 00:00:00 | AW220: CONTRATO DE PRESTACION DE SERVICIOS - PROFESIONALES | AX220: CO1.PCCNTR.5830569 | AY220: INSTRUCTOR - PRESTAR SERVICIOS PERSONALES PARA PLANEAR Y ORIENTAR LA FORMACIÓN PROFESIONAL INTEGRAL, QUE PROGRAME EL CENTRO DE SERVICIOS Y GESTIÓN EMPRESARIAL EN SUS DIFERENTES NIVELES Y MODALIDADES | AZ220: =VLOOKUP(A220,Hoja1!A219:BM653,45,FALSE) -> #N/A | BA220: =VLOOKUP(A220,Hoja1!A:BM,7,FALSE) -> 5830569 | BB220: =VLOOKUP(A220,Hoja1!A:BM,10,FALSE) -> INSTRUCTOR - PRESTAR SERVICIOS PERSONALES PARA PLANEAR Y ORIENTAR LA FORMACIÓN PROFESIONAL INTEGRAL, QUE PROGRAME EL CENTRO DE SERVICIOS Y GESTIÓN EMPRESARIAL EN SUS DIFERENTES NIVELES Y MODALIDADES
A221: 1128275010 | B221: 166530124 | C221: 2024-05-28 00:00:00 | D221: 2024-05-30 03:41:29 | E221: Pagada | F221: 4,465,000.00 | G221: 17,860.00 | H221: 4,447,140.00 | I221: Beneficiario final | J221: Actual | K221: Cédula de Ciudadanía | L221: 1128275010 | M221: BERTEL GONZALEZ SOL KARIME | N221: Abono en cuenta | O221: Ahorro | P221: 37143028926 | Q221: Activa | R221: 890903938 | S221: BANCOLOMBIA S.A. | T221: 940211 | U221: CENTRO DE SERVICIOS Y GESTION EMPRESARIAL-INTEGRACION CON LA MEDIA | V221: C-3603-1300-15-20305C-3603025-02 | W221: ADQUIS. DE BYS - SERVICIO DE FORMACIÓN PROFESIONAL INTEGRAL - FORTALECIMIENTO DEL SERVICIO DE FORMACIÓN PROFESIONAL DEL SENA NACIONAL | X221: Propios | Y221: INGRESOS CORRIENTES | Z221: CSF | AA221: 4,465,000.00 | AB221: 0.00 | AC221: 0.00 | AD221: 0.00 | AE221: 13-01-01-DT | AH221: No | AM221: PAGO PRESTACION SERVICIOS MES DE MAYO CTO No, CO1,PCCNTR,5828461DE BERTEL GONZALEZ SOL KARIME | AN221: 1224 | AO221: 1224 | AP221: 5724 | AQ221: 0 | AS221: 186624 | AT221: 166530124 | AU221: 0 | AV221: 2024-01-31 00:00:00 | AW221: CONTRATO DE PRESTACION DE SERVICIOS - PROFESIONALES | AX221: CO1.PCCNTR.5828461 | AY221: INSTRUCTOR- PRESTAR SERVICIOS PERSONALES PARA PLANEAR Y ORIENTAR LA FORMACIÓN PROFESIONAL INTEGRAL, QUE PROGRAME EL CENTRO DE SERVICIOS Y GESTIÓN EMPRESARIAL EN LA ARTICULACION CON LA EDUCACION MEDIA | AZ221: =VLOOKUP(A221,Hoja1!A1720:BM2154,45,FALSE) -> #N/A | BA221: =VLOOKUP(A221,Hoja1!A:BM,7,FALSE) -> 5828461 | BB221: =VLOOKUP(A221,Hoja1!A:BM,10,FALSE) -> INSTRUCTOR- PRESTAR SERVICIOS PERSONALES PARA PLANEAR Y ORIENTAR LA FORMACIÓN PROFESIONAL INTEGRAL, QUE PROGRAME EL CENTRO DE SERVICIOS Y GESTIÓN EMPRESARIAL EN LA ARTICULACION CON LA EDUCACION MEDIA
A222: 80001731 | B222: 44799424 | C222: 2024-02-26 00:00:00 | D222: 2024-02-28 04:29:18 | E222: Pagada | F222: 4,465,000.00 | G222: 17,860.00 | H222: 4,447,140.00 | I222: Beneficiario final | J222: Actual | K222: Cédula de Ciudadanía | L222: 80001731 | M222: CASTILLO SANTIAGO HUSSEIN ANWAR | N222: Abono en cuenta | O222: Ahorro | P222: 62744506692 | Q222: Activa | R222: 890903938 | S222: BANCOLOMBIA S.A. | T222: 940245 | U222: CENTRO DE SERVICIOS Y GESTION EMPRESARIAL-ANTIOQUIA -SERVICIOS PRESTADOS A LA FORMACION | V222: C-3603-1300-15-20305C-3603025-02 | W222: ADQUIS. DE BYS - SERVICIO DE FORMACIÓN PROFESIONAL INTEGRAL - FORTALECIMIENTO DEL SERVICIO DE FORMACIÓN PROFESIONAL DEL SENA NACIONAL | X222: Nación | Y222: RECURSOS CORRIENTES | Z222: CSF | AA222: 4,465,000.00 | AB222: 0.00 | AC222: 0.00 | AD222: 0.00 | AE222: 13-01-01-DT | AH222: No | AM222: PAGO PRESTACION SERVICIOS MES DE FEBRERO CTO No, CO1,PCCNTR,5830670DE CASTILLO SANTIAGO HUSSEIN ANWAR | AN222: 1324 | AO222: 1324 | AP222: 10224 | AQ222: 0 | AS222: 24524 | AT222: 44799424 | AU222: 0 | AV222: 2024-02-01 00:00:00 | AW222: CONTRATO DE PRESTACION DE SERVICIOS - PROFESIONALES | AX222: CO1.PCCNTR.5830670 | AY222: INSTRUCTOR - PRESTAR SERVICIOS PERSONALES PARA PLANEAR Y ORIENTAR LA FORMACIÓN PROFESIONAL INTEGRAL, QUE PROGRAME EL CENTRO DE SERVICIOS Y GESTIÓN EMPRESARIAL EN SUS DIFERENTES NIVELES Y MODALIDADES | AZ222: =VLOOKUP(A222,Hoja1!A221:BM655,45,FALSE) -> #N/A | BA222: =VLOOKUP(A222,Hoja1!A:BM,7,FALSE) -> 5830670 | BB222: =VLOOKUP(A222,Hoja1!A:BM,10,FALSE) -> INSTRUCTOR - PRESTAR SERVICIOS PERSONALES PARA PLANEAR Y ORIENTAR LA FORMACIÓN PROFESIONAL INTEGRAL, QUE PROGRAME EL CENTRO DE SERVICIOS Y GESTIÓN EMPRESARIAL EN SUS DIFERENTES NIVELES Y MODALIDADES
A223: 1128275010 | B223: 205915624 | C223: 2024-06-25 00:00:00 | D223: 2024-06-27 04:25:41 | E223: Pagada | F223: 4,465,000.00 | G223: 17,860.00 | H223: 4,447,140.00 | I223: Beneficiario final | J223: Actual | K223: Cédula de Ciudadanía | L223: 1128275010 | M223: BERTEL GONZALEZ SOL KARIME | N223: Abono en cuenta | O223: Ahorro | P223: 37143028926 | Q223: Activa | R223: 890903938 | S223: BANCOLOMBIA S.A. | T223: 940211 | U223: CENTRO DE SERVICIOS Y GESTION EMPRESARIAL-INTEGRACION CON LA MEDIA | V223: C-3603-1300-15-20305C-3603025-02 | W223: ADQUIS. DE BYS - SERVICIO DE FORMACIÓN PROFESIONAL INTEGRAL - FORTALECIMIENTO DEL SERVICIO DE FORMACIÓN PROFESIONAL DEL SENA NACIONAL | X223: Propios | Y223: INGRESOS CORRIENTES | Z223: CSF | AA223: 4,465,000.00 | AB223: 0.00 | AC223: 0.00 | AD223: 0.00 | AE223: 13-01-01-DT | AH223: No | AM223: PAGO PRESTACION SERVICIOS MES DE JUNIO CTO No, CO1,PCCNTR,5828461DE BERTEL GONZALEZ SOL KARIME | AN223: 1224 | AO223: 1224 | AP223: 5724 | AQ223: 0 | AS223: 252824 | AT223: 205915624 | AU223: 0 | AV223: 2024-01-31 00:00:00 | AW223: CONTRATO DE PRESTACION DE SERVICIOS - PROFESIONALES | AX223: CO1.PCCNTR.5828461 | AY223: INSTRUCTOR- PRESTAR SERVICIOS PERSONALES PARA PLANEAR Y ORIENTAR LA FORMACIÓN PROFESIONAL INTEGRAL, QUE PROGRAME EL CENTRO DE SERVICIOS Y GESTIÓN EMPRESARIAL EN LA ARTICULACION CON LA EDUCACION MEDIA | AZ223: =VLOOKUP(A223,Hoja1!A2456:BM2890,45,FALSE) -> #N/A | BA223: =VLOOKUP(A223,Hoja1!A:BM,7,FALSE) -> 5828461 | BB223: =VLOOKUP(A223,Hoja1!A:BM,10,FALSE) -> INSTRUCTOR- PRESTAR SERVICIOS PERSONALES PARA PLANEAR Y ORIENTAR LA FORMACIÓN PROFESIONAL INTEGRAL, QUE PROGRAME EL CENTRO DE SERVICIOS Y GESTIÓN EMPRESARIAL EN LA ARTICULACION CON LA EDUCACION MEDIA
A224: 98590254 | B224: 44799724 | C224: 2024-02-26 00:00:00 | D224: 2024-02-28 04:30:18 | E224: Pagada | F224: 3,572,000.00 | G224: 14,288.00 | H224: 3,557,712.00 | I224: Beneficiario final | J224: Actual | K224: Cédula de Ciudadanía | L224: 98590254 | M224: GONZALEZ GIOVANNI | N224: Abono en cuenta | O224: Ahorro | P224: 10272702395 | Q224: Activa | R224: 890903938 | S224: BANCOLOMBIA S.A. | T224: 940245 | U224: CENTRO DE SERVICIOS Y GESTION EMPRESARIAL-ANTIOQUIA -SERVICIOS PRESTADOS A LA FORMACION | V224: C-3603-1300-15-20305C-3603025-02 | W224: ADQUIS. DE BYS - SERVICIO DE FORMACIÓN PROFESIONAL INTEGRAL - FORTALECIMIENTO DEL SERVICIO DE FORMACIÓN PROFESIONAL DEL SENA NACIONAL | X224: Nación | Y224: RECURSOS CORRIENTES | Z224: CSF | AA224: 3,572,000.00 | AB224: 0.00 | AC224: 0.00 | AD224: 0.00 | AE224: 13-01-01-DT | AH224: No | AM224: PAGO PRESTACION SERVICIOS MES DE FEBRERO CTO No, CO1,PCCNTR,5830573DE GONZALEZ GIOVANNI | AN224: 1324 | AO224: 1324 | AP224: 8824 | AQ224: 0 | AS224: 24724 | AT224: 44799724 | AU224: 0 | AV224: 2024-01-31 00:00:00 | AW224: CONTRATO DE PRESTACION DE SERVICIOS - PROFESIONALES | AX224: CO1.PCCNTR.5830573 | AY224: INSTRUCTOR -PRESTAR SERVICIOS PERSONALES L PARA PLANEAR Y ORIENTAR LA FORMACIÓN PROFESIONAL INTEGRAL, QUE PROGRAME EL CENTRO DE SERVICIOS Y GESTIÓN EMPRESARIAL EN SUS DIFERENTES NIVELES Y MODALIDADES | AZ224: =VLOOKUP(A224,Hoja1!A223:BM657,45,FALSE) -> #N/A | BA224: =VLOOKUP(A224,Hoja1!A:BM,7,FALSE) -> 5830573 | BB224: =VLOOKUP(A224,Hoja1!A:BM,10,FALSE) -> INSTRUCTOR -PRESTAR SERVICIOS PERSONALES L PARA PLANEAR Y ORIENTAR LA FORMACIÓN PROFESIONAL INTEGRAL, QUE PROGRAME EL CENTRO DE SERVICIOS Y GESTIÓN EMPRESARIAL EN SUS DIFERENTES NIVELES Y MODALIDADES
A225: 98594701 | B225: 44799924 | C225: 2024-02-26 00:00:00 | D225: 2024-02-28 04:53:53 | E225: Pagada | F225: 3,336,933.00 | G225: 13,348.00 | H225: 3,323,585.00 | I225: Beneficiario final | J225: Actual | K225: Cédula de Ciudadanía | L225: 98594701 | M225: GOMEZ OCHOA JORGE ALBERTO | N225: Abono en cuenta | O225: Ahorro | P225: 0550488412604578 | Q225: Activa | R225: 860034313 | S225: BANCO DAVIVIENDA S.A. | T225: 940245 | U225: CENTRO DE SERVICIOS Y GESTION EMPRESARIAL-ANTIOQUIA -SERVICIOS PRESTADOS A LA FORMACION | V225: C-3603-1300-15-20305C-3603025-02 | W225: ADQUIS. DE BYS - SERVICIO DE FORMACIÓN PROFESIONAL INTEGRAL - FORTALECIMIENTO DEL SERVICIO DE FORMACIÓN PROFESIONAL DEL SENA NACIONAL | X225: Nación | Y225: RECURSOS CORRIENTES | Z225: CSF | AA225: 3,336,933.00 | AB225: 0.00 | AC225: 0.00 | AD225: 0.00 | AE225: 13-01-01-DT | AH225: No | AM225: PAGO PRESTACION SERVICIOS MES DE FEBRERO CTO No, CO1,PCCNTR,5824774DE GOMEZ OCHOA JORGE ALBERTO | AN225: 1324 | AO225: 1324 | AP225: 7724 | AQ225: 0 | AS225: 24824 | AT225: 44799924 | AU225: 0 | AV225: 2024-01-31 00:00:00 | AW225: CONTRATO DE PRESTACION DE SERVICIOS - PROFESIONALES | AX225: CO1.PCCNTR.5824774 | AY225: INSTRUCTOR -PRESTAR SERVICIOS PERSONALES L PARA PLANEAR Y ORIENTAR LA FORMACIÓN PROFESIONAL INTEGRAL, QUE PROGRAME EL CENTRO DE SERVICIOS Y GESTIÓN EMPRESARIAL EN SUS DIFERENTES NIVELES Y MODALIDADES | AZ225: =VLOOKUP(A225,Hoja1!A224:BM658,45,FALSE) -> #N/A | BA225: =VLOOKUP(A225,Hoja1!A:BM,7,FALSE) -> 5824774 | BB225: =VLOOKUP(A225,Hoja1!A:BM,10,FALSE) -> INSTRUCTOR -PRESTAR SERVICIOS PERSONALES L PARA PLANEAR Y ORIENTAR LA FORMACIÓN PROFESIONAL INTEGRAL, QUE PROGRAME EL CENTRO DE SERVICIOS Y GESTIÓN EMPRESARIAL EN SUS DIFERENTES NIVELES Y MODALIDADES
A226: 98662168 | B226: 44800024 | C226: 2024-02-26 00:00:00 | D226: 2024-02-28 04:36:39 | E226: Pagada | F226: 4,465,000.00 | G226: 17,860.00 | H226: 4,447,140.00 | I226: Beneficiario final | J226: Actual | K226: Cédula de Ciudadanía | L226: 98662168 | M226: VILLA PEREZ JESUS ALEJANDRO | N226: Abono en cuenta | O226: Ahorro | P226: 0550488413129062 | Q226: Activa | R226: 860034313 | S226: BANCO DAVIVIENDA S.A. | T226: 940245 | U226: CENTRO DE SERVICIOS Y GESTION EMPRESARIAL-ANTIOQUIA -SERVICIOS PRESTADOS A LA FORMACION | V226: C-3603-1300-15-20305C-3603025-02 | W226: ADQUIS. DE BYS - SERVICIO DE FORMACIÓN PROFESIONAL INTEGRAL - FORTALECIMIENTO DEL SERVICIO DE FORMACIÓN PROFESIONAL DEL SENA NACIONAL | X226: Nación | Y226: RECURSOS CORRIENTES | Z226: CSF | AA226: 4,465,000.00 | AB226: 0.00 | AC226: 0.00 | AD226: 0.00 | AE226: 13-01-01-DT | AH226: No | AM226: PAGO PRESTACION SERVICIOS MES DE FEBRERO CTO No, CO1,PCCNTR,5833382DE VILLA PEREZ JESUS ALEJANDRO | AN226: 1324 | AO226: 1324 | AP226: 9424 | AQ226: 0 | AS226: 24924 | AT226: 44800024 | AU226: 0 | AV226: 2024-02-01 00:00:00 | AW226: CONTRATO DE PRESTACION DE SERVICIOS - PROFESIONALES | AX226: CO1.PCCNTR.5833382 | AY226: INSTRUCTOR - PRESTAR SERVICIOS PERSONALES PARA PLANEAR Y ORIENTAR LA FORMACIÓN PROFESIONAL INTEGRAL, QUE PROGRAME EL CENTRO DE SERVICIOS Y GESTIÓN EMPRESARIAL EN SUS DIFERENTES NIVELES Y MODALIDADES | AZ226: =VLOOKUP(A226,Hoja1!A225:BM659,45,FALSE) -> #N/A | BA226: =VLOOKUP(A226,Hoja1!A:BM,7,FALSE) -> 5833382 | BB226: =VLOOKUP(A226,Hoja1!A:BM,10,FALSE) -> INSTRUCTOR - PRESTAR SERVICIOS PERSONALES PARA PLANEAR Y ORIENTAR LA FORMACIÓN PROFESIONAL INTEGRAL, QUE PROGRAME EL CENTRO DE SERVICIOS Y GESTIÓN EMPRESARIAL EN SUS DIFERENTES NIVELES Y MODALIDADES
A227: 98696952 | B227: 44800124 | C227: 2024-02-26 00:00:00 | D227: 2024-02-28 04:29:13 | E227: Pagada | F227: 4,465,000.00 | G227: 17,860.00 | H227: 4,447,140.00 | I227: Beneficiario final | J227: Actual | K227: Cédula de Ciudadanía | L227: 98696952 | M227: RESTREPO HENAO EDWIN WALDIRR | N227: Abono en cuenta | O227: Ahorro | P227: 10133203820 | Q227: Activa | R227: 890903938 | S227: BANCOLOMBIA S.A. | T227: 940245 | U227: CENTRO DE SERVICIOS Y GESTION EMPRESARIAL-ANTIOQUIA -SERVICIOS PRESTADOS A LA FORMACION | V227: C-3603-1300-15-20305C-3603025-02 | W227: ADQUIS. DE BYS - SERVICIO DE FORMACIÓN PROFESIONAL INTEGRAL - FORTALECIMIENTO DEL SERVICIO DE FORMACIÓN PROFESIONAL DEL SENA NACIONAL | X227: Nación | Y227: RECURSOS CORRIENTES | Z227: CSF | AA227: 4,465,000.00 | AB227: 0.00 | AC227: 0.00 | AD227: 0.00 | AE227: 13-01-01-DT | AH227: No | AM227: PAGO PRESTACION SERVICIOS MES DE FEBRERO CTO No, CO1,PCCNTR,5830640DE RESTREPO HENAO EDWIN WALDIRR | AN227: 1324 | AO227: 1324 | AP227: 6424 | AQ227: 0 | AS227: 25024 | AT227: 44800124 | AU227: 0 | AV227: 2024-01-31 00:00:00 | AW227: CONTRATO DE PRESTACION DE SERVICIOS - PROFESIONALES | AX227: CO1.PCCNTR.5830640 | AY227: INSTRUCTOR -PRESTAR SERVICIOS PERSONALES L PARA PLANEAR Y ORIENTAR LA FORMACIÓN PROFESIONAL INTEGRAL, QUE PROGRAME EL CENTRO DE SERVICIOS Y GESTIÓN EMPRESARIAL EN SUS DIFERENTES NIVELES Y MODALIDADES | AZ227: =VLOOKUP(A227,Hoja1!A226:BM660,45,FALSE) -> #N/A | BA227: =VLOOKUP(A227,Hoja1!A:BM,7,FALSE) -> 5830640 | BB227: =VLOOKUP(A227,Hoja1!A:BM,10,FALSE) -> INSTRUCTOR -PRESTAR SERVICIOS PERSONALES L PARA PLANEAR Y ORIENTAR LA FORMACIÓN PROFESIONAL INTEGRAL, QUE PROGRAME EL CENTRO DE SERVICIOS Y GESTIÓN EMPRESARIAL EN SUS DIFERENTES NIVELES Y MODALIDADES
A228: 98712773 | B228: 44800224 | C228: 2024-02-26 00:00:00 | D228: 2024-02-28 04:46:16 | E228: Pagada | F228: 2,827,833.00 | G228: 11,311.00 | H228: 2,816,522.00 | I228: Beneficiario final | J228: Actual | K228: Cédula de Ciudadanía | L228: 98712773 | M228: CORREA ZAPATA JOHN ALBERTO | N228: Abono en cuenta | O228: Ahorro | P228: 02135611835 | Q228: Activa | R228: 890903938 | S228: BANCOLOMBIA S.A. | T228: 940245 | U228: CENTRO DE SERVICIOS Y GESTION EMPRESARIAL-ANTIOQUIA -SERVICIOS PRESTADOS A LA FORMACION | V228: C-3603-1300-15-20305C-3603025-02 | W228: ADQUIS. DE BYS - SERVICIO DE FORMACIÓN PROFESIONAL INTEGRAL - FORTALECIMIENTO DEL SERVICIO DE FORMACIÓN PROFESIONAL DEL SENA NACIONAL | X228: Nación | Y228: RECURSOS CORRIENTES | Z228: CSF | AA228: 2,827,833.00 | AB228: 0.00 | AC228: 0.00 | AD228: 0.00 | AE228: 13-01-01-DT | AH228: No | AM228: PAGO PRESTACION SERVICIOS MES DE FEBRERO CTO No, CO1,PCCNTR,5910810DE CORREA ZAPATA JOHN ALBERTO | AN228: 1324 | AO228: 1324 | AP228: 28624 | AQ228: 0 | AS228: 25124 | AT228: 44800224 | AU228: 0 | AV228: 2024-02-09 00:00:00 | AW228: CONTRATO DE PRESTACION DE SERVICIOS - PROFESIONALES | AX228: CO1.PCCNTR.5910810 | AY228: INSTRUCTOR - PRESTAR SERVICIOS PERSONALES PARA PLANEAR Y ORIENTAR LA FORMACIÓN PROFESIONAL INTEGRAL, QUE PROGRAME EL CENTRO DE SERVICIOS Y GESTIÓN EMPRESARIAL EN SUS DIFERENTES NIVELES Y MODALIDADES | AZ228: =VLOOKUP(A228,Hoja1!A227:BM661,45,FALSE) -> NICOLAS ESPINOSA SANTANA | BA228: =VLOOKUP(A228,Hoja1!A:BM,7,FALSE) -> 5910810 | BB228: =VLOOKUP(A228,Hoja1!A:BM,10,FALSE) -> INSTRUCTOR - PRESTAR SERVICIOS PERSONALES PARA PLANEAR Y ORIENTAR LA FORMACIÓN PROFESIONAL INTEGRAL, QUE PROGRAME EL CENTRO DE SERVICIOS Y GESTIÓN EMPRESARIAL EN SUS DIFERENTES NIVELES Y MODALIDADES
A229: 1020397082 | B229: 44800324 | C229: 2024-02-26 00:00:00 | D229: 2024-02-28 04:30:16 | E229: Pagada | F229: 3,572,000.00 | G229: 14,288.00 | H229: 3,557,712.00 | I229: Beneficiario final | J229: Actual | K229: Cédula de Ciudadanía | L229: 1020397082 | M229: RAMIREZ RENDON ROBINSON ANDRES | N229: Abono en cuenta | O229: Ahorro | P229: 25374524588 | Q229: Activa | R229: 890903938 | S229: BANCOLOMBIA S.A. | T229: 940245 | U229: CENTRO DE SERVICIOS Y GESTION EMPRESARIAL-ANTIOQUIA -SERVICIOS PRESTADOS A LA FORMACION | V229: C-3603-1300-15-20305C-3603025-02 | W229: ADQUIS. DE BYS - SERVICIO DE FORMACIÓN PROFESIONAL INTEGRAL - FORTALECIMIENTO DEL SERVICIO DE FORMACIÓN PROFESIONAL DEL SENA NACIONAL | X229: Nación | Y229: RECURSOS CORRIENTES | Z229: CSF | AA229: 3,572,000.00 | AB229: 0.00 | AC229: 0.00 | AD229: 0.00 | AE229: 13-01-01-DT | AH229: No | AM229: PAGO PRESTACION SERVICIOS MES DE FEBRERO CTO No, CO1,PCCNTR,5846225DE RAMIREZ RENDON ROBINSON ANDRES | AN229: 1324 | AO229: 1324 | AP229: 23224 | AQ229: 0 | AS229: 25224 | AT229: 44800324 | AU229: 0 | AV229: 2024-02-06 00:00:00 | AW229: CONTRATO DE PRESTACION DE SERVICIOS - PROFESIONALES | AX229: CO1.PCCNTR.5846225 | AY229: INSTRUCTOR - PRESTAR SERVICIOS PERSONALES PARA PLANEAR Y ORIENTAR LA FORMACIÓN PROFESIONAL INTEGRAL, QUE PROGRAME EL CENTRO DE SERVICIOS Y GESTIÓN EMPRESARIAL EN SUS DIFERENTES NIVELES Y MODALIDADES | AZ229: =VLOOKUP(A229,Hoja1!A228:BM662,45,FALSE) -> #N/A | BA229: =VLOOKUP(A229,Hoja1!A:BM,7,FALSE) -> 5846225 | BB229: =VLOOKUP(A229,Hoja1!A:BM,10,FALSE) -> INSTRUCTOR - PRESTAR SERVICIOS PERSONALES PARA PLANEAR Y ORIENTAR LA FORMACIÓN PROFESIONAL INTEGRAL, QUE PROGRAME EL CENTRO DE SERVICIOS Y GESTIÓN EMPRESARIAL EN SUS DIFERENTES NIVELES Y MODALIDADES
A230: 1128275010 | B230: 255144524 | C230: 2024-07-29 00:00:00 | D230: 2024-07-31 04:21:26 | E230: Pagada | F230: 4,465,000.00 | G230: 17,860.00 | H230: 4,447,140.00 | I230: Beneficiario final | J230: Actual | K230: Cédula de Ciudadanía | L230: 1128275010 | M230: BERTEL GONZALEZ SOL KARIME | N230: Abono en cuenta | O230: Ahorro | P230: 37143028926 | Q230: Activa | R230: 890903938 | S230: BANCOLOMBIA S.A. | T230: 940211 | U230: CENTRO DE SERVICIOS Y GESTION EMPRESARIAL-INTEGRACION CON LA MEDIA | V230: C-3603-1300-15-20305C-3603025-02 | W230: ADQUIS. DE BYS - SERVICIO DE FORMACIÓN PROFESIONAL INTEGRAL - FORTALECIMIENTO DEL SERVICIO DE FORMACIÓN PROFESIONAL DEL SENA NACIONAL | X230: Propios | Y230: INGRESOS CORRIENTES | Z230: CSF | AA230: 4,465,000.00 | AB230: 0.00 | AC230: 0.00 | AD230: 0.00 | AE230: 13-01-01-DT | AH230: No | AM230: HONORARIOS CONTRATO 5828461 DEL MES DE JULIO DE 2024 | AN230: 1224 | AO230: 1224 | AP230: 5724 | AQ230: 24324 | AR230: 07/29/2024 00:00:00 | AS230: 324324 | AT230: 255144524 | AU230: 0 | AV230: 2024-01-31 00:00:00 | AW230: CONTRATO DE PRESTACION DE SERVICIOS - PROFESIONALES | AX230: CO1.PCCNTR.5828461 | AY230: INSTRUCTOR- PRESTAR SERVICIOS PERSONALES PARA PLANEAR Y ORIENTAR LA FORMACIÓN PROFESIONAL INTEGRAL, QUE PROGRAME EL CENTRO DE SERVICIOS Y GESTIÓN EMPRESARIAL EN LA ARTICULACION CON LA EDUCACION MEDIA | AZ230: =VLOOKUP(A230,Hoja1!A3167:BM3601,45,FALSE) -> #N/A | BA230: =VLOOKUP(A230,Hoja1!A:BM,7,FALSE) -> 5828461 | BB230: =VLOOKUP(A230,Hoja1!A:BM,10,FALSE) -> INSTRUCTOR- PRESTAR SERVICIOS PERSONALES PARA PLANEAR Y ORIENTAR LA FORMACIÓN PROFESIONAL INTEGRAL, QUE PROGRAME EL CENTRO DE SERVICIOS Y GESTIÓN EMPRESARIAL EN LA ARTICULACION CON LA EDUCACION MEDIA
A231: 1128275010 | B231: 295398824 | C231: 2024-08-27 00:00:00 | D231: 2024-08-29 04:07:00 | E231: Pagada | F231: 4,465,000.00 | G231: 17,860.00 | H231: 4,447,140.00 | I231: Beneficiario final | J231: Actual | K231: Cédula de Ciudadanía | L231: 1128275010 | M231: BERTEL GONZALEZ SOL KARIME | N231: Abono en cuenta | O231: Ahorro | P231: 37143028926 | Q231: Activa | R231: 890903938 | S231: BANCOLOMBIA S.A. | T231: 940211 | U231: CENTRO DE SERVICIOS Y GESTION EMPRESARIAL-INTEGRACION CON LA MEDIA | V231: C-3603-1300-15-20305C-3603025-02 | W231: ADQUIS. DE BYS - SERVICIO DE FORMACIÓN PROFESIONAL INTEGRAL - FORTALECIMIENTO DEL SERVICIO DE FORMACIÓN PROFESIONAL DEL SENA NACIONAL | X231: Propios | Y231: INGRESOS CORRIENTES | Z231: CSF | AA231: 4,465,000.00 | AB231: 0.00 | AC231: 0.00 | AD231: 0.00 | AE231: 13-01-01-DT | AH231: No | AM231: PAGO PRESTACION SERVICIOS MES DE AGOSTO CTO No, CO1,PCCNTR,5828461DE BERTEL GONZALEZ SOL KARIME | AN231: 1224 | AO231: 1224 | AP231: 5724 | AQ231: 0 | AS231: 348924 | AT231: 295398824 | AU231: 0 | AV231: 2024-01-31 00:00:00 | AW231: CONTRATO DE PRESTACION DE SERVICIOS - PROFESIONALES | AX231: CO1.PCCNTR.5828461 | AY231: INSTRUCTOR- PRESTAR SERVICIOS PERSONALES PARA PLANEAR Y ORIENTAR LA FORMACIÓN PROFESIONAL INTEGRAL, QUE PROGRAME EL CENTRO DE SERVICIOS Y GESTIÓN EMPRESARIAL EN LA ARTICULACION CON LA EDUCACION MEDIA | AZ231: =VLOOKUP(A231,Hoja1!A3419:BM3853,45,FALSE) -> #N/A | BA231: =VLOOKUP(A231,Hoja1!A:BM,7,FALSE) -> 5828461 | BB231: =VLOOKUP(A231,Hoja1!A:BM,10,FALSE) -> INSTRUCTOR- PRESTAR SERVICIOS PERSONALES PARA PLANEAR Y ORIENTAR LA FORMACIÓN PROFESIONAL INTEGRAL, QUE PROGRAME EL CENTRO DE SERVICIOS Y GESTIÓN EMPRESARIAL EN LA ARTICULACION CON LA EDUCACION MEDIA
A232: 1047373354 | B232: 44800724 | C232: 2024-02-26 00:00:00 | D232: 2024-02-28 04:36:38 | E232: Pagada | F232: 4,465,000.00 | G232: 17,860.00 | H232: 4,447,140.00 | I232: Beneficiario final | J232: Actual | K232: Cédula de Ciudadanía | L232: 1047373354 | M232: DIAZ PUELLO GRIFANIA | N232: Abono en cuenta | O232: Ahorro | P232: 056500102571 | Q232: Activa | R232: 860034313 | S232: BANCO DAVIVIENDA S.A. | T232: 940245 | U232: CENTRO DE SERVICIOS Y GESTION EMPRESARIAL-ANTIOQUIA -SERVICIOS PRESTADOS A LA FORMACION | V232: C-3603-1300-15-20305C-3603025-02 | W232: ADQUIS. DE BYS - SERVICIO DE FORMACIÓN PROFESIONAL INTEGRAL - FORTALECIMIENTO DEL SERVICIO DE FORMACIÓN PROFESIONAL DEL SENA NACIONAL | X232: Nación | Y232: RECURSOS CORRIENTES | Z232: CSF | AA232: 4,465,000.00 | AB232: 0.00 | AC232: 0.00 | AD232: 0.00 | AE232: 13-01-01-DT | AH232: No | AM232: PAGO PRESTACION SERVICIOS MES DE FEBRERO CTO No, CO1,PCCNTR,5825472DE DIAZ PUELLO GRIFANIA | AN232: 1324 | AO232: 1324 | AP232: 8924 | AQ232: 0 | AS232: 25524 | AT232: 44800724 | AU232: 0 | AV232: 2024-01-31 00:00:00 | AW232: CONTRATO DE PRESTACION DE SERVICIOS - PROFESIONALES | AX232: CO1.PCCNTR.5825472 | AY232: INSTRUCTOR -PRESTAR SERVICIOS PERSONALES L PARA PLANEAR Y ORIENTAR LA FORMACIÓN PROFESIONAL INTEGRAL, QUE PROGRAME EL CENTRO DE SERVICIOS Y GESTIÓN EMPRESARIAL EN SUS DIFERENTES NIVELES Y MODALIDADES | AZ232: =VLOOKUP(A232,Hoja1!A231:BM665,45,FALSE) -> #N/A | BA232: =VLOOKUP(A232,Hoja1!A:BM,7,FALSE) -> 5825472 | BB232: =VLOOKUP(A232,Hoja1!A:BM,10,FALSE) -> INSTRUCTOR -PRESTAR SERVICIOS PERSONALES L PARA PLANEAR Y ORIENTAR LA FORMACIÓN PROFESIONAL INTEGRAL, QUE PROGRAME EL CENTRO DE SERVICIOS Y GESTIÓN EMPRESARIAL EN SUS DIFERENTES NIVELES Y MODALIDADES
A233: 1128275010 | B233: 340942524 | C233: 2024-09-24 00:00:00 | D233: 2024-09-26 03:56:09 | E233: Pagada | F233: 4,465,000.00 | G233: 17,860.00 | H233: 4,447,140.00 | I233: Beneficiario final | J233: Actual | K233: Cédula de Ciudadanía | L233: 1128275010 | M233: BERTEL GONZALEZ SOL KARIME | N233: Abono en cuenta | O233: Ahorro | P233: 37143028926 | Q233: Activa | R233: 890903938 | S233: BANCOLOMBIA S.A. | T233: 940211 | U233: CENTRO DE SERVICIOS Y GESTION EMPRESARIAL-INTEGRACION CON LA MEDIA | V233: C-3603-1300-15-20305C-3603025-02 | W233: ADQUIS. DE BYS - SERVICIO DE FORMACIÓN PROFESIONAL INTEGRAL - FORTALECIMIENTO DEL SERVICIO DE FORMACIÓN PROFESIONAL DEL SENA NACIONAL | X233: Propios | Y233: INGRESOS CORRIENTES | Z233: CSF | AA233: 4,465,000.00 | AB233: 0.00 | AC233: 0.00 | AD233: 0.00 | AE233: 13-01-01-DT | AH233: No | AM233: PAGO PRESTACION SERVICIOS MES DE SEPTIEMBRE CTO No, CO1,PCCNTR,5828461DE BERTEL GONZALEZ SOL KARIME | AN233: 1224 | AO233: 1224 | AP233: 5724 | AQ233: 0 | AS233: 418324 | AT233: 340942524 | AU233: 0 | AV233: 2024-01-31 00:00:00 | AW233: CONTRATO DE PRESTACION DE SERVICIOS - PROFESIONALES | AX233: CO1.PCCNTR.5828461 | AY233: INSTRUCTOR- PRESTAR SERVICIOS PERSONALES PARA PLANEAR Y ORIENTAR LA FORMACIÓN PROFESIONAL INTEGRAL, QUE PROGRAME EL CENTRO DE SERVICIOS Y GESTIÓN EMPRESARIAL EN LA ARTICULACION CON LA EDUCACION MEDIA | AZ233: =VLOOKUP(A233,Hoja1!A4118:BM4552,45,FALSE) -> #N/A | BA233: =VLOOKUP(A233,Hoja1!A:BM,7,FALSE) -> 5828461 | BB233: =VLOOKUP(A233,Hoja1!A:BM,10,FALSE) -> INSTRUCTOR- PRESTAR SERVICIOS PERSONALES PARA PLANEAR Y ORIENTAR LA FORMACIÓN PROFESIONAL INTEGRAL, QUE PROGRAME EL CENTRO DE SERVICIOS Y GESTIÓN EMPRESARIAL EN LA ARTICULACION CON LA EDUCACION MEDIA
A234: 1098638857 | B234: 44801124 | C234: 2024-02-26 00:00:00 | D234: 2024-02-28 04:23:00 | E234: Pagada | F234: 4,316,167.00 | G234: 17,265.00 | H234: 4,298,902.00 | I234: Beneficiario final | J234: Actual | K234: Cédula de Ciudadanía | L234: 1098638857 | M234: NIETO HERNANDEZ VIRGEN LUCIA | N234: Abono en cuenta | O234: Ahorro | P234: 29880917143 | Q234: Activa | R234: 890903938 | S234: BANCOLOMBIA S.A. | T234: 940245 | U234: CENTRO DE SERVICIOS Y GESTION EMPRESARIAL-ANTIOQUIA -SERVICIOS PRESTADOS A LA FORMACION | V234: C-3603-1300-15-20305C-3603025-02 | W234: ADQUIS. DE BYS - SERVICIO DE FORMACIÓN PROFESIONAL INTEGRAL - FORTALECIMIENTO DEL SERVICIO DE FORMACIÓN PROFESIONAL DEL SENA NACIONAL | X234: Nación | Y234: RECURSOS CORRIENTES | Z234: CSF | AA234: 4,316,167.00 | AB234: 0.00 | AC234: 0.00 | AD234: 0.00 | AE234: 13-01-01-DT | AH234: No | AM234: PAGO PRESTACION SERVICIOS MES DE FEBRERO CTO No, CO1,PCCNTR,5825443DE NIETO HERNANDEZ VIRGEN LUCIA | AN234: 1324 | AO234: 1324 | AP234: 9624 | AQ234: 0 | AS234: 25724 | AT234: 44801124 | AU234: 0 | AV234: 2024-02-01 00:00:00 | AW234: CONTRATO DE PRESTACION DE SERVICIOS - PROFESIONALES | AX234: CO1.PCCNTR.5825443 | AY234: INSTRUCTOR - PRESTAR SERVICIOS PERSONALES PARA PLANEAR Y ORIENTAR LA FORMACIÓN PROFESIONAL INTEGRAL, QUE PROGRAME EL CENTRO DE SERVICIOS Y GESTIÓN EMPRESARIAL EN SUS DIFERENTES NIVELES Y MODALIDADES | AZ234: =VLOOKUP(A234,Hoja1!A233:BM667,45,FALSE) -> #N/A | BA234: =VLOOKUP(A234,Hoja1!A:BM,7,FALSE) -> 5825443 | BB234: =VLOOKUP(A234,Hoja1!A:BM,10,FALSE) -> INSTRUCTOR - PRESTAR SERVICIOS PERSONALES PARA PLANEAR Y ORIENTAR LA FORMACIÓN PROFESIONAL INTEGRAL, QUE PROGRAME EL CENTRO DE SERVICIOS Y GESTIÓN EMPRESARIAL EN SUS DIFERENTES NIVELES Y MODALIDADES
A235: 1128275010 | B235: 402733924 | C235: 2024-10-28 00:00:00 | D235: 2024-10-30 04:23:44 | E235: Pagada | F235: 4,465,000.00 | G235: 17,860.00 | H235: 4,447,140.00 | I235: Beneficiario final | J235: Actual | K235: Cédula de Ciudadanía | L235: 1128275010 | M235: BERTEL GONZALEZ SOL KARIME | N235: Abono en cuenta | O235: Ahorro | P235: 37143028926 | Q235: Activa | R235: 890903938 | S235: BANCOLOMBIA S.A. | T235: 940211 | U235: CENTRO DE SERVICIOS Y GESTION EMPRESARIAL-INTEGRACION CON LA MEDIA | V235: C-3603-1300-15-20305C-3603025-02 | W235: ADQUIS. DE BYS - SERVICIO DE FORMACIÓN PROFESIONAL INTEGRAL - FORTALECIMIENTO DEL SERVICIO DE FORMACIÓN PROFESIONAL DEL SENA NACIONAL | X235: Propios | Y235: INGRESOS CORRIENTES | Z235: CSF | AA235: 4,465,000.00 | AB235: 0.00 | AC235: 0.00 | AD235: 0.00 | AE235: 13-01-01-DT | AH235: No | AM235: PAGO PRESTACION SERVICIOS MES DE OCTUBRE CTO No, CO1,PCCNTR,5828461DE BERTEL GONZALEZ SOL KARIME | AN235: 1224 | AO235: 1224 | AP235: 5724 | AQ235: 0 | AS235: 497124 | AT235: 402733924 | AU235: 0 | AV235: 2024-01-31 00:00:00 | AW235: CONTRATO DE PRESTACION DE SERVICIOS - PROFESIONALES | AX235: CO1.PCCNTR.5828461 | AY235: INSTRUCTOR- PRESTAR SERVICIOS PERSONALES PARA PLANEAR Y ORIENTAR LA FORMACIÓN PROFESIONAL INTEGRAL, QUE PROGRAME EL CENTRO DE SERVICIOS Y GESTIÓN EMPRESARIAL EN LA ARTICULACION CON LA EDUCACION MEDIA | AZ235: =VLOOKUP(A235,Hoja1!A4893:BM5327,45,FALSE) -> #N/A | BA235: =VLOOKUP(A235,Hoja1!A:BM,7,FALSE) -> 5828461 | BB235: =VLOOKUP(A235,Hoja1!A:BM,10,FALSE) -> INSTRUCTOR- PRESTAR SERVICIOS PERSONALES PARA PLANEAR Y ORIENTAR LA FORMACIÓN PROFESIONAL INTEGRAL, QUE PROGRAME EL CENTRO DE SERVICIOS Y GESTIÓN EMPRESARIAL EN LA ARTICULACION CON LA EDUCACION MEDIA
A236: 1128275010 | B236: 448709824 | C236: 2024-11-25 00:00:00 | D236: 2024-11-27 04:10:59 | E236: Pagada | F236: 4,465,000.00 | G236: 17,860.00 | H236: 4,447,140.00 | I236: Beneficiario final | J236: Actual | K236: Cédula de Ciudadanía | L236: 1128275010 | M236: BERTEL GONZALEZ SOL KARIME | N236: Abono en cuenta | O236: Ahorro | P236: 37143028926 | Q236: Activa | R236: 890903938 | S236: BANCOLOMBIA S.A. | T236: 940211 | U236: CENTRO DE SERVICIOS Y GESTION EMPRESARIAL-INTEGRACION CON LA MEDIA | V236: C-3603-1300-15-20305C-3603025-02 | W236: ADQUIS. DE BYS - SERVICIO DE FORMACIÓN PROFESIONAL INTEGRAL - FORTALECIMIENTO DEL SERVICIO DE FORMACIÓN PROFESIONAL DEL SENA NACIONAL | X236: Propios | Y236: INGRESOS CORRIENTES | Z236: CSF | AA236: 4,465,000.00 | AB236: 0.00 | AC236: 0.00 | AD236: 0.00 | AE236: 13-01-01-DT | AH236: No | AM236: PAGO PRESTACION SERVICIOS MES DE NOVIEMBRE CTO No, CO1,PCCNTR,5828461DE BERTEL GONZALEZ SOL KARIME | AN236: 1224 | AO236: 1224 | AP236: 5724 | AQ236: 0 | AS236: 595824 | AT236: 448709824 | AU236: 0 | AV236: 2024-01-31 00:00:00 | AW236: CONTRATO DE PRESTACION DE SERVICIOS - PROFESIONALES | AX236: CO1.PCCNTR.5828461 | AY236: INSTRUCTOR- PRESTAR SERVICIOS PERSONALES PARA PLANEAR Y ORIENTAR LA FORMACIÓN PROFESIONAL INTEGRAL, QUE PROGRAME EL CENTRO DE SERVICIOS Y GESTIÓN EMPRESARIAL EN LA ARTICULACION CON LA EDUCACION MEDIA | AZ236: =VLOOKUP(A236,Hoja1!A5876:BM6310,45,FALSE) -> #N/A | BA236: =VLOOKUP(A236,Hoja1!A:BM,7,FALSE) -> 5828461 | BB236: =VLOOKUP(A236,Hoja1!A:BM,10,FALSE) -> INSTRUCTOR- PRESTAR SERVICIOS PERSONALES PARA PLANEAR Y ORIENTAR LA FORMACIÓN PROFESIONAL INTEGRAL, QUE PROGRAME EL CENTRO DE SERVICIOS Y GESTIÓN EMPRESARIAL EN LA ARTICULACION CON LA EDUCACION MEDIA
A237: 43901772 | B237: 141166024 | C237: 2024-05-08 00:00:00 | D237: 2024-05-10 04:50:03 | E237: Pagada | F237: 2,083,667.00 | G237: 8,335.00 | H237: 2,075,332.00 | I237: Beneficiario final | J237: Actual | K237: Cédula de Ciudadanía | L237: 43901772 | M237: CASTRO MARTINEZ MARJORY | N237: Abono en cuenta | O237: Ahorro | P237: 488420535400 | Q237: Activa | R237: 860034313 | S237: BANCO DAVIVIENDA S.A. | T237: 940211 | U237: CENTRO DE SERVICIOS Y GESTION EMPRESARIAL-INTEGRACION CON LA MEDIA | V237: C-3603-1300-15-20305C-3603025-02 | W237: ADQUIS. DE BYS - SERVICIO DE FORMACIÓN PROFESIONAL INTEGRAL - FORTALECIMIENTO DEL SERVICIO DE FORMACIÓN PROFESIONAL DEL SENA NACIONAL | X237: Propios | Y237: INGRESOS CORRIENTES | Z237: CSF | AA237: 2,083,667.00 | AB237: 0.00 | AC237: 0.00 | AD237: 0.00 | AE237: 13-01-01-DT | AH237: No | AM237: PAGO PRESTACION SERVICIOS MES DE ABRIL CTO No, CO1,PCCNTR,6195974DE CASTRO MARTINEZ MARJORY | AN237: 1224 | AO237: 1224 | AP237: 46324 | AQ237: 0 | AS237: 127024 | AT237: 141166024 | AU237: 0 | AV237: 2024-04-16 00:00:00 | AW237: CONTRATO DE PRESTACION DE SERVICIOS - PROFESIONALES | AX237: CO1.PCCNTR.6195974 | AY237: INSTRUCTOR - PRESTAR SERVICIOS PERSONALES PARA PLANEAR Y ORIENTAR LA FORMACIÓN PROFESIONAL INTEGRAL, QUE PROGRAME EL CENTRO DE SERVICIOS Y GESTIÓN EMPRESARIAL EN LA ARTICULACION CON LA EDUCACION MEDIA | AZ237: =VLOOKUP(A237,Hoja1!A1217:BM1651,45,FALSE) -> #N/A | BA237: =VLOOKUP(A237,Hoja1!A:BM,7,FALSE) -> 6195974 | BB237: =VLOOKUP(A237,Hoja1!A:BM,10,FALSE) -> INSTRUCTOR - PRESTAR SERVICIOS PERSONALES PARA PLANEAR Y ORIENTAR LA FORMACIÓN PROFESIONAL INTEGRAL, QUE PROGRAME EL CENTRO DE SERVICIOS Y GESTIÓN EMPRESARIAL EN LA ARTICULACION CON LA EDUCACION MEDIA
A238: 1128280701 | B238: 44801624 | C238: 2024-02-26 00:00:00 | D238: 2024-02-28 04:29:17 | E238: Pagada | F238: 4,465,000.00 | G238: 17,860.00 | H238: 4,447,140.00 | I238: Beneficiario final | J238: Actual | K238: Cédula de Ciudadanía | L238: 1128280701 | M238: CORREA RAMIREZ DANIEL | N238: Abono en cuenta | O238: Ahorro | P238: 29839666827 | Q238: Activa | R238: 890903938 | S238: BANCOLOMBIA S.A. | T238: 940245 | U238: CENTRO DE SERVICIOS Y GESTION EMPRESARIAL-ANTIOQUIA -SERVICIOS PRESTADOS A LA FORMACION | V238: C-3603-1300-15-20305C-3603025-02 | W238: ADQUIS. DE BYS - SERVICIO DE FORMACIÓN PROFESIONAL INTEGRAL - FORTALECIMIENTO DEL SERVICIO DE FORMACIÓN PROFESIONAL DEL SENA NACIONAL | X238: Nación | Y238: RECURSOS CORRIENTES | Z238: CSF | AA238: 4,465,000.00 | AB238: 0.00 | AC238: 0.00 | AD238: 0.00 | AE238: 13-01-01-DT | AH238: No | AM238: PAGO PRESTACION SERVICIOS MES DE FEBRERO CTO No, CO1,PCCNTR,5824624DE CORREA RAMIREZ DANIEL | AN238: 1324 | AO238: 1324 | AP238: 3024 | AQ238: 0 | AS238: 26124 | AT238: 44801624 | AU238: 0 | AV238: 2024-01-30 00:00:00 | AW238: CONTRATO DE PRESTACION DE SERVICIOS - PROFESIONALES | AX238: CO1.PCCNTR.5824624 | AY238: INSTRUCTOR - PRESTAR SERVICIOS PERSONALES PARA PLANEAR Y ORIENTAR LA FORMACIÓN PROFESIONAL INTEGRAL, QUE PROGRAME EL CENTRO DE SERVICIOS Y GESTIÓN EMPRESARIAL EN SUS DIFERENTES NIVELES Y MODALIDADES | AZ238: =VLOOKUP(A238,Hoja1!A237:BM671,45,FALSE) -> #N/A | BA238: =VLOOKUP(A238,Hoja1!A:BM,7,FALSE) -> 5824624 | BB238: =VLOOKUP(A238,Hoja1!A:BM,10,FALSE) -> INSTRUCTOR - PRESTAR SERVICIOS PERSONALES PARA PLANEAR Y ORIENTAR LA FORMACIÓN PROFESIONAL INTEGRAL, QUE PROGRAME EL CENTRO DE SERVICIOS Y GESTIÓN EMPRESARIAL EN SUS DIFERENTES NIVELES Y MODALIDADES
A239: 43901772 | B239: 166531024 | C239: 2024-05-28 00:00:00 | D239: 2024-05-30 03:51:11 | E239: Pagada | F239: 4,465,000.00 | G239: 17,860.00 | H239: 4,447,140.00 | I239: Beneficiario final | J239: Actual | K239: Cédula de Ciudadanía | L239: 43901772 | M239: CASTRO MARTINEZ MARJORY | N239: Abono en cuenta | O239: Ahorro | P239: 488420535400 | Q239: Activa | R239: 860034313 | S239: BANCO DAVIVIENDA S.A. | T239: 940211 | U239: CENTRO DE SERVICIOS Y GESTION EMPRESARIAL-INTEGRACION CON LA MEDIA | V239: C-3603-1300-15-20305C-3603025-02 | W239: ADQUIS. DE BYS - SERVICIO DE FORMACIÓN PROFESIONAL INTEGRAL - FORTALECIMIENTO DEL SERVICIO DE FORMACIÓN PROFESIONAL DEL SENA NACIONAL | X239: Propios | Y239: INGRESOS CORRIENTES | Z239: CSF | AA239: 4,465,000.00 | AB239: 0.00 | AC239: 0.00 | AD239: 0.00 | AE239: 13-01-01-DT | AH239: No | AM239: PAGO PRESTACION SERVICIOS MES DE MAYO CTO No, CO1,PCCNTR,6195974DE CASTRO MARTINEZ MARJORY | AN239: 1224 | AO239: 1224 | AP239: 46324 | AQ239: 0 | AS239: 187324 | AT239: 166531024 | AU239: 0 | AV239: 2024-04-16 00:00:00 | AW239: CONTRATO DE PRESTACION DE SERVICIOS - PROFESIONALES | AX239: CO1.PCCNTR.6195974 | AY239: INSTRUCTOR - PRESTAR SERVICIOS PERSONALES PARA PLANEAR Y ORIENTAR LA FORMACIÓN PROFESIONAL INTEGRAL, QUE PROGRAME EL CENTRO DE SERVICIOS Y GESTIÓN EMPRESARIAL EN LA ARTICULACION CON LA EDUCACION MEDIA | AZ239: =VLOOKUP(A239,Hoja1!A1727:BM2161,45,FALSE) -> #N/A | BA239: =VLOOKUP(A239,Hoja1!A:BM,7,FALSE) -> 6195974 | BB239: =VLOOKUP(A239,Hoja1!A:BM,10,FALSE) -> INSTRUCTOR - PRESTAR SERVICIOS PERSONALES PARA PLANEAR Y ORIENTAR LA FORMACIÓN PROFESIONAL INTEGRAL, QUE PROGRAME EL CENTRO DE SERVICIOS Y GESTIÓN EMPRESARIAL EN LA ARTICULACION CON LA EDUCACION MEDIA
A240: 43901772 | B240: 205917424 | C240: 2024-06-25 00:00:00 | D240: 2024-06-27 04:35:45 | E240: Pagada | F240: 4,465,000.00 | G240: 17,860.00 | H240: 4,447,140.00 | I240: Beneficiario final | J240: Actual | K240: Cédula de Ciudadanía | L240: 43901772 | M240: CASTRO MARTINEZ MARJORY | N240: Abono en cuenta | O240: Ahorro | P240: 488420535400 | Q240: Activa | R240: 860034313 | S240: BANCO DAVIVIENDA S.A. | T240: 940211 | U240: CENTRO DE SERVICIOS Y GESTION EMPRESARIAL-INTEGRACION CON LA MEDIA | V240: C-3603-1300-15-20305C-3603025-02 | W240: ADQUIS. DE BYS - SERVICIO DE FORMACIÓN PROFESIONAL INTEGRAL - FORTALECIMIENTO DEL SERVICIO DE FORMACIÓN PROFESIONAL DEL SENA NACIONAL | X240: Propios | Y240: INGRESOS CORRIENTES | Z240: CSF | AA240: 4,465,000.00 | AB240: 0.00 | AC240: 0.00 | AD240: 0.00 | AE240: 13-01-01-DT | AH240: No | AM240: PAGO PRESTACION SERVICIOS MES DE JUNIO CTO No, CO1,PCCNTR,6195974DE CASTRO MARTINEZ MARJORY | AN240: 1224 | AO240: 1224 | AP240: 46324 | AQ240: 0 | AS240: 254324 | AT240: 205917424 | AU240: 0 | AV240: 2024-04-16 00:00:00 | AW240: CONTRATO DE PRESTACION DE SERVICIOS - PROFESIONALES | AX240: CO1.PCCNTR.6195974 | AY240: INSTRUCTOR - PRESTAR SERVICIOS PERSONALES PARA PLANEAR Y ORIENTAR LA FORMACIÓN PROFESIONAL INTEGRAL, QUE PROGRAME EL CENTRO DE SERVICIOS Y GESTIÓN EMPRESARIAL EN LA ARTICULACION CON LA EDUCACION MEDIA | AZ240: =VLOOKUP(A240,Hoja1!A2471:BM2905,45,FALSE) -> #N/A | BA240: =VLOOKUP(A240,Hoja1!A:BM,7,FALSE) -> 6195974 | BB240: =VLOOKUP(A240,Hoja1!A:BM,10,FALSE) -> INSTRUCTOR - PRESTAR SERVICIOS PERSONALES PARA PLANEAR Y ORIENTAR LA FORMACIÓN PROFESIONAL INTEGRAL, QUE PROGRAME EL CENTRO DE SERVICIOS Y GESTIÓN EMPRESARIAL EN LA ARTICULACION CON LA EDUCACION MEDIA
A241: 31305162 | B241: 44801924 | C241: 2024-02-26 00:00:00 | D241: 2024-02-28 04:30:15 | E241: Pagada | F241: 3,572,000.00 | G241: 14,288.00 | H241: 3,557,712.00 | I241: Beneficiario final | J241: Actual | K241: Cédula de Ciudadanía | L241: 31305162 | M241: CORDOBA GARCIA JEBEIZA | N241: Abono en cuenta | O241: Ahorro | P241: 01487343834 | Q241: Activa | R241: 890903938 | S241: BANCOLOMBIA S.A. | T241: 940245 | U241: CENTRO DE SERVICIOS Y GESTION EMPRESARIAL-ANTIOQUIA -SERVICIOS PRESTADOS A LA FORMACION | V241: C-3603-1300-15-20305C-3603025-02 | W241: ADQUIS. DE BYS - SERVICIO DE FORMACIÓN PROFESIONAL INTEGRAL - FORTALECIMIENTO DEL SERVICIO DE FORMACIÓN PROFESIONAL DEL SENA NACIONAL | X241: Nación | Y241: RECURSOS CORRIENTES | Z241: CSF | AA241: 3,572,000.00 | AB241: 0.00 | AC241: 0.00 | AD241: 0.00 | AE241: 13-01-01-DT | AH241: No | AM241: PAGO PRESTACION SERVICIOS MES DE FEBRERO CTO No, CO1,PCCNTR,5846781DE CORDOBA GARCIA JEBEIZA | AN241: 1324 | AO241: 1324 | AP241: 24424 | AQ241: 0 | AS241: 26424 | AT241: 44801924 | AU241: 0 | AV241: 2024-02-06 00:00:00 | AW241: CONTRATO DE PRESTACION DE SERVICIOS - PROFESIONALES | AX241: CO1.PCCNTR.5846781 | AY241: INSTRUCTOR - PRESTAR SERVICIOS PERSONALES PARA PLANEAR Y ORIENTAR LA FORMACIÓN PROFESIONAL INTEGRAL, QUE PROGRAME EL CENTRO DE SERVICIOS Y GESTIÓN EMPRESARIAL EN SUS DIFERENTES NIVELES Y MODALIDADES | AZ241: =VLOOKUP(A241,Hoja1!A240:BM674,45,FALSE) -> #N/A | BA241: =VLOOKUP(A241,Hoja1!A:BM,7,FALSE) -> 5846781 | BB241: =VLOOKUP(A241,Hoja1!A:BM,10,FALSE) -> INSTRUCTOR - PRESTAR SERVICIOS PERSONALES PARA PLANEAR Y ORIENTAR LA FORMACIÓN PROFESIONAL INTEGRAL, QUE PROGRAME EL CENTRO DE SERVICIOS Y GESTIÓN EMPRESARIAL EN SUS DIFERENTES NIVELES Y MODALIDADES
A242: 43901772 | B242: 255143024 | C242: 2024-07-29 00:00:00 | D242: 2024-07-31 04:32:26 | E242: Pagada | F242: 4,465,000.00 | G242: 17,860.00 | H242: 4,447,140.00 | I242: Beneficiario final | J242: Actual | K242: Cédula de Ciudadanía | L242: 43901772 | M242: CASTRO MARTINEZ MARJORY | N242: Abono en cuenta | O242: Ahorro | P242: 488420535400 | Q242: Activa | R242: 860034313 | S242: BANCO DAVIVIENDA S.A. | T242: 940211 | U242: CENTRO DE SERVICIOS Y GESTION EMPRESARIAL-INTEGRACION CON LA MEDIA | V242: C-3603-1300-15-20305C-3603025-02 | W242: ADQUIS. DE BYS - SERVICIO DE FORMACIÓN PROFESIONAL INTEGRAL - FORTALECIMIENTO DEL SERVICIO DE FORMACIÓN PROFESIONAL DEL SENA NACIONAL | X242: Propios | Y242: INGRESOS CORRIENTES | Z242: CSF | AA242: 4,465,000.00 | AB242: 0.00 | AC242: 0.00 | AD242: 0.00 | AE242: 13-01-01-DT | AH242: No | AM242: PAGO PRESTACION SERVICIOS MES DE JULIO CTO No, CO1,PCCNTR,6195974DE CASTRO MARTINEZ MARJORY | AN242: 1224 | AO242: 1224 | AP242: 46324 | AQ242: 0 | AS242: 323824 | AT242: 255143024 | AU242: 0 | AV242: 2024-04-16 00:00:00 | AW242: CONTRATO DE PRESTACION DE SERVICIOS - PROFESIONALES | AX242: CO1.PCCNTR.6195974 | AY242: INSTRUCTOR - PRESTAR SERVICIOS PERSONALES PARA PLANEAR Y ORIENTAR LA FORMACIÓN PROFESIONAL INTEGRAL, QUE PROGRAME EL CENTRO DE SERVICIOS Y GESTIÓN EMPRESARIAL EN LA ARTICULACION CON LA EDUCACION MEDIA | AZ242: =VLOOKUP(A242,Hoja1!A3162:BM3596,45,FALSE) -> #N/A | BA242: =VLOOKUP(A242,Hoja1!A:BM,7,FALSE) -> 6195974 | BB242: =VLOOKUP(A242,Hoja1!A:BM,10,FALSE) -> INSTRUCTOR - PRESTAR SERVICIOS PERSONALES PARA PLANEAR Y ORIENTAR LA FORMACIÓN PROFESIONAL INTEGRAL, QUE PROGRAME EL CENTRO DE SERVICIOS Y GESTIÓN EMPRESARIAL EN LA ARTICULACION CON LA EDUCACION MEDIA
A243: 43901772 | B243: 295393924 | C243: 2024-08-27 00:00:00 | D243: 2024-08-29 04:20:18 | E243: Pagada | F243: 4,465,000.00 | G243: 17,860.00 | H243: 4,447,140.00 | I243: Beneficiario final | J243: Actual | K243: Cédula de Ciudadanía | L243: 43901772 | M243: CASTRO MARTINEZ MARJORY | N243: Abono en cuenta | O243: Ahorro | P243: 488420535400 | Q243: Activa | R243: 860034313 | S243: BANCO DAVIVIENDA S.A. | T243: 940211 | U243: CENTRO DE SERVICIOS Y GESTION EMPRESARIAL-INTEGRACION CON LA MEDIA | V243: C-3603-1300-15-20305C-3603025-02 | W243: ADQUIS. DE BYS - SERVICIO DE FORMACIÓN PROFESIONAL INTEGRAL - FORTALECIMIENTO DEL SERVICIO DE FORMACIÓN PROFESIONAL DEL SENA NACIONAL | X243: Propios | Y243: INGRESOS CORRIENTES | Z243: CSF | AA243: 4,465,000.00 | AB243: 0.00 | AC243: 0.00 | AD243: 0.00 | AE243: 13-01-01-DT | AH243: No | AM243: PAGO PRESTACION SERVICIOS MES DE AGOSTO CTO No, CO1,PCCNTR,6195974DE CASTRO MARTINEZ MARJORY | AN243: 1224 | AO243: 1224 | AP243: 46324 | AQ243: 0 | AS243: 347024 | AT243: 295393924 | AU243: 0 | AV243: 2024-04-16 00:00:00 | AW243: CONTRATO DE PRESTACION DE SERVICIOS - PROFESIONALES | AX243: CO1.PCCNTR.6195974 | AY243: INSTRUCTOR - PRESTAR SERVICIOS PERSONALES PARA PLANEAR Y ORIENTAR LA FORMACIÓN PROFESIONAL INTEGRAL, QUE PROGRAME EL CENTRO DE SERVICIOS Y GESTIÓN EMPRESARIAL EN LA ARTICULACION CON LA EDUCACION MEDIA | AZ243: =VLOOKUP(A243,Hoja1!A3400:BM3834,45,FALSE) -> #N/A | BA243: =VLOOKUP(A243,Hoja1!A:BM,7,FALSE) -> 6195974 | BB243: =VLOOKUP(A243,Hoja1!A:BM,10,FALSE) -> INSTRUCTOR - PRESTAR SERVICIOS PERSONALES PARA PLANEAR Y ORIENTAR LA FORMACIÓN PROFESIONAL INTEGRAL, QUE PROGRAME EL CENTRO DE SERVICIOS Y GESTIÓN EMPRESARIAL EN LA ARTICULACION CON LA EDUCACION MEDIA
A244: 46666294 | B244: 44802224 | C244: 2024-02-26 00:00:00 | D244: 2024-02-28 04:30:16 | E244: Pagada | F244: 3,572,000.00 | G244: 14,288.00 | H244: 3,557,712.00 | I244: Beneficiario final | J244: Actual | K244: Cédula de Ciudadanía | L244: 46666294 | M244: FONSECA TORRES SANDRA ROCIO | N244: Abono en cuenta | O244: Ahorro | P244: 26248926766 | Q244: Activa | R244: 890903938 | S244: BANCOLOMBIA S.A. | T244: 940245 | U244: CENTRO DE SERVICIOS Y GESTION EMPRESARIAL-ANTIOQUIA -SERVICIOS PRESTADOS A LA FORMACION | V244: C-3603-1300-15-20305C-3603025-02 | W244: ADQUIS. DE BYS - SERVICIO DE FORMACIÓN PROFESIONAL INTEGRAL - FORTALECIMIENTO DEL SERVICIO DE FORMACIÓN PROFESIONAL DEL SENA NACIONAL | X244: Nación | Y244: RECURSOS CORRIENTES | Z244: CSF | AA244: 3,572,000.00 | AB244: 0.00 | AC244: 0.00 | AD244: 0.00 | AE244: 13-01-01-DT | AH244: No | AM244: PAGO PRESTACION SERVICIOS MES DE FEBRERO CTO No, CO1,PCCNTR,5853642DE FONSECA TORRES SANDRA ROCIO | AN244: 1324 | AO244: 1324 | AP244: 22324 | AQ244: 0 | AS244: 26724 | AT244: 44802224 | AU244: 0 | AV244: 2024-02-06 00:00:00 | AW244: CONTRATO DE PRESTACION DE SERVICIOS - PROFESIONALES | AX244: CO1.PCCNTR.5853642 | AY244: INSTRUCTOR - PRESTAR SERVICIOS PERSONALES PARA PLANEAR Y ORIENTAR LA FORMACIÓN PROFESIONAL INTEGRAL, QUE PROGRAME EL CENTRO DE SERVICIOS Y GESTIÓN EMPRESARIAL EN SUS DIFERENTES NIVELES Y MODALIDADES | AZ244: =VLOOKUP(A244,Hoja1!A243:BM677,45,FALSE) -> NICOLAS ESPINOSA SANTANA | BA244: =VLOOKUP(A244,Hoja1!A:BM,7,FALSE) -> 5853642 | BB244: =VLOOKUP(A244,Hoja1!A:BM,10,FALSE) -> INSTRUCTOR - PRESTAR SERVICIOS PERSONALES PARA PLANEAR Y ORIENTAR LA FORMACIÓN PROFESIONAL INTEGRAL, QUE PROGRAME EL CENTRO DE SERVICIOS Y GESTIÓN EMPRESARIAL EN SUS DIFERENTES NIVELES Y MODALIDADES
A245: 43901772 | B245: 340914024 | C245: 2024-09-24 00:00:00 | D245: 2024-09-26 04:02:29 | E245: Pagada | F245: 4,465,000.00 | G245: 17,860.00 | H245: 4,447,140.00 | I245: Beneficiario final | J245: Actual | K245: Cédula de Ciudadanía | L245: 43901772 | M245: CASTRO MARTINEZ MARJORY | N245: Abono en cuenta | O245: Ahorro | P245: 488420535400 | Q245: Activa | R245: 860034313 | S245: BANCO DAVIVIENDA S.A. | T245: 940211 | U245: CENTRO DE SERVICIOS Y GESTION EMPRESARIAL-INTEGRACION CON LA MEDIA | V245: C-3603-1300-15-20305C-3603025-02 | W245: ADQUIS. DE BYS - SERVICIO DE FORMACIÓN PROFESIONAL INTEGRAL - FORTALECIMIENTO DEL SERVICIO DE FORMACIÓN PROFESIONAL DEL SENA NACIONAL | X245: Propios | Y245: INGRESOS CORRIENTES | Z245: CSF | AA245: 4,465,000.00 | AB245: 0.00 | AC245: 0.00 | AD245: 0.00 | AE245: 13-01-01-DT | AH245: No | AM245: PAGO PRESTACION SERVICIOS MES DE SEPTIEMBRE CTO No, CO1,PCCNTR,6195974DE CASTRO MARTINEZ MARJORY | AN245: 1224 | AO245: 1224 | AP245: 46324 | AQ245: 0 | AS245: 412524 | AT245: 340914024 | AU245: 0 | AV245: 2024-04-16 00:00:00 | AW245: CONTRATO DE PRESTACION DE SERVICIOS - PROFESIONALES | AX245: CO1.PCCNTR.6195974 | AY245: INSTRUCTOR - PRESTAR SERVICIOS PERSONALES PARA PLANEAR Y ORIENTAR LA FORMACIÓN PROFESIONAL INTEGRAL, QUE PROGRAME EL CENTRO DE SERVICIOS Y GESTIÓN EMPRESARIAL EN LA ARTICULACION CON LA EDUCACION MEDIA | AZ245: =VLOOKUP(A245,Hoja1!A4060:BM4494,45,FALSE) -> #N/A | BA245: =VLOOKUP(A245,Hoja1!A:BM,7,FALSE) -> 6195974 | BB245: =VLOOKUP(A245,Hoja1!A:BM,10,FALSE) -> INSTRUCTOR - PRESTAR SERVICIOS PERSONALES PARA PLANEAR Y ORIENTAR LA FORMACIÓN PROFESIONAL INTEGRAL, QUE PROGRAME EL CENTRO DE SERVICIOS Y GESTIÓN EMPRESARIAL EN LA ARTICULACION CON LA EDUCACION MEDIA
A246: 71764320 | B246: 44802424 | C246: 2024-02-26 00:00:00 | D246: 2024-02-28 04:29:36 | E246: Pagada | F246: 3,720,833.00 | G246: 14,883.00 | H246: 3,705,950.00 | I246: Beneficiario final | J246: Actual | K246: Cédula de Ciudadanía | L246: 71764320 | M246: RESTREPO VELEZ OSCAR ANDRES | N246: Abono en cuenta | O246: Ahorro | P246: 10872861794 | Q246: Activa | R246: 890903938 | S246: BANCOLOMBIA S.A. | T246: 940245 | U246: CENTRO DE SERVICIOS Y GESTION EMPRESARIAL-ANTIOQUIA -SERVICIOS PRESTADOS A LA FORMACION | V246: C-3603-1300-15-20305C-3603025-02 | W246: ADQUIS. DE BYS - SERVICIO DE FORMACIÓN PROFESIONAL INTEGRAL - FORTALECIMIENTO DEL SERVICIO DE FORMACIÓN PROFESIONAL DEL SENA NACIONAL | X246: Nación | Y246: RECURSOS CORRIENTES | Z246: CSF | AA246: 3,720,833.00 | AB246: 0.00 | AC246: 0.00 | AD246: 0.00 | AE246: 13-01-01-DT | AH246: No | AM246: PAGO PRESTACION SERVICIOS MES DE FEBRERO CTO No, CO1,PCCNTR,5846264DE RESTREPO VELEZ OSCAR ANDRES | AN246: 1324 | AO246: 1324 | AP246: 19724 | AQ246: 0 | AS246: 26924 | AT246: 44802424 | AU246: 0 | AV246: 2024-02-05 00:00:00 | AW246: CONTRATO DE PRESTACION DE SERVICIOS - PROFESIONALES | AX246: CO1.PCCNTR.5846264 | AY246: INSTRUCTOR - PRESTAR SERVICIOS PERSONALES PARA PLANEAR Y ORIENTAR LA FORMACIÓN PROFESIONAL INTEGRAL, QUE PROGRAME EL CENTRO DE SERVICIOS Y GESTIÓN EMPRESARIAL EN SUS DIFERENTES NIVELES Y MODALIDADES | AZ246: =VLOOKUP(A246,Hoja1!A245:BM679,45,FALSE) -> #N/A | BA246: =VLOOKUP(A246,Hoja1!A:BM,7,FALSE) -> 5846264 | BB246: =VLOOKUP(A246,Hoja1!A:BM,10,FALSE) -> INSTRUCTOR - PRESTAR SERVICIOS PERSONALES PARA PLANEAR Y ORIENTAR LA FORMACIÓN PROFESIONAL INTEGRAL, QUE PROGRAME EL CENTRO DE SERVICIOS Y GESTIÓN EMPRESARIAL EN SUS DIFERENTES NIVELES Y MODALIDADES
A247: 98526704 | B247: 44802524 | C247: 2024-02-26 00:00:00 | D247: 2024-02-28 04:23:05 | E247: Pagada | F247: 4,316,167.00 | G247: 17,265.00 | H247: 4,298,902.00 | I247: Beneficiario final | J247: Actual | K247: Cédula de Ciudadanía | L247: 98526704 | M247: LARGO GUARIN JORGE MARIO | N247: Abono en cuenta | O247: Ahorro | P247: 10111073967 | Q247: Activa | R247: 890903938 | S247: BANCOLOMBIA S.A. | T247: 940245 | U247: CENTRO DE SERVICIOS Y GESTION EMPRESARIAL-ANTIOQUIA -SERVICIOS PRESTADOS A LA FORMACION | V247: C-3603-1300-15-20305C-3603025-02 | W247: ADQUIS. DE BYS - SERVICIO DE FORMACIÓN PROFESIONAL INTEGRAL - FORTALECIMIENTO DEL SERVICIO DE FORMACIÓN PROFESIONAL DEL SENA NACIONAL | X247: Nación | Y247: RECURSOS CORRIENTES | Z247: CSF | AA247: 4,316,167.00 | AB247: 0.00 | AC247: 0.00 | AD247: 0.00 | AE247: 13-01-01-DT | AH247: No | AM247: PAGO PRESTACION SERVICIOS MES DE FEBRERO CTO No, CO1,PCCNTR,5837271DE LARGO GUARIN JORGE MARIO | AN247: 1324 | AO247: 1324 | AP247: 13524 | AQ247: 0 | AS247: 27024 | AT247: 44802524 | AU247: 0 | AV247: 2024-02-02 00:00:00 | AW247: CONTRATO DE PRESTACION DE SERVICIOS - PROFESIONALES | AX247: CO1.PCCNTR.5837271 | AY247: INSTRUCTOR - PRESTAR SERVICIOS PERSONALES PARA PLANEAR Y ORIENTAR LA FORMACIÓN PROFESIONAL INTEGRAL, QUE PROGRAME EL CENTRO DE SERVICIOS Y GESTIÓN EMPRESARIAL EN SUS DIFERENTES NIVELES Y MODALIDADES | AZ247: =VLOOKUP(A247,Hoja1!A246:BM680,45,FALSE) -> #N/A | BA247: =VLOOKUP(A247,Hoja1!A:BM,7,FALSE) -> 5837271 | BB247: =VLOOKUP(A247,Hoja1!A:BM,10,FALSE) -> INSTRUCTOR - PRESTAR SERVICIOS PERSONALES PARA PLANEAR Y ORIENTAR LA FORMACIÓN PROFESIONAL INTEGRAL, QUE PROGRAME EL CENTRO DE SERVICIOS Y GESTIÓN EMPRESARIAL EN SUS DIFERENTES NIVELES Y MODALIDADES
A248: 98676921 | B248: 44802624 | C248: 2024-02-26 00:00:00 | D248: 2024-02-28 04:45:42 | E248: Pagada | F248: 3,336,933.00 | G248: 13,348.00 | H248: 3,323,585.00 | I248: Beneficiario final | J248: Actual | K248: Cédula de Ciudadanía | L248: 98676921 | M248: RONDON ARANGO HUMBERTO DE JESUS | N248: Abono en cuenta | O248: Ahorro | P248: 36604123881 | Q248: Activa | R248: 890903938 | S248: BANCOLOMBIA S.A. | T248: 940245 | U248: CENTRO DE SERVICIOS Y GESTION EMPRESARIAL-ANTIOQUIA -SERVICIOS PRESTADOS A LA FORMACION | V248: C-3603-1300-15-20305C-3603025-02 | W248: ADQUIS. DE BYS - SERVICIO DE FORMACIÓN PROFESIONAL INTEGRAL - FORTALECIMIENTO DEL SERVICIO DE FORMACIÓN PROFESIONAL DEL SENA NACIONAL | X248: Nación | Y248: RECURSOS CORRIENTES | Z248: CSF | AA248: 3,336,933.00 | AB248: 0.00 | AC248: 0.00 | AD248: 0.00 | AE248: 13-01-01-DT | AH248: No | AM248: PAGO PRESTACION SERVICIOS MES DE FEBRERO CTO No, CO1,PCCNTR,5837941DE RONDON ARANGO HUMBERTO DE JESUS | AN248: 1324 | AO248: 1324 | AP248: 13624 | AQ248: 0 | AS248: 27124 | AT248: 44802624 | AU248: 0 | AV248: 2024-02-02 00:00:00 | AW248: CONTRATO DE PRESTACION DE SERVICIOS - PROFESIONALES | AX248: CO1.PCCNTR.5837941 | AY248: INSTRUCTOR - PRESTAR SERVICIOS PERSONALES PARA PLANEAR Y ORIENTAR LA FORMACIÓN PROFESIONAL INTEGRAL, QUE PROGRAME EL CENTRO DE SERVICIOS Y GESTIÓN EMPRESARIAL EN SUS DIFERENTES NIVELES Y MODALIDADES | AZ248: =VLOOKUP(A248,Hoja1!A247:BM681,45,FALSE) -> #N/A | BA248: =VLOOKUP(A248,Hoja1!A:BM,7,FALSE) -> 5837941 | BB248: =VLOOKUP(A248,Hoja1!A:BM,10,FALSE) -> INSTRUCTOR - PRESTAR SERVICIOS PERSONALES PARA PLANEAR Y ORIENTAR LA FORMACIÓN PROFESIONAL INTEGRAL, QUE PROGRAME EL CENTRO DE SERVICIOS Y GESTIÓN EMPRESARIAL EN SUS DIFERENTES NIVELES Y MODALIDADES
A249: 43901772 | B249: 402727924 | C249: 2024-10-28 00:00:00 | D249: 2024-10-30 04:30:51 | E249: Pagada | F249: 4,465,000.00 | G249: 17,860.00 | H249: 4,447,140.00 | I249: Beneficiario final | J249: Actual | K249: Cédula de Ciudadanía | L249: 43901772 | M249: CASTRO MARTINEZ MARJORY | N249: Abono en cuenta | O249: Ahorro | P249: 488420535400 | Q249: Activa | R249: 860034313 | S249: BANCO DAVIVIENDA S.A. | T249: 940211 | U249: CENTRO DE SERVICIOS Y GESTION EMPRESARIAL-INTEGRACION CON LA MEDIA | V249: C-3603-1300-15-20305C-3603025-02 | W249: ADQUIS. DE BYS - SERVICIO DE FORMACIÓN PROFESIONAL INTEGRAL - FORTALECIMIENTO DEL SERVICIO DE FORMACIÓN PROFESIONAL DEL SENA NACIONAL | X249: Propios | Y249: INGRESOS CORRIENTES | Z249: CSF | AA249: 4,465,000.00 | AB249: 0.00 | AC249: 0.00 | AD249: 0.00 | AE249: 13-01-01-DT | AH249: No | AM249: PAGO PRESTACION SERVICIOS MES DE OCTUBRE CTO No, CO1,PCCNTR,6195974DE CASTRO MARTINEZ MARJORY | AN249: 1224 | AO249: 1224 | AP249: 46324 | AQ249: 0 | AS249: 494924 | AT249: 402727924 | AU249: 0 | AV249: 2024-04-16 00:00:00 | AW249: CONTRATO DE PRESTACION DE SERVICIOS - PROFESIONALES | AX249: CO1.PCCNTR.6195974 | AY249: INSTRUCTOR - PRESTAR SERVICIOS PERSONALES PARA PLANEAR Y ORIENTAR LA FORMACIÓN PROFESIONAL INTEGRAL, QUE PROGRAME EL CENTRO DE SERVICIOS Y GESTIÓN EMPRESARIAL EN LA ARTICULACION CON LA EDUCACION MEDIA | AZ249: =VLOOKUP(A249,Hoja1!A4871:BM5305,45,FALSE) -> #N/A | BA249: =VLOOKUP(A249,Hoja1!A:BM,7,FALSE) -> 6195974 | BB249: =VLOOKUP(A249,Hoja1!A:BM,10,FALSE) -> INSTRUCTOR - PRESTAR SERVICIOS PERSONALES PARA PLANEAR Y ORIENTAR LA FORMACIÓN PROFESIONAL INTEGRAL, QUE PROGRAME EL CENTRO DE SERVICIOS Y GESTIÓN EMPRESARIAL EN LA ARTICULACION CON LA EDUCACION MEDIA
A250: 43901772 | B250: 448703224 | C250: 2024-11-25 00:00:00 | D250: 2024-11-27 04:21:34 | E250: Pagada | F250: 4,465,000.00 | G250: 17,860.00 | H250: 4,447,140.00 | I250: Beneficiario final | J250: Actual | K250: Cédula de Ciudadanía | L250: 43901772 | M250: CASTRO MARTINEZ MARJORY | N250: Abono en cuenta | O250: Ahorro | P250: 488420535400 | Q250: Activa | R250: 860034313 | S250: BANCO DAVIVIENDA S.A. | T250: 940211 | U250: CENTRO DE SERVICIOS Y GESTION EMPRESARIAL-INTEGRACION CON LA MEDIA | V250: C-3603-1300-15-20305C-3603025-02 | W250: ADQUIS. DE BYS - SERVICIO DE FORMACIÓN PROFESIONAL INTEGRAL - FORTALECIMIENTO DEL SERVICIO DE FORMACIÓN PROFESIONAL DEL SENA NACIONAL | X250: Propios | Y250: INGRESOS CORRIENTES | Z250: CSF | AA250: 4,465,000.00 | AB250: 0.00 | AC250: 0.00 | AD250: 0.00 | AE250: 13-01-01-DT | AH250: No | AM250: PAGO PRESTACION SERVICIOS MES DE NOVIEMBRE CTO No, CO1,PCCNTR,6195974DE CASTRO MARTINEZ MARJORY | AN250: 1224 | AO250: 1224 | AP250: 46324 | AQ250: 0 | AS250: 593724 | AT250: 448703224 | AU250: 0 | AV250: 2024-04-16 00:00:00 | AW250: CONTRATO DE PRESTACION DE SERVICIOS - PROFESIONALES | AX250: CO1.PCCNTR.6195974 | AY250: INSTRUCTOR - PRESTAR SERVICIOS PERSONALES PARA PLANEAR Y ORIENTAR LA FORMACIÓN PROFESIONAL INTEGRAL, QUE PROGRAME EL CENTRO DE SERVICIOS Y GESTIÓN EMPRESARIAL EN LA ARTICULACION CON LA EDUCACION MEDIA | AZ250: =VLOOKUP(A250,Hoja1!A5855:BM6289,45,FALSE) -> #N/A | BA250: =VLOOKUP(A250,Hoja1!A:BM,7,FALSE) -> 6195974 | BB250: =VLOOKUP(A250,Hoja1!A:BM,10,FALSE) -> INSTRUCTOR - PRESTAR SERVICIOS PERSONALES PARA PLANEAR Y ORIENTAR LA FORMACIÓN PROFESIONAL INTEGRAL, QUE PROGRAME EL CENTRO DE SERVICIOS Y GESTIÓN EMPRESARIAL EN LA ARTICULACION CON LA EDUCACION MEDIA
A251: 1037623642 | B251: 44803024 | C251: 2024-02-26 00:00:00 | D251: 2024-02-28 04:29:27 | E251: Pagada | F251: 4,465,000.00 | G251: 17,860.00 | H251: 4,447,140.00 | I251: Beneficiario final | J251: Actual | K251: Cédula de Ciudadanía | L251: 1037623642 | M251: SUAZA BEDOYA CINDY TATIANA | N251: Abono en cuenta | O251: Ahorro | P251: 00690931206 | Q251: Activa | R251: 890903938 | S251: BANCOLOMBIA S.A. | T251: 940245 | U251: CENTRO DE SERVICIOS Y GESTION EMPRESARIAL-ANTIOQUIA -SERVICIOS PRESTADOS A LA FORMACION | V251: C-3603-1300-15-20305C-3603025-02 | W251: ADQUIS. DE BYS - SERVICIO DE FORMACIÓN PROFESIONAL INTEGRAL - FORTALECIMIENTO DEL SERVICIO DE FORMACIÓN PROFESIONAL DEL SENA NACIONAL | X251: Nación | Y251: RECURSOS CORRIENTES | Z251: CSF | AA251: 4,465,000.00 | AB251: 0.00 | AC251: 0.00 | AD251: 0.00 | AE251: 13-01-01-DT | AH251: No | AM251: PAGO PRESTACION SERVICIOS MES DE FEBRERO CTO No, CO1,PCCNTR,5830661DE SUAZA BEDOYA CINDY TATIANA | AN251: 1324 | AO251: 1324 | AP251: 12724 | AQ251: 0 | AS251: 27424 | AT251: 44803024 | AU251: 0 | AV251: 2024-02-01 00:00:00 | AW251: CONTRATO DE PRESTACION DE SERVICIOS - PROFESIONALES | AX251: CO1.PCCNTR.5830661 | AY251: INSTRUCTOR - PRESTAR SERVICIOS PERSONALES PARA PLANEAR Y ORIENTAR LA FORMACIÓN PROFESIONAL INTEGRAL, QUE PROGRAME EL CENTRO DE SERVICIOS Y GESTIÓN EMPRESARIAL EN SUS DIFERENTES NIVELES Y MODALIDADES | AZ251: =VLOOKUP(A251,Hoja1!A250:BM684,45,FALSE) -> #N/A | BA251: =VLOOKUP(A251,Hoja1!A:BM,7,FALSE) -> 5830661 | BB251: =VLOOKUP(A251,Hoja1!A:BM,10,FALSE) -> INSTRUCTOR - PRESTAR SERVICIOS PERSONALES PARA PLANEAR Y ORIENTAR LA FORMACIÓN PROFESIONAL INTEGRAL, QUE PROGRAME EL CENTRO DE SERVICIOS Y GESTIÓN EMPRESARIAL EN SUS DIFERENTES NIVELES Y MODALIDADES
A252: 229894 | B252: 44803124 | C252: 2024-02-26 00:00:00 | D252: 2024-02-28 04:29:26 | E252: Pagada | F252: 4,465,000.00 | G252: 17,860.00 | H252: 4,447,140.00 | I252: Beneficiario final | J252: Actual | K252: Cédula de Ciudadanía | L252: 229894 | M252: GOMEZ ADASME MARTA ESTER | N252: Abono en cuenta | O252: Ahorro | P252: 10162561677 | Q252: Activa | R252: 890903938 | S252: BANCOLOMBIA S.A. | T252: 940245 | U252: CENTRO DE SERVICIOS Y GESTION EMPRESARIAL-ANTIOQUIA -SERVICIOS PRESTADOS A LA FORMACION | V252: C-3603-1300-15-20305C-3603025-02 | W252: ADQUIS. DE BYS - SERVICIO DE FORMACIÓN PROFESIONAL INTEGRAL - FORTALECIMIENTO DEL SERVICIO DE FORMACIÓN PROFESIONAL DEL SENA NACIONAL | X252: Nación | Y252: RECURSOS CORRIENTES | Z252: CSF | AA252: 4,465,000.00 | AB252: 0.00 | AC252: 0.00 | AD252: 0.00 | AE252: 13-01-01-DT | AH252: No | AM252: PAGO PRESTACION SERVICIOS MES DE FEBRERO CTO No, CO1,PCCNTR,5829900DE GOMEZ ADASME MARTA ESTER | AN252: 1324 | AO252: 1324 | AP252: 11624 | AQ252: 0 | AS252: 27524 | AT252: 44803124 | AU252: 0 | AV252: 2024-02-01 00:00:00 | AW252: CONTRATO DE PRESTACION DE SERVICIOS - PROFESIONALES | AX252: CO1.PCCNTR.5829900 | AY252: INSTRUCTOR - PRESTAR SERVICIOS PERSONALES PARA PLANEAR Y ORIENTAR LA FORMACIÓN PROFESIONAL INTEGRAL, QUE PROGRAME EL CENTRO DE SERVICIOS Y GESTIÓN EMPRESARIAL EN SUS DIFERENTES NIVELES Y MODALIDADES | AZ252: =VLOOKUP(A252,Hoja1!A251:BM685,45,FALSE) -> #N/A | BA252: =VLOOKUP(A252,Hoja1!A:BM,7,FALSE) -> 5829900 | BB252: =VLOOKUP(A252,Hoja1!A:BM,10,FALSE) -> INSTRUCTOR - PRESTAR SERVICIOS PERSONALES PARA PLANEAR Y ORIENTAR LA FORMACIÓN PROFESIONAL INTEGRAL, QUE PROGRAME EL CENTRO DE SERVICIOS Y GESTIÓN EMPRESARIAL EN SUS DIFERENTES NIVELES Y MODALIDADES
A253: 6801324 | B253: 44803224 | C253: 2024-02-26 00:00:00 | D253: 2024-02-28 04:29:27 | E253: Pagada | F253: 4,465,000.00 | G253: 17,860.00 | H253: 4,447,140.00 | I253: Beneficiario final | J253: Actual | K253: Cédula de Ciudadanía | L253: 6801324 | M253: TRUJILLO ORTIZ CRISTIAN ERNESTO | N253: Abono en cuenta | O253: Ahorro | P253: 46623073378 | Q253: Activa | R253: 890903938 | S253: BANCOLOMBIA S.A. | T253: 940245 | U253: CENTRO DE SERVICIOS Y GESTION EMPRESARIAL-ANTIOQUIA -SERVICIOS PRESTADOS A LA FORMACION | V253: C-3603-1300-15-20305C-3603025-02 | W253: ADQUIS. DE BYS - SERVICIO DE FORMACIÓN PROFESIONAL INTEGRAL - FORTALECIMIENTO DEL SERVICIO DE FORMACIÓN PROFESIONAL DEL SENA NACIONAL | X253: Nación | Y253: RECURSOS CORRIENTES | Z253: CSF | AA253: 4,465,000.00 | AB253: 0.00 | AC253: 0.00 | AD253: 0.00 | AE253: 13-01-01-DT | AH253: No | AM253: PAGO PRESTACION SERVICIOS MES DE FEBRERO CTO No, CO1,PCCNTR,5830838DE TRUJILLO ORTIZ CRISTIAN ERNESTO | AN253: 1324 | AO253: 1324 | AP253: 7924 | AQ253: 0 | AS253: 27624 | AT253: 44803224 | AU253: 0 | AV253: 2024-01-31 00:00:00 | AW253: CONTRATO DE PRESTACION DE SERVICIOS - PROFESIONALES | AX253: CO1.PCCNTR.5830838 | AY253: INSTRUCTOR -PRESTAR SERVICIOS PERSONALES L PARA PLANEAR Y ORIENTAR LA FORMACIÓN PROFESIONAL INTEGRAL, QUE PROGRAME EL CENTRO DE SERVICIOS Y GESTIÓN EMPRESARIAL EN SUS DIFERENTES NIVELES Y MODALIDADES | AZ253: =VLOOKUP(A253,Hoja1!A252:BM686,45,FALSE) -> #N/A | BA253: =VLOOKUP(A253,Hoja1!A:BM,7,FALSE) -> 5830838 | BB253: =VLOOKUP(A253,Hoja1!A:BM,10,FALSE) -> INSTRUCTOR -PRESTAR SERVICIOS PERSONALES L PARA PLANEAR Y ORIENTAR LA FORMACIÓN PROFESIONAL INTEGRAL, QUE PROGRAME EL CENTRO DE SERVICIOS Y GESTIÓN EMPRESARIAL EN SUS DIFERENTES NIVELES Y MODALIDADES
...

Sheet Hoja1
A1: Identificacion | B1: ID Regional | C1: Regional | D1: ID Centro | E1: Centro | F1: Tipo Labor | G1: No. de Contrato | H1: Calidad PSP | I1: Fecha de Suscripción | J1: Objeto | K1: ID Modo Selección | L1: Modo Selección | M1: ID Clase Contrato | N1: Clase Contrato | O1: ID SECOP | P1: SECOP | Q1: Valor Inicial | R1: ID Naturaleza | S1: Naturaleza | T1: ID Tipo de Identificación | U1: Tipo de Identificación | V1: No. de Identificación | W1: NIT | X1: Digito de Verificación | Y1: Nombre de Contratista | Z1: ID Tipo de Garantia | AA1: Tipo de Garantia | AB1: ID Garantia Riesgo Asegurado | AC1: Garantia Riesgo Asegurado | AD1: Garantia Fecha Expedición | AE1: Garantia Fecha Inicio | AF1: Garantia Fecha Fin | AG1: Garantia ID Entidad Aseguradora | AH1: Garantia Entidad Aseguradora | AI1: Garantia Porcentaje Asegurado | AJ1: Garantia Valor Asegurado | AK1: No. de Garantía | AL1: ID Tipo Seguimiento | AM1: Tipo Seguimiento | AN1: Supervisor ID Tipo de Identificación | AO1: Supervisor Tipo de Identificación | AP1: Supervisor No. de Identificación | AQ1: Supervisor NIT | AR1: Supervisor Digito de Verificación | AS1: Supervisor Nombre | AT1: Fecha de Inicio | AU1: Fecha de Fin | AV1: Tipo de Riesgo (ARL) | AW1: Rubro Presupuestal | AX1: Recurso Presupuestal | AY1: ID Tipo Documento Contractual | AZ1: Tipo Documento Contractual | BA1: No. CDP | BB1: ID Medio de Pago | BC1: Medio de Pago | BD1: ID Dependencia | BE1: Dependencia | BF1: Ordenador No. de Identificacion | BG1: Ordenador Nombre | BH1: Forma de Pago | BI1: Valor Mensual | BJ1: Valor Hora | BK1: No. SIIF | BL1: Vigencia | BM1: Estado
A2: 84084385 | B2: 5 | C2: REGIONAL ANTIOQUIA | D2: 940210 | E2: CENTRO DE SERVICIOS Y GESTION EMPRESARIAL | F2: ADMINISTRATIVO | G2: 5741551 | H2: TITULO DE TECNOLOGO | I2: 45306 | J2: SERVICIOS PERSONALES - PRESTAR SERVICIOS PROFESIONALES PARA EL SEGUIMIENTO FINANCIERO Y EJECUCIÓN PRESUPUESTAL DEL CENTRO DE SERVICIOS Y GESTIÓN EMPRESARIAL | K2: 2 | L2: CONTRATACIÓN DIRECTA | M2: 14 | N2: PRESTACIÓN DE SERVICIOS | O2: 80111600 | P2: CÓD. 80111600 - SERVICIOS DE PERSONAL TEMPORAL | Q2: 55466667 | R2: 1 | S2: PERSONA NATURAL | T2: 3 | U2: Cédula de Ciudadanía | V2: 84084385 | W2: 84084385-6 | X2: 6 | Y2: LUIS AUGUSTO SOCARRAZ BERTY | Z2: 1 | AA2: PÓLIZA | AB2: 2 | AC2: CUMPLIMIENTO | AD2: 45306 | AE2: 45306 | AF2: 45736 | AG2: 42 | AH2: SEGUROS DEL ESTADO S.A. | AI2: 10 | AJ2: 5200000 | AK2: 65-46-101041237 | AL2: 2 | AM2: SUPERVISOR | AN2: 3 | AO2: Cédula de Ciudadanía | AP2: 43800610 | AQ2: 43800610-2 | AR2: 2 | AS2: MONICA ALEXANDRA ARROYAVE SALDARRIAGA | AT2: 45306 | AU2: 45630 | AV2: I | AW2: C-3603-1300-15-20305C-3603025-02 | AX2: 10 | AY2: CTO | AZ2: CONTRATO | BA2: 124 | BB2: AC | BC2: ABONO EN CUENTA | BD2: 940210 | BE2: CENTRO DE SERVICIOS Y GESTION EMPRESARIAL - ANTIOQUIA | BF2: 98647487 | BG2: JORGE HERNAN VELEZ GALLEGO | BH2: M | BI2: 5200000 | BJ2: 0 | BK2: 124 | BL2: 2024 | BM2: ACTIVO
A3: 1214733169 | B3: 5 | C3: REGIONAL ANTIOQUIA | D3: 940210 | E3: CENTRO DE SERVICIOS Y GESTION EMPRESARIAL | F3: ADMINISTRATIVO | G3: 5741743 | H3: TITULO DE TECNOLOGO | I3: 45306 | J3: SERVICIOS PERSONALES - PRESTAR SERVICIOS COMO APOYO A LA GESTIÓN ADMINISTRATIVA Y DOCUMENTAL DEL CENTRO DE SERVICIOS Y GESTIÓN EMPRESARIAL | K3: 2 | L3: CONTRATACIÓN DIRECTA | M3: 14 | N3: PRESTACIÓN DE SERVICIOS | O3: 80111600 | P3: CÓD. 80111600 - SERVICIOS DE PERSONAL TEMPORAL | Q3: 37950000 | R3: 1 | S3: PERSONA NATURAL | T3: 3 | U3: Cédula de Ciudadanía | V3: 1214733169 | W3: 1214733169-9 | X3: 9 | Y3: YORLEIDYS LOPEZ ROJO | Z3: 1 | AA3: PÓLIZA | AB3: 2 | AC3: CUMPLIMIENTO | AD3: 45306 | AE3: 45306 | AF3: 45767 | AG3: 42 | AH3: SEGUROS DEL ESTADO S.A. | AI3: 10 | AJ3: 3795000 | AK3: 65-46-101041234 | AL3: 2 | AM3: SUPERVISOR | AN3: 3 | AO3: Cédula de Ciudadanía | AP3: 43800610 | AQ3: 43800610-2 | AR3: 2 | AS3: MONICA ALEXANDRA ARROYAVE SALDARRIAGA | AT3: 45306 | AU3: 45640 | AV3: I | AW3: C-3603-1300-15-20305C-3603025-02 | AX3: 10 | AY3: CTO | AZ3: CONTRATO | BA3: 124 | BB3: AC | BC3: ABONO EN CUENTA | BD3: 940210 | BE3: CENTRO DE SERVICIOS Y GESTION EMPRESARIAL - ANTIOQUIA | BF3: 98647487 | BG3: JORGE HERNAN VELEZ GALLEGO | BH3: M | BI3: 3450000 | BJ3: 0 | BK3: 224 | BL3: 2024 | BM3: ACTIVO
A4: 32299610 | B4: 5 | C4: REGIONAL ANTIOQUIA | D4: 940210 | E4: CENTRO DE SERVICIOS Y GESTION EMPRESARIAL | F4: ADMINISTRATIVO | G4: 5746853 | H4: TITULO DE TECNOLOGO | I4: 45307 | J4: SERVICIOS PERSONALES - PRESTAR SERVICIOS PERSONALES PARA APOYAR EN LA GESTIÓN CONTRACTUAL DEL CENTRO DE SERVICIOS Y GESTIÓN EMPRESARIAL | K4: 2 | L4: CONTRATACIÓN DIRECTA | M4: 14 | N4: PRESTACIÓN DE SERVICIOS | O4: 80111600 | P4: CÓD. 80111600 - SERVICIOS DE PERSONAL TEMPORAL | Q4: 33982500 | R4: 1 | S4: PERSONA NATURAL | T4: 3 | U4: Cédula de Ciudadanía | V4: 32299610 | W4: 32299610-3 | X4: 3 | Y4: LEIDI YOHANA GARZON CARDONA | Z4: 1 | AA4: PÓLIZA | AB4: 2 | AC4: CUMPLIMIENTO | AD4: 45307 | AE4: 45307 | AF4: 45736 | AG4: 42 | AH4: SEGUROS DEL ESTADO S.A. | AI4: 10 | AJ4: 2955000 | AK4: 65-46-101041307 | AL4: 2 | AM4: SUPERVISOR | AN4: 3 | AO4: Cédula de Ciudadanía | AP4: 43800610 | AQ4: 43800610-2 | AR4: 2 | AS4: MONICA ALEXANDRA ARROYAVE SALDARRIAGA | AT4: 45307 | AU4: 45656 | AV4: I | AW4: C-3603-1300-15-20305C-3603025-02 | AX4: 10 | AY4: CTO | AZ4: CONTRATO | BA4: 124 | BB4: AC | BC4: ABONO EN CUENTA | BD4: 940210 | BE4: CENTRO DE SERVICIOS Y GESTION EMPRESARIAL - ANTIOQUIA | BF4: 98647487 | BG4: JORGE HERNAN VELEZ GALLEGO | BH4: M | BI4: 2955000 | BJ4: 0 | BK4: 424 | BL4: 2024 | BM4: ACTIVO
A5: 1128419863 | B5: 5 | C5: REGIONAL ANTIOQUIA | D5: 940210 | E5: CENTRO DE SERVICIOS Y GESTION EMPRESARIAL | F5: ADMINISTRATIVO | G5: 5746863 | H5: TITULO DE TECNOLOGO | I5: 45307 | J5: SERVICIOS PERSONALES - PRESTAR SERVICIOS PROFESIONALES PARA APOYAR LA DIRECCIÓN, CONTROL Y EVALUACIÓN DE LAS ACCIONES MEDIANTE ALIANZAS DE CONVENIOS CON INSTITUCIONES EDUCATIVAS DE LA MEDIA. | K5: 2 | L5: CONTRATACIÓN DIRECTA | M5: 14 | N5: PRESTACIÓN DE SERVICIOS | O5: 80111600 | P5: CÓD. 80111600 - SERVICIOS DE PERSONAL TEMPORAL | Q5: 52159699 | R5: 1 | S5: PERSONA NATURAL | T5: 3 | U5: Cédula de Ciudadanía | V5: 1128419863 | W5: 1128419863-5 | X5: 5 | Y5: LEIDY JOHANNA GUERRA ACEVEDO | Z5: 1 | AA5: PÓLIZA | AB5: 2 | AC5: CUMPLIMIENTO | AD5: 45307 | AE5: 45307 | AF5: 45782 | AG5: 42 | AH5: SEGUROS DEL ESTADO S.A. | AI5: 10 | AJ5: 5215969 | AK5: 65-46-101041279 | AL5: 2 | AM5: SUPERVISOR | AN5: 3 | AO5: Cédula de Ciudadanía | AP5: 1038095472 | AQ5: 1038095472-1 | AR5: 1 | AS5: LUZ MERY RUIZ MEJIA | AT5: 45307 | AU5: 45656 | AV5: I | AW5: C-3603-1300-15-20305C-3603025-02 | AX5: 10 | AY5: CTO | AZ5: CONTRATO | BA5: 224 | BB5: AC | BC5: ABONO EN CUENTA | BD5: 940210 | BE5: CENTRO DE SERVICIOS Y GESTION EMPRESARIAL - ANTIOQUIA | BF5: 98647487 | BG5: JORGE HERNAN VELEZ GALLEGO | BH5: M | BI5: 4535626 | BJ5: 0 | BK5: 324 | BL5: 2024 | BM5: ACTIVO
A6: 43633863 | B6: 5 | C6: REGIONAL ANTIOQUIA | D6: 940210 | E6: CENTRO DE SERVICIOS Y GESTION EMPRESARIAL | F6: ADMINISTRATIVO | G6: 5746984 | H6: TITULO DE TECNOLOGO | I6: 45307 | J6: SERVICIOS PERSONALES - PRESTAR SERVICIOS PROFESIONALES PARA LA GESTIÓN EN LA COORDINACIÓN ACADÉMICA COMO APOYO A LA SUPERVISIÓN DE LOS CONTRATOS DE SERVICIOS PERSONALES | K6: 2 | L6: CONTRATACIÓN DIRECTA | M6: 14 | N6: PRESTACIÓN DE SERVICIOS | O6: 80111600 | P6: CÓD. 80111600 - SERVICIOS DE PERSONAL TEMPORAL | Q6: 35586667 | R6: 1 | S6: PERSONA NATURAL | T6: 3 | U6: Cédula de Ciudadanía | V6: 43633863 | W6: 43633863-2 | X6: 2 | Y6: LINA MARCELA CARDONA OSSA | Z6: 1 | AA6: PÓLIZA | AB6: 2 | AC6: CUMPLIMIENTO | AD6: 45307 | AE6: 45308 | AF6: 45767 | AG6: 42 | AH6: SEGUROS DEL ESTADO S.A. | AI6: 10 | AJ6: 3400000 | AK6: 65-46-101041296 | AL6: 2 | AM6: SUPERVISOR | AN6: 3 | AO6: Cédula de Ciudadanía | AP6: 88265552 | AQ6: 88265552-1 | AR6: 1 | AS6: JHON JAIRO CASTRO MALDONADO | AT6: 45308 | AU6: 45626 | AV6: I | AW6: C-3603-1300-15-20305C-3603025-02 | AX6: 10 | AY6: CTO | AZ6: CONTRATO | BA6: 124 | BB6: AC | BC6: ABONO EN CUENTA | BD6: 940210 | BE6: CENTRO DE SERVICIOS Y GESTION EMPRESARIAL - ANTIOQUIA | BF6: 98647487 | BG6: JORGE HERNAN VELEZ GALLEGO | BH6: M | BI6: 3400000 | BJ6: 0 | BK6: 724 | BL6: 2024 | BM6: ACTIVO
A7: 1036603200 | B7: 5 | C7: REGIONAL ANTIOQUIA | D7: 940210 | E7: CENTRO DE SERVICIOS Y GESTION EMPRESARIAL | F7: ADMINISTRATIVO | G7: 5747039 | H7: TITULO DE TECNOLOGO | I7: 45307 | J7: SERVICIOS PERSONALES - PRESTAR SERVICIOS COMO APOYO A LA GESTIÓN EN LA COORDINACIÓN ACADÉMICA DEL CENTRO DE SERVICIOS Y GESTIÓN EMPRESARIAL PARA LOS PROCESOS ADMINISTRATIVOS Y ACADÉMICOS | K7: 2 | L7: CONTRATACIÓN DIRECTA | M7: 14 | N7: PRESTACIÓN DE SERVICIOS | O7: 80111600 | P7: CÓD. 80111600 - SERVICIOS DE PERSONAL TEMPORAL | Q7: 30929000 | R7: 1 | S7: PERSONA NATURAL | T7: 3 | U7: Cédula de Ciudadanía | V7: 1036603200 | W7: 1036603200-7 | X7: 7 | Y7: MARIBEL TORRES SANCHEZ | Z7: 1 | AA7: PÓLIZA | AB7: 2 | AC7: CUMPLIMIENTO | AD7: 45307 | AE7: 45307 | AF7: 45736 | AG7: 42 | AH7: SEGUROS DEL ESTADO S.A. | AI7: 10 | AJ7: 2955000 | AK7: 65-46-101041289 | AL7: 2 | AM7: SUPERVISOR | AN7: 3 | AO7: Cédula de Ciudadanía | AP7: 43610009 | AQ7: 43610009-1 | AR7: 1 | AS7: CLAUDIA MARIA LUJAN VILLEGAS | AT7: 45308 | AU7: 45626 | AV7: I | AW7: C-3603-1300-15-20305C-3603025-02 | AX7: 10 | AY7: CTO | AZ7: CONTRATO | BA7: 124 | BB7: AC | BC7: ABONO EN CUENTA | BD7: 940210 | BE7: CENTRO DE SERVICIOS Y GESTION EMPRESARIAL - ANTIOQUIA | BF7: 98647487 | BG7: JORGE HERNAN VELEZ GALLEGO | BH7: M | BI7: 2955000 | BJ7: 0 | BK7: 524 | BL7: 2024 | BM7: ACTIVO
A8: 1036632753 | B8: 5 | C8: REGIONAL ANTIOQUIA | D8: 940210 | E8: CENTRO DE SERVICIOS Y GESTION EMPRESARIAL | F8: ADMINISTRATIVO | G8: 5747211 | H8: TITULO DE TECNOLOGO | I8: 45307 | J8: SERVICIOS PERSONALES - PRESTAR SERVICIOS COMO APOYO EN LA GESTIÓN DE LAS TECNOLOGÍAS DE LA INFORMACIÓN Y LAS COMUNICACIONES DEL CENTRO DE SERVICIOS Y GESTIÓN EMPRESARIAL | K8: 2 | L8: CONTRATACIÓN DIRECTA | M8: 14 | N8: PRESTACIÓN DE SERVICIOS | O8: 80111600 | P8: CÓD. 80111600 - SERVICIOS DE PERSONAL TEMPORAL | Q8: 30000000 | R8: 1 | S8: PERSONA NATURAL | T8: 3 | U8: Cédula de Ciudadanía | V8: 1036632753 | W8: 1036632753-1 | X8: 1 | Y8: ESTEBAN GARCIA GARCIA | Z8: 1 | AA8: PÓLIZA | AB8: 2 | AC8: CUMPLIMIENTO | AD8: 45307 | AE8: 45308 | AF8: 45767 | AG8: 42 | AH8: SEGUROS DEL ESTADO S.A. | AI8: 10 | AJ8: 3000000 | AK8: 65-46-101041323 | AL8: 2 | AM8: SUPERVISOR | AN8: 3 | AO8: Cédula de Ciudadanía | AP8: 71184671 | AQ8: 71184671-1 | AR8: 1 | AS8: JORGE ELEAZAR CHALARCA BEDOYA | AT8: 45308 | AU8: 45396 | AV8: I | AW8: C-3603-1300-15-20305C-3603025-02 | AX8: 10 | AY8: CTO | AZ8: CONTRATO | BA8: 124 | BB8: AC | BC8: ABONO EN CUENTA | BD8: 940210 | BE8: CENTRO DE SERVICIOS Y GESTION EMPRESARIAL - ANTIOQUIA | BF8: 98647487 | BG8: JORGE HERNAN VELEZ GALLEGO | BH8: M | BI8: 3000000 | BJ8: 0 | BK8: 624 | BL8: 2024 | BM8: TERMINACIÓN ANTICIPADA
A9: 39450570 | B9: 5 | C9: REGIONAL ANTIOQUIA | D9: 940210 | E9: CENTRO DE SERVICIOS Y GESTION EMPRESARIAL | F9: ADMINISTRATIVO | G9: 5747426 | H9: TITULO DE TECNOLOGO | I9: 45307 | J9: SERVICIOS PERSONALES - PRESTAR SERVICIOS COMO APOYO A LA GESTIÓN DEL SISTEMA DE INFORMACIÓN ACADÉMICO | K9: 2 | L9: CONTRATACIÓN DIRECTA | M9: 14 | N9: PRESTACIÓN DE SERVICIOS | O9: 80111600 | P9: CÓD. 80111600 - SERVICIOS DE PERSONAL TEMPORAL | Q9: 30929000 | R9: 1 | S9: PERSONA NATURAL | T9: 3 | U9: Cédula de Ciudadanía | V9: 39450570 | W9: 39450570-9 | X9: 9 | Y9: NAIDU ARBELAEZ ORTIZ | Z9: 1 | AA9: PÓLIZA | AB9: 2 | AC9: CUMPLIMIENTO | AD9: 45307 | AE9: 45308 | AF9: 45736 | AG9: 42 | AH9: SEGUROS DEL ESTADO S.A. | AI9: 10 | AJ9: 2955000 | AK9: 65-46-101041346 | AL9: 2 | AM9: SUPERVISOR | AN9: 3 | AO9: Cédula de Ciudadanía | AP9: 43558230 | AQ9: 43558230-1 | AR9: 1 | AS9: MARTHA CECILIA ARISTIZABAL OSORIO | AT9: 45308 | AU9: 45626 | AV9: I | AW9: C-3603-1300-15-20305C-3603025-02 | AX9: 10 | AY9: CTO | AZ9: CONTRATO | BA9: 124 | BB9: AC | BC9: ABONO EN CUENTA | BD9: 940210 | BE9: CENTRO DE SERVICIOS Y GESTION EMPRESARIAL - ANTIOQUIA | BF9: 98647487 | BG9: JORGE HERNAN VELEZ GALLEGO | BH9: M | BI9: 2955000 | BJ9: 0 | BK9: 824 | BL9: 2024 | BM9: ACTIVO
A10: 1037974087 | B10: 5 | C10: REGIONAL ANTIOQUIA | D10: 940210 | E10: CENTRO DE SERVICIOS Y GESTION EMPRESARIAL | F10: ADMINISTRATIVO | G10: 5748879 | H10: TITULO DE TECNOLOGO | I10: 45308 | J10: SERVICIOS PERSONALES - PRESTAR SERVICIOS COMO APOYO A LA GESTIÓN DEL SISTEMA DE INFORMACIÓN ACADÉMICO | K10: 2 | L10: CONTRATACIÓN DIRECTA | M10: 14 | N10: PRESTACIÓN DE SERVICIOS | O10: 80111600 | P10: CÓD. 80111600 - SERVICIOS DE PERSONAL TEMPORAL | Q10: 30929000 | R10: 1 | S10: PERSONA NATURAL | T10: 3 | U10: Cédula de Ciudadanía | V10: 1037974087 | W10: 1037974087-5 | X10: 5 | Y10: JESUS DAVID TORRES VALENCIA | Z10: 1 | AA10: PÓLIZA | AB10: 2 | AC10: CUMPLIMIENTO | AD10: 45308 | AE10: 45308 | AF10: 45732 | AG10: 43 | AH10: SEGUROS GENERALES SURAMERICANA S.A. | AI10: 10 | AJ10: 2955000 | AK10: 3825383-8 | AL10: 2 | AM10: SUPERVISOR | AN10: 3 | AO10: Cédula de Ciudadanía | AP10: 43558230 | AQ10: 43558230-1 | AR10: 1 | AS10: MARTHA CECILIA ARISTIZABAL OSORIO | AT10: 45308 | AU10: 45626 | AV10: I | AW10: C-3603-1300-15-20305C-3603025-02 | AX10: 10 | AY10: CTO | AZ10: CONTRATO | BA10: 124 | BB10: AC | BC10: ABONO EN CUENTA | BD10: 940210 | BE10: CENTRO DE SERVICIOS Y GESTION EMPRESARIAL - ANTIOQUIA | BF10: 98647487 | BG10: JORGE HERNAN VELEZ GALLEGO | BH10: M | BI10: 2955000 | BJ10: 0 | BK10: 1124 | BL10: 2024 | BM10: ACTIVO
A11: 43613240 | B11: 5 | C11: REGIONAL ANTIOQUIA | D11: 940210 | E11: CENTRO DE SERVICIOS Y GESTION EMPRESARIAL | F11: ADMINISTRATIVO | G11: 5749730 | H11: TITULO DE TECNOLOGO | I11: 45308 | J11: SERVICIOS PERSONALES - PRESTAR LOS SERVICIOS PROFESIONALES PARA CONTRIBUIR EN EL DESARROLLO DE ACCIONES DE ORIENTACIÓN OCUPACIONAL, E INTERMEDIACIÓN LABORAL A LA POBLACIÓN VÍCTIMA DE LA VIOLENCIA Y VULNERABLE. | K11: 2 | L11: CONTRATACIÓN DIRECTA | M11: 14 | N11: PRESTACIÓN DE SERVICIOS | O11: 80111600 | P11: CÓD. 80111600 - SERVICIOS DE PERSONAL TEMPORAL | Q11: 47334000 | R11: 1 | S11: PERSONA NATURAL | T11: 3 | U11: Cédula de Ciudadanía | V11: 43613240 | W11: 43613240-9 | X11: 9 | Y11: MARIA CLARA GUTIERREZ MORENO | Z11: 1 | AA11: PÓLIZA | AB11: 2 | AC11: CUMPLIMIENTO | AD11: 45308 | AE11: 45308 | AF11: 45782 | AG11: 42 | AH11: SEGUROS DEL ESTADO S.A. | AI11: 10 | AJ11: 4733400 | AK11: 65-46-101041363 | AL11: 2 | AM11: SUPERVISOR | AN11: 3 | AO11: Cédula de Ciudadanía | AP11: 15621659 | AQ11: 15621659-2 | AR11: 2 | AS11: JOAO CARLOS LACAYO CASTRO | AT11: 45308 | AU11: 45656 | AV11: I | AW11: C-3602-1300-11-20305C-3602036-02 | AX11: 10 | AY11: CTO | AZ11: CONTRATO | BA11: 324 | BB11: AC | BC11: ABONO EN CUENTA | BD11: 940210 | BE11: CENTRO DE SERVICIOS Y GESTION EMPRESARIAL - ANTIOQUIA | BF11: 98647487 | BG11: JORGE HERNAN VELEZ GALLEGO | BH11: M | BI11: 4116000 | BJ11: 0 | BK11: 924 | BL11: 2024 | BM11: ACTIVO
A12: 43521125 | B12: 5 | C12: REGIONAL ANTIOQUIA | D12: 940210 | E12: CENTRO DE SERVICIOS Y GESTION EMPRESARIAL | F12: ADMINISTRATIVO | G12: 5749747 | H12: TITULO DE TECNOLOGO | I12: 45308 | J12: SERVICIOS PERSONALES - PRESTAR LOS SERVICIOS PROFESIONALES PARA CONTRIBUIR EN EL DESARROLLO DE ACCIONES DE ORIENTACIÓN OCUPACIONAL, E INTERMEDIACIÓN LABORAL A LA POBLACIÓN VÍCTIMA DE LA VIOLENCIA Y VULNERABLE. | K12: 2 | L12: CONTRATACIÓN DIRECTA | M12: 14 | N12: PRESTACIÓN DE SERVICIOS | O12: 80111600 | P12: CÓD. 80111600 - SERVICIOS DE PERSONAL TEMPORAL | Q12: 47334000 | R12: 1 | S12: PERSONA NATURAL | T12: 3 | U12: Cédula de Ciudadanía | V12: 43521125 | W12: 43521125-4 | X12: 4 | Y12: MONICA EYDER ZAPATA GARCIA | Z12: 1 | AA12: PÓLIZA | AB12: 2 | AC12: CUMPLIMIENTO | AD12: 45308 | AE12: 45308 | AF12: 45782 | AG12: 42 | AH12: SEGUROS DEL ESTADO S.A. | AI12: 10 | AJ12: 4733400 | AK12: 65-46-101041362 | AL12: 2 | AM12: SUPERVISOR | AN12: 3 | AO12: Cédula de Ciudadanía | AP12: 15621659 | AQ12: 15621659-2 | AR12: 2 | AS12: JOAO CARLOS LACAYO CASTRO | AT12: 45308 | AU12: 45656 | AV12: I | AW12: C-3602-1300-11-20305C-3602036-02 | AX12: 10 | AY12: CTO | AZ12: CONTRATO | BA12: 324 | BB12: AC | BC12: ABONO EN CUENTA | BD12: 940210 | BE12: CENTRO DE SERVICIOS Y GESTION EMPRESARIAL - ANTIOQUIA | BF12: 98647487 | BG12: JORGE HERNAN VELEZ GALLEGO | BH12: M | BI12: 4116000 | BJ12: 0 | BK12: 1024 | BL12: 2024 | BM12: ACTIVO
A13: 1148697238 | B13: 5 | C13: REGIONAL ANTIOQUIA | D13: 940210 | E13: CENTRO DE SERVICIOS Y GESTION EMPRESARIAL | F13: ADMINISTRATIVO | G13: 5750536 | H13: TITULO DE TECNOLOGO | I13: 45308 | J13: SERVICIOS PERSONALES - PRESTAR SERVICIOS COMO APOYO A LA GESTIÓN EN LOS PROCESOS DE ETAPA PRODUCTIVA, ATENCIÓN A EMPRESAS Y APRENDICES, ELABORACIÓN DE INFORMES Y MANEJO DE APLICATIVOS | K13: 2 | L13: CONTRATACIÓN DIRECTA | M13: 14 | N13: PRESTACIÓN DE SERVICIOS | O13: 80111600 | P13: CÓD. 80111600 - SERVICIOS DE PERSONAL TEMPORAL | Q13: 30929000 | R13: 1 | S13: PERSONA NATURAL | T13: 3 | U13: Cédula de Ciudadanía | V13: 1148697238 | W13: 1148697238-5 | X13: 5 | Y13: DEISY CAROLINA GARZON CARDONA | Z13: 1 | AA13: PÓLIZA | AB13: 2 | AC13: CUMPLIMIENTO | AD13: 45308 | AE13: 45308 | AF13: 45736 | AG13: 42 | AH13: SEGUROS DEL ESTADO S.A. | AI13: 10 | AJ13: 2955000 | AK13: 65-46-101041369 | AL13: 2 | AM13: SUPERVISOR | AN13: 3 | AO13: Cédula de Ciudadanía | AP13: 84040811 | AQ13: 84040811-3 | AR13: 3 | AS13: AQUILINO MANUEL CUELLO BRITTO | AT13: 45308 | AU13: 45626 | AV13: I | AW13: C-3603-1300-15-20305C-3603025-02 | AX13: 10 | AY13: CTO | AZ13: CONTRATO | BA13: 124 | BB13: AC | BC13: ABONO EN CUENTA | BD13: 940210 | BE13: CENTRO DE SERVICIOS Y GESTION EMPRESARIAL - ANTIOQUIA | BF13: 98647487 | BG13: JORGE HERNAN VELEZ GALLEGO | BH13: M | BI13: 2955000 | BJ13: 0 | BK13: 1224 | BL13: 2024 | BM13: ACTIVO
... A441: 71556543 | B441: 5 | C441: REGIONAL ANTIOQUIA | D441: 940210 | E441: CENTRO DE SERVICIOS Y GESTION EMPRESARIAL | F441: ADMINISTRATIVO | G441: 7019234 | H441: TITULO UNIVERSITARIO | I441: 45609 | J441: SERVICIOS PERSONALES - PRESTAR LOS SERVICIOS PROFESIONALES, EN LA EVALUACIÓN Y CERTIFICACIÓN DE COMPETENCIAS LABORALES DEL SENA, Y CONSTRUCCIÓN Y REVISIÓN DE INSTRUMENTOS DE EVALUACIÓN, EN LAS FUNCIONES PRODUCTIVAS O ÁREAS CLAVE DE GESTIÓN ADMINISTR | K441: 2 | L441: CONTRATACIÓN DIRECTA | M441: 14 | N441: PRESTACIÓN DE SERVICIOS | O441: 80111600 | P441: CÓD. 80111600 - SERVICIOS DE PERSONAL TEMPORAL | Q441: 7363333 | R441: 1 | S441: PERSONA NATURAL | T441: 3 | U441: Cédula de Ciudadanía | V441: 71556543 | W441: 71556543-2 | X441: 2 | Y441: JUAN DAVID JARAMILLO ZULUAGA | Z441: 1 | AA441: PÓLIZA | AB441: 2 | AC441: CUMPLIMIENTO | AD441: 45610 | AE441: 45610 | AF441: 45787 | AG441: 14 | AH441: COMPAÑÍA MUNDIAL DE SEGUROS S.A. | AI441: 10 | AJ441: 736333 | AK441: M-100246758 | AL441: 2 | AM441: SUPERVISOR | AN441: 3 | AO441: Cédula de Ciudadanía | AP441: 10108531 | AQ441: 10108531-1 | AR441: 1 | AS441: LUIS HERNAN OCAMPO HINCAPIE | AT441: 45610 | AU441: 45656 | AV441: I | AW441: C-3603-1300-17-20305C-3603005-02 | AX441: 10 | AY441: CTO | AZ441: CONTRATO | BA441: 724 | BB441: AC | BC441: ABONO EN CUENTA | BD441: 940210 | BE441: CENTRO DE SERVICIOS Y GESTION EMPRESARIAL - ANTIOQUIA | BF441: 98647487 | BG441: JORGE HERNAN VELEZ GALLEGO | BH441: M | BI441: 4700000 | BJ441: 0 | BK441: 139924 | BL441: 2024 | BM441: ACTIVO
A442: 1 | B442: 2 | C442: 3 | D442: 4 | E442: 5 | F442: 6 | G442: 7 | H442: 8 | I442: 9 | J442: 10 | K442: 11 | L442: 12 | M442: 13 | N442: 14 | O442: 15 | P442: 16 | Q442: 17 | R442: 18 | S442: 19 | T442: 20 | U442: 21 | V442: 22 | W442: 23 | X442: 24 | Y442: 25 | Z442: 26 | AA442: 27 | AB442: 28 | AC442: 29 | AD442: 30 | AE442: 31 | AF442: 32 | AG442: 33 | AH442: 34 | AI442: 35 | AJ442: 36 | AK442: 37 | AL442: 38 | AM442: 39 | AN442: 40 | AO442: 41 | AP442: 42 | AQ442: 43 | AR442: 44 | AS442: 45 | AT442: 46 | AU442: 47 | AV442: 48 | AW442: 49 | AX442: 50 | AY442: 51 | AZ442: 52 | BA442: 53 | BB442: 54 | BC442: 55 | BD442: 56 | BE442: 57 | BF442: 58 | BG442: 59 | BH442: 60 | BI442: 61 | BJ442: 62 | BK442: 63 | BL442: 64 | BM442: 65
A443: 1 | B443: 2 | C443: 3 | D443: 4 | E443: 5 | F443: 6 | G443: 7 | H443: 8 | I443: 9 | J443: 10 | K443: 11 | L443: 12 | M443: 13 | N443: 14 | O443: 15 | P443: 16 | Q443: 17 | R443: 18 | S443: 19 | T443: 20 | U443: 21 | V443: 22 | W443: 23 | X443: 24 | Y443: 25 | Z443: 26 | AA443: 27 | AB443: 28 | AC443: 29 | AD443: 30 | AE443: 31 | AF443: 32 | AG443: 33 | AH443: 34 | AI443: 35 | AJ443: 36 | AK443: 37 | AL443: 38 | AM443: 39 | AN443: 40 | AO443: 41 | AP443: 42 | AQ443: 43 | AR443: 44 | AS443: 45 | AT443: 46 | AU443: 47 | AV443: 48 | AW443: 49 | AX443: 50 | AY443: 51 | AZ443: 52 | BA443: 53 | BB443: 54 | BC443: 55 | BD443: 56 | BE443: 57 | BF443: 58 | BG443: 59 | BH443: 60 | BI443: 61 | BJ443: 62 | BK443: 63 | BL443: 64 | BM443: 65
